Workbook
Name ADMON_LOG_COSTO_VENTAS: ADMON_LOG_PYG2021_LOGISTICA!$H$26:$H$191
Name ADMON_LOG_GANACIAS_PERDIDAS: ADMON_LOG_PYG2021_LOGISTICA!$R$26:$R$191
Name ADMON_LOG_GASTOS_OPERACIONALES_ADMIN: ADMON_LOG_PYG2021_LOGISTICA!$J$26:$J$191
Name ADMON_LOG_GASTOS_OPERACIONALES_VENTAS: ADMON_LOG_PYG2021_LOGISTICA!$K$26:$K$191
Name ADMON_LOG_INGRESOS_OPERACIONALES: ADMON_LOG_PYG2021_LOGISTICA!$H$26:$H$191
Name ADMON_LOG_PORCENTAJE_ADMON: ADMON_LOG_PYG2021_LOGISTICA!$S$26:$S$191
Name ADMON_LOG_PORCENTAJE_UTILIDAD: ADMON_LOG_PYG2021_LOGISTICA!$T$26:$T$191
Name BS_Codigo_Dane: BS_BASE_SUMINISTRO_x_GRADO!$P$14:$P$2010
Name BS_Jornada_Entrega: BS_BASE_SUMINISTRO_x_GRADO!$W$14:$W$2010
Name BS_Modalidad_Entrega: BS_BASE_SUMINISTRO_x_GRADO!$J$14:$J$2010
Name BS_Segmento_Logistico: BS_BASE_SUMINISTRO_x_GRADO!$G$14:$G$2010
Name BS_Tipo_A: BS_BASE_SUMINISTRO_x_GRADO!$AX$14:$AX$2010
Name BS_Tipo_A_Proyectado: BS_BASE_SUMINISTRO_x_GRADO!$BM$14:$BM$2010
Name BS_Tipo_B: BS_BASE_SUMINISTRO_x_GRADO!$AY$14:$AY$2010
Name BS_Tipo_B_Proyectado: BS_BASE_SUMINISTRO_x_GRADO!$BN$14:$BN$2010
Name BS_Tipo_C: BS_BASE_SUMINISTRO_x_GRADO!$AZ$14:$AZ$2010
Name BS_Tipo_C_Proyectado: BS_BASE_SUMINISTRO_x_GRADO!$BO$14:$BO$2010
Name BS_Tipo_D: BS_BASE_SUMINISTRO_x_GRADO!$BA$14:$BA$2010
Name BS_Tipo_D_Proyectado: BS_BASE_SUMINISTRO_x_GRADO!$BP$14:$BP$2010
Name BS_Tipo_Entrega: BS_BASE_SUMINISTRO_x_GRADO!$L$14:$L$2010
Name BS_Tipo_N: BS_BASE_SUMINISTRO_x_GRADO!$BB$14:$BB$2010
Name BS_Tipo_N_Proyectado: BS_BASE_SUMINISTRO_x_GRADO!$BQ$14:$BQ$2010
Name BS_Total_Suministro: BS_BASE_SUMINISTRO_x_GRADO!$BC$14:$BC$2010
Name BS_Total_Suministro_Proyectado: BS_BASE_SUMINISTRO_x_GRADO!$BR$14:$BR$2010
Name CAL_DIAS_SUMINISTRO: CAL_CALENDARIO_CICLOS!$H$14:$H$640
Name CAL_FECHA_SUMINISTRO: CAL_CALENDARIO_CICLOS!$B$14:$B$640
Name COT_CODIGO_ALIMENTOS: COT_BASE_COTIZACIONES!$G$10:$G$263
Name COT_COTIZACIONES_TOTAL: COT_BASE_COTIZACIONES!$G$10:$S$263
Name COT_PRE_CODIGO_ALIMENTOS: COT_PRECALCULOS!$B$12:$B$38
Name COT_PRE_ESTADISTICOS: COT_PRECALCULOS!$P$2:$P$7
Name COT_VALOR_UNITARIO_CONIVA: COT_BASE_COTIZACIONES!$S$10:$S$263
Name COT_VALOR_UNITARIO_SINIVA: COT_BASE_COTIZACIONES!$R$10:$R$263
Name COT_VR_UNITARIO: COT_PRECALCULOS!$B$12:$O$38
Name Ensamble_Bolsatinas_Frio: 'Ensamble ProductoT'!$T$13:$T$224
Name Ensamble_Bolsatinas_Seco: 'Ensamble ProductoT'!$U$13:$U$224
Name Ensamble_Canastillas_Frio: 'Ensamble ProductoT'!$R$13:$R$224
Name Ensamble_Canastillas_Seco: 'Ensamble ProductoT'!$S$13:$S$224
Name Ensamble_Categoria: 'Ensamble ProductoT'!$D$13:$D$224
Name Ensamble_Menu: 'Ensamble ProductoT'!$C$13:$C$224
Name Ensamble_Tipo_Entrega: 'Ensamble ProductoT'!$B$13:$B$224

Sheet INDICE_ MODELO
A2: SECRETARÍA DE EDUCACIÓN DEL DISTRITO
A3: DIRECCIÓN DE BIENESTAR ESTUDIANTIL
A4: PROGRAMA DE ALIMENTACIÓN ESCOLAR
A6: ÍNDICE MODELO DE COSTOS REFRIGERIOS - OPERACIÓN LOGÍSTICA
D9: Descripción breve del contenido de cada Tabla
B10: 1 | C10: RES_RESUMEN_PRESUPUESTO GRUPOS | E10: Muestra el resumen del presupuesto estimado para la Vigencia 2023 - 2024 (Incluye Primera y Segunda Entrega).
B11: 2 | C11: DATOS VARIACIÓN | E11: En esta hoja se consolidaron los indicadores de precios y variaciones mensuales del IPC, publicados por el DANE, de los últimos 6 años.
B12: 3 | C12: COT_BASE_COTIZACIONES | E12: Documenta los registros de cotización recibidos durante la ejecución del estudio de costos 2022.
B13: 4 | C13: COT_PRECALCULOS | E13: Refleja para cada uno de los componentes del costo (transporte, equipos de medición, dotación, empaques, recursos humano etc.) cotizados, el cálculo del valor unitario conforme las cotizaciones recibidas y existentes en la tabla COT_BASE_COTIZACIONES.
B14: 5 | C14: ADMON_LOG_PYG2018_LOGISTICA | E14: En esta tabla se realizan los cálculos que permiten obtener el porcentaje de gasto administrativo y porcentaje de utilidad relacionados con el sector de logística de distribución de alimentos.
B15: 7 | C15: COSTPE_L_LOGISTICA | E15: En esta hoja de cálculo se consolidan todos los elementos del costo de operación logística para determinar el valor unitario a reconocer por cada entrega logística verificada en Instituciones educativas. Aplica para los suministros de Primera Entrega.
B16: 9 | C16: COSTSE_L_LOGISTICA | E16: En esta hoja de cálculo se consolidan todos los elementos del costo de operación logística para determinar el valor unitario a reconocer por cada entrega logística verificada en Instituciones educativas. Aplica para los suministros de Primera Entrega.
B17: 10 | C17: TRANS_TRANSPORTE | E17: En esta tabla se efectúan cálculos para determinar el costo unitario del transporte para los suministros.
B18: 12 | C18: TH_RECURSO_HUMANO | E18: A partir del estándar de recurso humano definido para la operación logística, se determina el costo total del th requerido en la operación logística para la primera y segunda entrega.
B19: 13 | C19: DOT_DOTACION_PERSONAL | E19: Realiza los cálculos del costos total de dotación de personal en función del estándar de TH definido en la tabla TH_RECURSO_HUMANO
B20: 14 | C20: EMP_EMPAQUES | E20: Se calculan los costos asociados a empaques secundarios, bolsatinas y cucharas de acuerdo a los volúmenes definidos en el anexo técnico de refrigerios.
B21: 15 | C21: LAB_LABORATORIOS | E21: Consolida los costos relacionados con el plan de tomas de muestra de laboratorios definidos en el anexo técnico de refrigerios.
... B23: 20 | C23: BASE DE SUMINISTRO PROYECTADA | E23: Esta hoja contiene, datos sobre las entregas planificadas durante la ejecución de contrato, detalla para cada entrega el colegio, sede, segmento, localidad.

Sheet RES_RESUMEN_PRESUPUESTO_GRUPOS
B2: Ir a Índice
A3: SECRETARÍA DE EDUCACIÓN DEL DISTRITO
A4: DIRECCIÓN DE BIENESTAR ESTUDIANTIL
A5: PROGRAMA DE ALIMENTACIÓN ESCOLAR
A8: RESUMEN PRESUPUESTO PAE 2023 / 2024 - OPERACIÓN LOGÍSTICA POR SEGMENTO
B10: Segmento | C10: Entregas Tipo A Proyectadas | D10: Entregas Tipo B Proyectadas | E10: Entregas Tipo C Proyectadas | F10: Entregas Tipo D Proyectadas | G10: Entregas Tipo N Proyectadas | H10: Total Entregas | I10: Valor Unitario Entrega Logistica | J10: Valor Total Operación Logistica x Segmento
B11: 1 | C11: {=SUM(SUM((BS_Segmento_Logistico=B11)*BS_Tipo_A_Proyectado))} -> 1920155 | D11: {=SUM((BS_Segmento_Logistico=B11)*BS_Tipo_B_Proyectado)} -> 6460041 | E11: {=SUM((BS_Segmento_Logistico=B11)*BS_Tipo_C_Proyectado)} -> 6582580 | F11: {=SUM((BS_Segmento_Logistico=B11)*BS_Tipo_D_Proyectado)} -> 4779304 | G11: {=SUM((BS_Segmento_Logistico=B11)*BS_Tipo_N_Proyectado)} -> 342996 | H11: =SUM(C11:G11) -> 20085076 | I11: =COSTO_OP_LOGISTICA!$H$57 -> 450.64831 | J11: =+H11*I11 -> 9.0513056e+09
B12: 2 | C12: {=SUM(SUM((BS_Segmento_Logistico=B12)*BS_Tipo_A_Proyectado))} -> 2045524 | D12: {=SUM((BS_Segmento_Logistico=B12)*BS_Tipo_B_Proyectado)} -> 6421270 | E12: {=SUM((BS_Segmento_Logistico=B12)*BS_Tipo_C_Proyectado)} -> 6865014 | F12: {=SUM((BS_Segmento_Logistico=B12)*BS_Tipo_D_Proyectado)} -> 4901843 | G12: {=SUM((BS_Segmento_Logistico=B12)*BS_Tipo_N_Proyectado)} -> 400728 | H12: =SUM(C12:G12) -> 20634379 | I12: =COSTO_OP_LOGISTICA!$H$57 -> 450.64831 | J12: =+H12*I12 -> 9.2988481e+09
B13: 3 | C13: {=SUM(SUM((BS_Segmento_Logistico=B13)*BS_Tipo_A_Proyectado))} -> 1563575 | D13: {=SUM((BS_Segmento_Logistico=B13)*BS_Tipo_B_Proyectado)} -> 5354643 | E13: {=SUM((BS_Segmento_Logistico=B13)*BS_Tipo_C_Proyectado)} -> 6021674 | F13: {=SUM((BS_Segmento_Logistico=B13)*BS_Tipo_D_Proyectado)} -> 4234529 | G13: {=SUM((BS_Segmento_Logistico=B13)*BS_Tipo_N_Proyectado)} -> 312149 | H13: =SUM(C13:G13) -> 17486570 | I13: =COSTO_OP_LOGISTICA!$H$57 -> 450.64831 | J13: =+H13*I13 -> 7.8802933e+09
B14: 4 | C14: {=SUM(SUM((BS_Segmento_Logistico=B14)*BS_Tipo_A_Proyectado))} -> 1451507 | D14: {=SUM((BS_Segmento_Logistico=B14)*BS_Tipo_B_Proyectado)} -> 4809868 | E14: {=SUM((BS_Segmento_Logistico=B14)*BS_Tipo_C_Proyectado)} -> 5905644 | F14: {=SUM((BS_Segmento_Logistico=B14)*BS_Tipo_D_Proyectado)} -> 4394990 | G14: {=SUM((BS_Segmento_Logistico=B14)*BS_Tipo_N_Proyectado)} -> 416010 | H14: =SUM(C14:G14) -> 16978019 | I14: =COSTO_OP_LOGISTICA!$H$57 -> 450.64831 | J14: =+H14*I14 -> 7.6511156e+09
B15: 5 | C15: {=SUM(SUM((BS_Segmento_Logistico=B15)*BS_Tipo_A_Proyectado))} -> 2350032 | D15: {=SUM((BS_Segmento_Logistico=B15)*BS_Tipo_B_Proyectado)} -> 5700469 | E15: {=SUM((BS_Segmento_Logistico=B15)*BS_Tipo_C_Proyectado)} -> 6382499 | F15: {=SUM((BS_Segmento_Logistico=B15)*BS_Tipo_D_Proyectado)} -> 4528000 | G15: {=SUM((BS_Segmento_Logistico=B15)*BS_Tipo_N_Proyectado)} -> 188761 | H15: =SUM(C15:G15) -> 19149761 | I15: =COSTO_OP_LOGISTICA!$H$57 -> 450.64831 | J15: =+H15*I15 -> 8.6298075e+09
B16: 6 | C16: {=SUM(SUM((BS_Segmento_Logistico=B16)*BS_Tipo_A_Proyectado))} -> 1909967 | D16: {=SUM((BS_Segmento_Logistico=B16)*BS_Tipo_B_Proyectado)} -> 6080255 | E16: {=SUM((BS_Segmento_Logistico=B16)*BS_Tipo_C_Proyectado)} -> 7108677 | F16: {=SUM((BS_Segmento_Logistico=B16)*BS_Tipo_D_Proyectado)} -> 4782983 | G16: {=SUM((BS_Segmento_Logistico=B16)*BS_Tipo_N_Proyectado)} -> 453932 | H16: =SUM(C16:G16) -> 20335814 | I16: =COSTO_OP_LOGISTICA!$H$57 -> 450.64831 | J16: =+H16*I16 -> 9.1643003e+09
B17: 7 | C17: {=SUM(SUM((BS_Segmento_Logistico=B17)*BS_Tipo_A_Proyectado))} -> 2445969 | D17: {=SUM((BS_Segmento_Logistico=B17)*BS_Tipo_B_Proyectado)} -> 6258262 | E17: {=SUM((BS_Segmento_Logistico=B17)*BS_Tipo_C_Proyectado)} -> 6026202 | F17: {=SUM((BS_Segmento_Logistico=B17)*BS_Tipo_D_Proyectado)} -> 4502813 | G17: {=SUM((BS_Segmento_Logistico=B17)*BS_Tipo_N_Proyectado)} -> 429311 | H17: =SUM(C17:G17) -> 19662557 | I17: =COSTO_OP_LOGISTICA!$H$57 -> 450.64831 | J17: =+H17*I17 -> 8.8608981e+09
B18: 8 | C18: {=SUM(SUM((BS_Segmento_Logistico=B18)*BS_Tipo_A_Proyectado))} -> 1435093 | D18: {=SUM((BS_Segmento_Logistico=B18)*BS_Tipo_B_Proyectado)} -> 4384236 | E18: {=SUM((BS_Segmento_Logistico=B18)*BS_Tipo_C_Proyectado)} -> 4600165 | F18: {=SUM((BS_Segmento_Logistico=B18)*BS_Tipo_D_Proyectado)} -> 3546839 | G18: {=SUM((BS_Segmento_Logistico=B18)*BS_Tipo_N_Proyectado)} -> 326016 | H18: =SUM(C18:G18) -> 14292349 | I18: =COSTO_OP_LOGISTICA!$H$57 -> 450.64831 | J18: =+H18*I18 -> 6.440823e+09
B19: 9 | C19: {=SUM(SUM((BS_Segmento_Logistico=B19)*BS_Tipo_A_Proyectado))} -> 1674794 | D19: {=SUM((BS_Segmento_Logistico=B19)*BS_Tipo_B_Proyectado)} -> 4993252 | E19: {=SUM((BS_Segmento_Logistico=B19)*BS_Tipo_C_Proyectado)} -> 6199964 | F19: {=SUM((BS_Segmento_Logistico=B19)*BS_Tipo_D_Proyectado)} -> 4224624 | G19: {=SUM((BS_Segmento_Logistico=B19)*BS_Tipo_N_Proyectado)} -> 413746 | H19: =SUM(C19:G19) -> 17506380 | I19: =COSTO_OP_LOGISTICA!$H$57 -> 450.64831 | J19: =+H19*I19 -> 7.8892206e+09
B20: 10 | C20: {=SUM(SUM((BS_Segmento_Logistico=B20)*BS_Tipo_A_Proyectado))} -> 1916476 | D20: {=SUM((BS_Segmento_Logistico=B20)*BS_Tipo_B_Proyectado)} -> 6245244 | E20: {=SUM((BS_Segmento_Logistico=B20)*BS_Tipo_C_Proyectado)} -> 5846497 | F20: {=SUM((BS_Segmento_Logistico=B20)*BS_Tipo_D_Proyectado)} -> 4342352 | G20: {=SUM((BS_Segmento_Logistico=B20)*BS_Tipo_N_Proyectado)} -> 401860 | H20: =SUM(C20:G20) -> 18752429 | I20: =COSTO_OP_LOGISTICA!$H$57 -> 450.64831 | J20: =+H20*I20 -> 8.4507505e+09
B21: TOTAL | C21: =SUM(C11:C20) -> 18713092 | D21: =SUM(D11:D20) -> 56707540 | E21: =SUM(E11:E20) -> 61538916 | F21: =SUM(F11:F20) -> 44238277 | G21: =SUM(G11:G20) -> 3685509 | H21: =SUM(H11:H20) -> 184883334 | J21: =SUM(J11:J20) -> 8.3317363e+10

Sheet COSTO_OP_LOGISTICA
B2: Ir a Índice
A3: SECRETARÍA DE EDUCACIÓN DEL DISTRITO
A4: DIRECCIÓN DE BIENESTAR ESTUDIANTIL
A5: PROGRAMA DE ALIMENTACIÓN ESCOLAR
A7: CÁLCULO COSTO OPERACIÓN LOGÍSTICA REFRIGERIOS ESCOLARES
A8: =E57 -> 8.3317363e+10
C11: =+'DATOS VARIACION IPC'!M7 -> 0.0709
C12: =+'DATOS VARIACION IPC'!M10 -> 0.0514
C13: =+'DATOS VARIACION IPC'!M11 -> 0.1
C14: 44044 | D14: TOTAL ENTREGAS LOGISTICAS | H14: ENTREGAS TIPO A (3 - 5 AÑOS) | L14: ENTREGAS TIPO B (6- 9 AÑOS) | P14: ENTREGAS TIPO C (10- 13 AÑOS) | T14: ENTREGAS TIPO D (14- 17 AÑOS) | X14: ENTREGAS TIPO N (Nocturna)
C15: {=SUM(IF((CAL_DIAS_SUMINISTRO="SI")*(CAL_FECHA_SUMINISTRO>=$C$14),1,0))} -> 380 | D15: =SUM(H15:AA15) -> 184883334 | H15: =SUM(SUM((BS_Tipo_A_Proyectado),)) -> 18713092 | L15: =SUM(BS_Tipo_B_Proyectado) -> 56707540 | P15: =SUM(BS_Tipo_C_Proyectado) -> 61538916 | T15: =SUM(BS_Tipo_D_Proyectado) -> 44238277 | X15: =SUM(BS_Tipo_N_Proyectado) -> 3685509
A17: CENTRO DE COSTO | C17: CONCEPTO | D17: VALOR UNITARIO PROMEDIO | E17: VALOR TOTAL | F17: CD/CI | G17: % | H17: VALOR UNITARIO | I17: VALOR TOTAL | J17: CD/CI | K17: % | L17: VALOR UNITARIO | M17: VALOR TOTAL | N17: CD/CI | O17: % | P17: VALOR UNITARIO | Q17: VALOR TOTAL | R17: CF/CV | S17: % | T17: VALOR UNITARIO | U17: VALOR TOTAL | V17: CF/CV | W17: % | X17: VALOR UNITARIO | Y17: VALOR TOTAL | Z17: CF/CV | AA17: %
A19: COSTOS DIRECTOS
A20: Empaques | B20: Ver Detalle | C20: Bolsatina y Etiqueta | D20: =(EMP_EMPAQUES!$G$16) -> 17.06837 | E20: =I20+M20+Q20+Y20+U20 -> 3.1556571e+09 | F20: CD | G20: =E20/E$26 -> 0.064765188 | H20: =(EMP_EMPAQUES!$G$16) -> 17.06837 | I20: =H20*$H$15 -> 3.1940198e+08 | J20: CD | K20: =I20/I$26 -> 0.064765188 | L20: =(EMP_EMPAQUES!$G$16) -> 17.06837 | M20: =L20*$L$15 -> 9.6790527e+08 | N20: CD | O20: =M20/M$26 -> 0.064765188 | P20: =(EMP_EMPAQUES!$G$16) -> 17.06837 | Q20: =P20*$P$15 -> 1.050369e+09 | R20: CD | S20: =Q20/Q$26 -> 0.064765188 | T20: =(EMP_EMPAQUES!$G$16) -> 17.06837 | U20: =T20*$T$15 -> 7.5507528e+08 | V20: CD | W20: =U20/U$26 -> 0.064765188 | X20: =(EMP_EMPAQUES!$G$16) -> 17.06837 | Y20: =X20*$X$15 -> 62905631 | Z20: CD | AA20: =Y20/Y$57 -> 0.037875144
A21: Talento Humano | B21: Ver Detalle | C21: Requerimiento de personal | D21: =(TH_RECURSO_HUMANO!$D$16) -> 142.19303 | E21: =I21+M21+Q21+Y21+U21 -> 2.6289121e+10 | F21: CD | G21: =E21/E$26 -> 0.53954527 | H21: =(TH_RECURSO_HUMANO!$D$16) -> 142.19303 | I21: =H21*$H$15 -> 2.6608712e+09 | J21: CD | K21: =I21/I$26 -> 0.53954527 | L21: =(TH_RECURSO_HUMANO!$D$16) -> 142.19303 | M21: =L21*$L$15 -> 8.0634169e+09 | N21: CD | O21: =M21/M$26 -> 0.53954527 | P21: =(TH_RECURSO_HUMANO!$D$16) -> 142.19303 | Q21: =P21*$P$15 -> 8.7504049e+09 | R21: CD | S21: =Q21/Q$26 -> 0.53954527 | T21: =(TH_RECURSO_HUMANO!$D$16) -> 142.19303 | U21: =T21*$T$15 -> 6.2903746e+09 | V21: CD | W21: =U21/U$26 -> 0.53954527 | X21: =(TH_RECURSO_HUMANO!$D$16) -> 142.19303 | Y21: =X21*$X$15 -> 5.2405369e+08 | Z21: CD | AA21: =Y21/Y$57 -> 0.31552993
A22: Pruebas de laboratorio | B22: Ver Detalle | C22: Ambientes, Equipos y Personal | D22: =LAB_LABORATORIOS!$E$15 -> 0.53717402 | E22: =I22+M22+Q22+Y22+U22 -> 99314524 | F22: CD | G22: =E22/E$26 -> 0.0020382835 | H22: =LAB_LABORATORIOS!$E$15 -> 0.53717402 | I22: =H22*$H$15 -> 10052187 | J22: CD | K22: =I22/I$26 -> 0.0020382835 | L22: =LAB_LABORATORIOS!$E$15 -> 0.53717402 | M22: =L22*$L$15 -> 30461817 | N22: CD | O22: =M22/M$26 -> 0.0020382835 | P22: =LAB_LABORATORIOS!$E$15 -> 0.53717402 | Q22: =P22*$P$15 -> 33057107 | R22: CD | S22: =Q22/Q$26 -> 0.0020382835 | T22: =LAB_LABORATORIOS!$E$15 -> 0.53717402 | U22: =T22*$T$15 -> 23763653 | V22: CD | W22: =U22/U$26 -> 0.0020382835 | X22: =LAB_LABORATORIOS!$E$15 -> 0.53717402 | Y22: =X22*$X$15 -> 1979759.7 | Z22: CD | AA22: =Y22/Y$57 -> 0.0011920027
A23: Visitas IED | B23: Ver Detalle | C23: Vehiculos | D23: =VIST_VISITAS_ESTUDIANTES!$G$17 -> 0.32869377 | E23: =I23+M23+Q23+Y23+U23 -> 60770000 | F23: CD | G23: =E23/E$26 -> 0.0012472142 | H23: =VIST_VISITAS_ESTUDIANTES!$G$17 -> 0.32869377 | I23: =H23*$H$15 -> 6150876.8 | J23: CD | K23: =I23/I$26 -> 0.0012472142 | L23: =VIST_VISITAS_ESTUDIANTES!$G$17 -> 0.32869377 | M23: =L23*$L$15 -> 18639415 | N23: CD | O23: =M23/M$26 -> 0.0012472142 | P23: =VIST_VISITAS_ESTUDIANTES!$G$17 -> 0.32869377 | Q23: =P23*$P$15 -> 20227458 | R23: CD | S23: =Q23/Q$26 -> 0.0012472142 | T23: =VIST_VISITAS_ESTUDIANTES!$G$17 -> 0.32869377 | U23: =T23*$T$15 -> 14540846 | V23: CD | W23: =U23/U$26 -> 0.0012472142 | X23: =VIST_VISITAS_ESTUDIANTES!$G$17 -> 0.32869377 | Y23: =X23*$X$15 -> 1211403.8 | Z23: CD | AA23: =Y23/Y$57 -> 0.00072937979
A24: Transporte | B24: Ver Detalle | C24: Vehiculos | D24: =TRANS_TRANSPORTE!$G$20 -> 103.41508 | E24: =I24+M24+Q24+Y24+U24 -> 1.9119725e+10 | F24: CD | G24: =E24/E$26 -> 0.39240404 | H24: =TRANS_TRANSPORTE!$G$20 -> 103.41508 | I24: =H24*$H$15 -> 1.935216e+09 | J24: CD | K24: =I24/I$26 -> 0.39240404 | L24: =TRANS_TRANSPORTE!$G$20 -> 103.41508 | M24: =L24*$L$15 -> 5.864415e+09 | N24: CD | O24: =M24/M$26 -> 0.39240404 | P24: =TRANS_TRANSPORTE!$G$20 -> 103.41508 | Q24: =P24*$P$15 -> 6.3640521e+09 | R24: CD | S24: =Q24/Q$26 -> 0.39240404 | T24: =TRANS_TRANSPORTE!$G$20 -> 103.41508 | U24: =T24*$T$15 -> 4.5749051e+09 | V24: CD | W24: =U24/U$26 -> 0.39240404 | X24: =TRANS_TRANSPORTE!$G$20 -> 103.41508 | Y24: =X24*$X$15 -> 3.8113722e+08 | Z24: CD | AA24: =Y24/Y$57 -> 0.22948068
A26: ="SUBTOTAL 1: "&A19 -> SUBTOTAL 1: COSTOS DIRECTOS | D26: =SUM(D20:D24) -> 263.54235 | E26: =SUM(E20:E24) -> 4.8724588e+10 | G26: =+E26/E57 -> 0.58480714 | H26: =SUM(H20:H24) -> 263.54235 | I26: =SUM(I20:I25) -> 4.9316922e+09 | K26: =+I26/I49 -> 0.64154308 | L26: =SUM(L20:L24) -> 263.54235 | M26: =SUM(M20:M25) -> 1.4944838e+10 | O26: =+M26/M49 -> 0.64154308 | P26: =SUM(P20:P24) -> 263.54235 | Q26: =SUM(Q20:Q25) -> 1.6218111e+10 | S26: =+Q26/Q49 -> 0.64154308 | T26: =SUM(T20:T24) -> 263.54235 | U26: =SUM(U20:U25) -> 1.1658659e+10 | W26: =+U26/U49 -> 0.64154308 | X26: =SUM(X20:X24) -> 263.54235 | Y26: =SUM(Y20:Y25) -> 9.712877e+08 | AA26: =+Y26/Y49 -> 0.64154308
A28: GASTOS DE OPERACIÓN Y DE VENTAS
A29: Administración | B29: Ver Detalle | C29: =+ADMON_LOG_PYG2021_LOGISTICA!J15 -> 0.3 | D29: =E29/$D$15 -> 112.94672 | E29: =I29+M29+Q29+Y29+U29 -> 2.0881966e+10 | F29: CI | G29: =+E29/E31 -> 1 | H29: =(H26/(1-$C29)*$C29) -> 112.94672 | I29: =H29*$H$15 -> 2.1135824e+09 | J29: CI | K29: =+I29/I31 -> 1 | L29: =(L26/(1-$C29)*$C29) -> 112.94672 | M29: =L29*$L$15 -> 6.4049307e+09 | N29: CI | O29: =+M29/M31 -> 1 | P29: =(P26/(1-$C29)*$C29) -> 112.94672 | Q29: =P29*$P$15 -> 6.9506188e+09 | R29: CI | S29: =+Q29/Q31 -> 1 | T29: =(T26/(1-$C29)*$C29) -> 112.94672 | U29: =T29*$T$15 -> 4.9965684e+09 | V29: CI | W29: =+U29/U31 -> 1 | X29: =(X26/(1-$C29)*$C29) -> 112.94672 | Y29: =X29*$X$15 -> 4.1626616e+08 | Z29: CI | AA29: =+Y29/Y31 -> 1
A31: ="SUBTOTAL 2: GASTOS ADMINISTRATIVOS" -> SUBTOTAL 2: GASTOS ADMINISTRATIVOS | D31: =+D29 -> 112.94672 | E31: =+E29 -> 2.0881966e+10 | G31: =+E31/E57 -> 0.25063163 | H31: =+H29 -> 112.94672 | I31: =+I29 -> 2.1135824e+09 | K31: =+I31/I57 -> 0.25063163 | L31: =+L29 -> 112.94672 | M31: =+M29 -> 6.4049307e+09 | O31: =+M31/M57 -> 0.25063163 | P31: =+P29 -> 112.94672 | Q31: =+Q29 -> 6.9506188e+09 | S31: =+Q31/Q57 -> 0.25063163 | T31: =+T29 -> 112.94672 | U31: =+U29 -> 4.9965684e+09 | W31: =+U31/U57 -> 0.25063163 | X31: =+X29 -> 112.94672 | Y31: =+Y29 -> 4.1626616e+08 | AA31: =+Y31/Y57 -> 0.25063163
A33: ESTAMPILLAS e IMPUESTOS
A34: Estampilla U. Distrital | C34: 0.018352553 | D34: =($C34*(D$26+D$31)) -> 6.9095357 | E34: =I34+M34+Q34+Y34+U34 -> 1.277458e+09 | F34: CI | G34: =E34/E$39 -> 0.20491803 | H34: =($C34*(H$26+H$31)) -> 6.9095357 | I34: =H34*H$15 -> 1.2929878e+08 | J34: CI | K34: =I34/I$39 -> 0.20491803 | L34: =($C34*(L$26+L$31)) -> 6.9095357 | M34: =L34*L$15 -> 3.9182277e+08 | N34: CI | O34: =M34/M$39 -> 0.20491803 | P34: =($C34*(P$26+P$31)) -> 6.9095357 | Q34: =P34*P$15 -> 4.2520534e+08 | R34: CI | S34: =Q34/Q$39 -> 0.20491803 | T34: =($C34*(T$26+T$31)) -> 6.9095357 | U34: =T34*T$15 -> 3.0566595e+08 | V34: CI | W34: =U34/U$39 -> 0.20491803 | X34: =($C34*(X$26+X$31)) -> 6.9095357 | Y34: =X34*X$15 -> 25465156 | Z34: CI | AA34: =Y34/Y$39 -> 0.20491803
A35: Estampilla Pro Cultura | C35: 0.0091762766 | D35: =($C35*(D$26+D$31)) -> 3.4547679 | E35: =I35+M35+Q35+Y35+U35 -> 6.38729e+08 | F35: CI | G35: =E35/E$39 -> 0.10245902 | H35: =($C35*(H$26+H$31)) -> 3.4547679 | I35: =H35*H$15 -> 64649389 | J35: CI | K35: =I35/I$39 -> 0.10245902 | L35: =($C35*(L$26+L$31)) -> 3.4547679 | M35: =L35*L$15 -> 1.9591139e+08 | N35: CI | O35: =M35/M$39 -> 0.10245902 | P35: =($C35*(P$26+P$31)) -> 3.4547679 | Q35: =P35*P$15 -> 2.1260267e+08 | R35: CI | S35: =Q35/Q$39 -> 0.10245902 | T35: =($C35*(T$26+T$31)) -> 3.4547679 | U35: =T35*T$15 -> 1.5283298e+08 | V35: CI | W35: =U35/U$39 -> 0.10245902 | X35: =($C35*(X$26+X$31)) -> 3.4547679 | Y35: =X35*X$15 -> 12732578 | Z35: CI | AA35: =Y35/Y$39 -> 0.10245902
A36: Estampilla Pro Adulto Mayor | C36: 0.036705106 | D36: =($C36*(D$26+D$31)) -> 13.819071 | E36: =I36+M36+Q36+Y36+U36 -> 2.554916e+09 | F36: CI | G36: =E36/E$39 -> 0.40983607 | H36: =($C36*(H$26+H$31)) -> 13.819071 | I36: =H36*H$15 -> 2.5859756e+08 | J36: CI | K36: =I36/I$39 -> 0.40983607 | L36: =($C36*(L$26+L$31)) -> 13.819071 | M36: =L36*L$15 -> 7.8364555e+08 | N36: CI | O36: =M36/M$39 -> 0.40983607 | P36: =($C36*(P$26+P$31)) -> 13.819071 | Q36: =P36*P$15 -> 8.5041068e+08 | R36: CI | S36: =Q36/Q$39 -> 0.40983607 | T36: =($C36*(T$26+T$31)) -> 13.819071 | U36: =T36*T$15 -> 6.1133191e+08 | V36: CI | W36: =U36/U$39 -> 0.40983607 | X36: =($C36*(X$26+X$31)) -> 13.819071 | Y36: =X36*X$15 -> 50930312 | Z36: CI | AA36: =Y36/Y$39 -> 0.40983607
A37: ICA | C37: 0.025326523 | D37: =($C37*(D$26+D$31)) -> 9.5351593 | E37: =I37+M37+Q37+Y37+U37 -> 1.762892e+09 | F37: CI | G37: =E37/E$39 -> 0.28278689 | H37: =($C37*(H$26+H$31)) -> 9.5351593 | I37: =H37*H$15 -> 1.7843231e+08 | J37: CI | K37: =I37/I$39 -> 0.28278689 | L37: =($C37*(L$26+L$31)) -> 9.5351593 | M37: =L37*L$15 -> 5.4071543e+08 | N37: CI | O37: =M37/M$39 -> 0.28278689 | P37: =($C37*(P$26+P$31)) -> 9.5351593 | Q37: =P37*P$15 -> 5.8678337e+08 | R37: CI | S37: =Q37/Q$39 -> 0.28278689 | T37: =($C37*(T$26+T$31)) -> 9.5351593 | U37: =T37*T$15 -> 4.2181902e+08 | V37: CI | W37: =U37/U$39 -> 0.28278689 | X37: =($C37*(X$26+X$31)) -> 9.5351593 | Y37: =X37*X$15 -> 35141915 | Z37: CI | AA37: =Y37/Y$39 -> 0.28278689
A39: ="SUBTOTAL 3: "&A33 -> SUBTOTAL 3: ESTAMPILLAS e IMPUESTOS | D39: =SUM(D34:D37) -> 33.718534 | E39: =SUM(E34:E37) -> 6.233995e+09 | G39: =E39/E57 -> 0.07482228 | H39: =SUM(H34:H37) -> 33.718534 | I39: =SUM(I34:I37) -> 6.3097803e+08 | K39: =I39/I57 -> 0.07482228 | L39: =SUM(L34:L37) -> 33.718534 | M39: =SUM(M34:M37) -> 1.9120951e+09 | O39: =M39/M57 -> 0.07482228 | P39: =SUM(P34:P37) -> 33.718534 | Q39: =SUM(Q34:Q37) -> 2.075002e+09 | S39: =Q39/Q57 -> 0.07482228 | T39: =SUM(T34:T37) -> 33.718534 | U39: =SUM(U34:U37) -> 1.4916499e+09 | W39: =U39/U57 -> 0.07482228 | X39: =SUM(X34:X37) -> 33.718534 | Y39: =SUM(Y34:Y37) -> 1.2426996e+08 | AA39: =Y39/Y57 -> 0.07482228
A41: PÓLIZAS
A42: Cumplimiento | B42: 0.37194 | C42: 0.0012387406 | D42: =(D$26+D$31+D$39)*$B42*$C42 -> 0.1889979 | E42: =I42+M42+Q42+Y42+U42 -> 34942562 | F42: CI | G42: =E42/E$47 -> 0.32204561 | H42: =(H$26+H$31+H$39)*$B42*$C42 -> 0.1889979 | I42: =H42*H$15 -> 3536735.1 | J42: CI | K42: =I42/I$47 -> 0.32204561 | L42: =(L$26+L$31+L$39)*$B42*$C42 -> 0.1889979 | M42: =L42*L$15 -> 10717606 | N42: CI | O42: =M42/M$47 -> 0.32204561 | P42: =(P$26+P$31+P$39)*$B42*$C42 -> 0.1889979 | Q42: =P42*P$15 -> 11630726 | R42: CI | S42: =Q42/Q$47 -> 0.32204561 | T42: =(T$26+T$31+T$39)*$B42*$C42 -> 0.1889979 | U42: =T42*T$15 -> 8360941.5 | V42: CI | W42: =U42/U$47 -> 0.32204561 | X42: =(X$26+X$31+X$39)*$B42*$C42 -> 0.1889979 | Y42: =X42*X$15 -> 696553.46 | Z42: CI | AA42: =Y42/Y$47 -> 0.32204561
A43: Salarios, Prestaciones | B43: 0.38979 | C43: 0.0012387406 | D43: =(D$26+D$31+D$39)*$B43*$C43 -> 0.19806821 | E43: =I43+M43+Q43+Y43+U43 -> 36619512 | F43: CI | G43: =E43/E$47 -> 0.3375011 | H43: =(H$26+H$31+H$39)*$B43*$C43 -> 0.19806821 | I43: =H43*H$15 -> 3706468.7 | J43: CI | K43: =I43/I$47 -> 0.3375011 | L43: =(L$26+L$31+L$39)*$B43*$C43 -> 0.19806821 | M43: =L43*L$15 -> 11231961 | N43: CI | O43: =M43/M$47 -> 0.3375011 | P43: =(P$26+P$31+P$39)*$B43*$C43 -> 0.19806821 | Q43: =P43*P$15 -> 12188903 | R43: CI | S43: =Q43/Q$47 -> 0.3375011 | T43: =(T$26+T$31+T$39)*$B43*$C43 -> 0.19806821 | U43: =T43*T$15 -> 8762196.5 | V43: CI | W43: =U43/U$47 -> 0.3375011 | X43: =(X$26+X$31+X$39)*$B43*$C43 -> 0.19806821 | Y43: =X43*X$15 -> 729982.19 | Z43: CI | AA43: =Y43/Y$47 -> 0.3375011
A44: Calidad de los Servicios | B44: 0.23827 | C44: 0.0012387406 | D44: =(D$26+D$31+D$39)*$B44*$C44 -> 0.12107472 | E44: =I44+M44+Q44+Y44+U44 -> 22384697 | F44: CI | G44: =E44/E$47 -> 0.20630695 | H44: =(H$26+H$31+H$39)*$B44*$C44 -> 0.12107472 | I44: =H44*H$15 -> 2265682.3 | J44: CI | K44: =I44/I$47 -> 0.20630695 | L44: =(L$26+L$31+L$39)*$B44*$C44 -> 0.12107472 | M44: =L44*L$15 -> 6865849.3 | N44: CI | O44: =M44/M$47 -> 0.20630695 | P44: =(P$26+P$31+P$39)*$B44*$C44 -> 0.12107472 | Q44: =P44*P$15 -> 7450806.8 | R44: CI | S44: =Q44/Q$47 -> 0.20630695 | T44: =(T$26+T$31+T$39)*$B44*$C44 -> 0.12107472 | U44: =T44*T$15 -> 5356136.8 | V44: CI | W44: =U44/U$47 -> 0.20630695 | X44: =(X$26+X$31+X$39)*$B44*$C44 -> 0.12107472 | Y44: =X44*X$15 -> 446221.96 | Z44: CI | AA44: =Y44/Y$47 -> 0.20630695
A45: Responsabilidad civil extracontractual | C45: 0.00019191756 | D45: =((D$26+D$31+D$39)*$C45) -> 0.078726044 | E45: =I45+M45+Q45+Y45+U45 -> 14555134 | F45: CI | G45: =E45/E$47 -> 0.13414634 | H45: =((H$26+H$31+H$39)*$C45) -> 0.078726044 | I45: =H45*H$15 -> 1473207.7 | J45: CI | K45: =I45/I$47 -> 0.13414634 | L45: =((L$26+L$31+L$39)*$C45) -> 0.078726044 | M45: =L45*L$15 -> 4464360.3 | N45: CI | O45: =M45/M$47 -> 0.13414634 | P45: =((P$26+P$31+P$39)*$C45) -> 0.078726044 | Q45: =P45*P$15 -> 4844715.4 | R45: CI | S45: =Q45/Q$47 -> 0.13414634 | T45: =((T$26+T$31+T$39)*$C45) -> 0.078726044 | U45: =T45*T$15 -> 3482704.6 | V45: CI | W45: =U45/U$47 -> 0.13414634 | X45: =((X$26+X$31+X$39)*$C45) -> 0.078726044 | Y45: =X45*X$15 -> 290145.54 | Z45: CI | AA45: =Y45/Y$47 -> 0.13414634
A47: ="SUBTOTAL 4: "&A41 -> SUBTOTAL 4: PÓLIZAS | D47: =SUM(D42:D45) -> 0.58686688 | E47: =SUM(E42:E45) -> 1.085019e+08 | G47: =E47/E57 -> 0.0013022724 | H47: =SUM(H42:H45) -> 0.58686688 | I47: =SUM(I42:I45) -> 10982094 | K47: =I47/I57 -> 0.0013022724 | L47: =SUM(L42:L45) -> 0.58686688 | M47: =SUM(M42:M45) -> 33279777 | O47: =M47/M57 -> 0.0013022724 | P47: =SUM(P42:P45) -> 0.58686688 | Q47: =SUM(Q42:Q45) -> 36115151 | S47: =Q47/Q57 -> 0.0013022724 | T47: =SUM(T42:T45) -> 0.58686688 | U47: =SUM(U42:U45) -> 25961979 | W47: =U47/U57 -> 0.0013022724 | X47: =SUM(X42:X46) -> 0.58686688 | Y47: =SUM(Y42:Y45) -> 2162903.2 | AA47: =Y47/Y57 -> 0.0013022724
A49: SUBTOTAL 5 = SUBTOTAL 1 + SUBTOTAL 2 + SUBTOTAL 3 + SUBTOTAL 4 | D49: =D26+D31+D39+D47 -> 410.79447 | E49: =E31+E39+E47+E26 -> 7.5949052e+10 | G49: =E49/E$57 -> 0.91156332 | H49: =H26+H31+H39+H47 -> 410.79447 | I49: =I31+I39+I47+I26 -> 7.6872348e+09 | K49: =I49/I$57 -> 0.91156332 | L49: =L26+L31+L39+L47 -> 410.79447 | M49: =M31+M39+M47+M26 -> 2.3295144e+10 | O49: =M49/M$57 -> 0.91156332 | P49: =P26+P31+P39+P47 -> 410.79447 | Q49: =Q31+Q39+Q47+Q26 -> 2.5279847e+10 | S49: =Q49/Q$57 -> 0.91156332 | T49: =T26+T31+T39+T47 -> 410.79447 | U49: =U31+U39+U47+U26 -> 1.817284e+10 | W49: =U49/U$57 -> 0.91156332 | X49: =X26+X31+X39+X47 -> 410.79447 | Y49: =Y31+Y39+Y47+Y26 -> 1.5139867e+09 | AA49: =Y49/Y$57 -> 0.91156332
A51: UTILIDAD DEL EJERCICIO
A52: UTILIDAD | C52: =+ADMON_LOG_PYG2021_LOGISTICA!J18 -> 0.0849 | D52: =(D49/(1-$C52)*$C52) -> 38.112174 | E52: =I52+M52+Q52+Y52+U52 -> 7.0463059e+09 | F52: CI | G52: =+E52/E57 -> 0.084571878 | H52: =(H49/(1-$C52)*$C52) -> 38.112174 | I52: =+H52*H15 -> 7.1319662e+08 | J52: CI | K52: =+I52/I57 -> 0.084571878 | L52: =(L49/(1-$C52)*$C52) -> 38.112174 | M52: =+L52*L15 -> 2.1612477e+09 | N52: CI | O52: =+M52/M57 -> 0.084571878 | P52: =(P49/(1-$C52)*$C52) -> 38.112174 | Q52: =+P52*P15 -> 2.3453819e+09 | R52: CI | S52: =+Q52/Q57 -> 0.084571878 | T52: =(T49/(1-$C52)*$C52) -> 38.112174 | U52: =+T52*$T$15 -> 1.6860169e+09 | V52: CI | W52: =+U52/U57 -> 0.084571878 | X52: =(X49/(1-$C52)*$C52) -> 38.112174 | Y52: =+X52*X15 -> 1.4046276e+08 | Z52: CI | AA52: =+Y52/Y57 -> 0.084571878
A54: GRAVAMEN AL MOVIMIENTO FINANCIERO 4 X MIL
A55: GMF | C55: 0.0038648 | D55: =((D52+D49)/(1-$C55)*$C55) -> 1.7416656 | E55: =I55+M55+Q55+Y55+U55 -> 3.2200494e+08 | F55: CI | G55: =E55/E57 -> 0.0038648 | H55: =((H52+H49)/(1-$C55)*$C55) -> 1.7416656 | I55: =H55*H15 -> 32591949 | J55: CI | K55: =I55/I57 -> 0.0038648 | L55: =((L52+L49)/(1-$C55)*$C55) -> 1.7416656 | M55: =L55*L15 -> 98765572 | N55: CI | O55: =M55/M57 -> 0.0038648 | P55: =((P52+P49)/(1-$C55)*$C55) -> 1.7416656 | Q55: =P55*P15 -> 1.0718021e+08 | R55: CI | S55: =Q55/Q57 -> 0.0038648 | T55: =((T52+T49)/(1-$C55)*$C55) -> 1.7416656 | U55: =T55*$T$15 -> 77048285 | V55: CI | W55: =U55/U57 -> 0.0038648 | X55: =((X52+X49)/(1-$C55)*$C55) -> 1.7416656 | Y55: =X55*X15 -> 6418924.2 | Z55: CI | AA55: =Y55/(Y57-Y43) -> 0.0038664994
A57: VALOR TOTAL PRESUPUESTO (SUBTOTAL 5 + UTILIDAD + GMF) | C57: Costos totales refrigerios | D57: =+D49+D55+D52 -> 450.64831 | E57: =+E55+E49+E52 -> 8.3317363e+10 | G57: =+G49+G55+G52 -> 1 | H57: =+H49+H55+H52 -> 450.64831 | I57: =+I55+I49+I52 -> 8.4330233e+09 | K57: =+K49+K55+K52 -> 1 | L57: =+L49+L55+L52 -> 450.64831 | M57: =+M55+M49+M52 -> 2.5555157e+10 | O57: =+O49+O55+O52 -> 1 | P57: =+P49+P55+P52 -> 450.64831 | Q57: =+Q55+Q49+Q52 -> 2.7732409e+10 | S57: =+S49+S55+S52 -> 1 | T57: =+T49+T55+T52 -> 450.64831 | U57: =+U55+U49+U52 -> 1.9935905e+10 | W57: =+W49+W55+W52 -> 1 | X57: =+X49+X55+X52 -> 450.64831 | Y57: =+Y55+Y49+Y52 -> 1.6608684e+09 | AA57: =+AA49+AA55+AA52 -> 1.0000017

Sheet ADMON_LOG_PYG2021_LOGISTICA
B2: Ir a Índice
A3: SECRETARÍA DE EDUCACIÓN DEL DISTRITO
A4: DIRECCIÓN DE BIENESTAR ESTUDIANTIL
A5: PROGRAMA DE ALIMENTACIÓN ESCOLAR
A7: INDICADORES DE GASTO ADMINISTRATIVO Y UTILIDAD - SEGMENTO OPERACIÓN LOGÍSTICA
D9: PARAMETROS DE ENTRADA | G9: PROPUESTA 1 | H9: PROPUESTA 2 | I9: PROPUESTA 3 | J9: PROPUESTA 4
D10: TOTAL EMPRESAS DEL SIREM CON CLASIFICACION 5229 Y 5629 | J10: =COUNTA(E26:E191) -> 166
D11: TOTAL EMPRESAS DEL SIREM CON CLASIFICACION 5629 y 5229 CON MARGEN DE GANANCIA + | J11: =COUNTIF(ADMON_LOG_PORCENTAJE_UTILIDAD,">0") -> 108
D12: RANGO INFERIOR PARA CALCULAR EL % DE ADMON | G12: 0.1 | H12: 0.1 | I12: 0.1 | J12: 0.1
D13: RANGO SUPERIOR PARA CALCULAR EL % DE ADMON | G13: 0.3 | H13: 0.5 | I13: 0.75 | J13: 1
D14: CANTIDAD DE EMPRESAS DENTRO DEL RANGO | G14: {=SUM((ADMON_LOG_PORCENTAJE_ADMON>G12)*(ADMON_LOG_PORCENTAJE_ADMON<G13)*(ADMON_LOG_PORCENTAJE_UTILIDAD>0)*1)} -> 52 | H14: {=SUM((ADMON_LOG_PORCENTAJE_ADMON>H12)*(ADMON_LOG_PORCENTAJE_ADMON<H13)*(ADMON_LOG_PORCENTAJE_UTILIDAD>0)*1)} -> 69 | I14: {=SUM((ADMON_LOG_PORCENTAJE_ADMON>I12)*(ADMON_LOG_PORCENTAJE_ADMON<I13)*(ADMON_LOG_PORCENTAJE_UTILIDAD>0)*1)} -> 77 | J14: {=SUM((ADMON_LOG_PORCENTAJE_ADMON>J12)*(ADMON_LOG_PORCENTAJE_ADMON<J13)*(ADMON_LOG_PORCENTAJE_UTILIDAD>0)*1)} -> 82
D15: % DE ADMINISTRACIÓN | G15: =ROUND((G20+G21)/G19,4) -> 0.2022 | H15: =ROUND((H20+H21)/H19,4) -> 0.236 | I15: =ROUND((I20+I21)/I19,4) -> 0.2541 | J15: =ROUND((J20+J21)/J19,1) -> 0.3
D16: % DE POLIZAS | G16: 0.03 | H16: 0.03 | I16: 0.03 | J16: 0.03
D17: % DE ADMINISTRACIÓN DESPUES DE PÓLIZAS Y ESTAMPILLAS | G17: =G15-G16 -> 0.1722 | H17: =H15-H16 -> 0.206 | I17: =I15-I16 -> 0.2241 | J17: =J15-J16 -> 0.27
D18: % DE UTILIDAD | G18: =ROUND(G22/G19,4) -> 0.0709 | H18: =ROUND(H22/H19,4) -> 0.0827 | I18: =ROUND(I22/I19,4) -> 0.0841 | J18: =ROUND(J22/J19,4) -> 0.0849
D19: 61 MENOS: COSTO DE VENTAS Y DE PRESTACIÓN DE SERVICIOS | G19: {=SUM((ADMON_LOG_PORCENTAJE_ADMON>G$12)*(ADMON_LOG_PORCENTAJE_ADMON<=G$13)*(ADMON_LOG_PORCENTAJE_UTILIDAD>0)*ADMON_LOG_COSTO_VENTAS)} -> 2211782233 | H19: {=SUM((ADMON_LOG_PORCENTAJE_ADMON>H$12)*(ADMON_LOG_PORCENTAJE_ADMON<=H$13)*(ADMON_LOG_PORCENTAJE_UTILIDAD>0)*ADMON_LOG_COSTO_VENTAS)} -> 2292615872 | I19: {=SUM((ADMON_LOG_PORCENTAJE_ADMON>I$12)*(ADMON_LOG_PORCENTAJE_ADMON<=I$13)*(ADMON_LOG_PORCENTAJE_UTILIDAD>0)*ADMON_LOG_COSTO_VENTAS)} -> 2313702153 | J19: {=SUM((ADMON_LOG_PORCENTAJE_ADMON>J$12)*(ADMON_LOG_PORCENTAJE_ADMON<=J$13)*(ADMON_LOG_PORCENTAJE_UTILIDAD>0)*ADMON_LOG_COSTO_VENTAS)} -> 2314341568
D20: 51 MENOS: GASTOS OPERACIONALES DE ADMINISTRACIÓN | G20: {=SUM((ADMON_LOG_PORCENTAJE_ADMON>G$12)*(ADMON_LOG_PORCENTAJE_ADMON<=G$13)*(ADMON_LOG_PORCENTAJE_UTILIDAD>0)*ADMON_LOG_GASTOS_OPERACIONALES_ADMIN)} -> 366608965 | H20: {=SUM((ADMON_LOG_PORCENTAJE_ADMON>H$12)*(ADMON_LOG_PORCENTAJE_ADMON<=H$13)*(ADMON_LOG_PORCENTAJE_UTILIDAD>0)*ADMON_LOG_GASTOS_OPERACIONALES_ADMIN)} -> 453695915 | I20: {=SUM((ADMON_LOG_PORCENTAJE_ADMON>I$12)*(ADMON_LOG_PORCENTAJE_ADMON<=I$13)*(ADMON_LOG_PORCENTAJE_UTILIDAD>0)*ADMON_LOG_GASTOS_OPERACIONALES_ADMIN)} -> 500465172 | J20: {=SUM((ADMON_LOG_PORCENTAJE_ADMON>J$12)*(ADMON_LOG_PORCENTAJE_ADMON<=J$13)*(ADMON_LOG_PORCENTAJE_UTILIDAD>0)*ADMON_LOG_GASTOS_OPERACIONALES_ADMIN)} -> 518090608
D21: 52 MENOS: GASTOS OPERACIONALES DE VENTAS | G21: {=SUM((ADMON_LOG_PORCENTAJE_ADMON>G$12)*(ADMON_LOG_PORCENTAJE_ADMON<=G$13)*(ADMON_LOG_PORCENTAJE_UTILIDAD>0)*ADMON_LOG_GASTOS_OPERACIONALES_VENTAS)} -> 80557176 | H21: {=SUM((ADMON_LOG_PORCENTAJE_ADMON>H$12)*(ADMON_LOG_PORCENTAJE_ADMON<=H$13)*(ADMON_LOG_PORCENTAJE_UTILIDAD>0)*ADMON_LOG_GASTOS_OPERACIONALES_VENTAS)} -> 87347378 | I21: {=SUM((ADMON_LOG_PORCENTAJE_ADMON>I$12)*(ADMON_LOG_PORCENTAJE_ADMON<=I$13)*(ADMON_LOG_PORCENTAJE_UTILIDAD>0)*ADMON_LOG_GASTOS_OPERACIONALES_VENTAS)} -> 87548669 | J21: {=SUM((ADMON_LOG_PORCENTAJE_ADMON>J$12)*(ADMON_LOG_PORCENTAJE_ADMON<=J$13)*(ADMON_LOG_PORCENTAJE_UTILIDAD>0)*ADMON_LOG_GASTOS_OPERACIONALES_VENTAS)} -> 87549969
D22: 59 GANANCIAS Y PERDIDAS | G22: {=SUM((ADMON_LOG_PORCENTAJE_ADMON>G$12)*(ADMON_LOG_PORCENTAJE_ADMON<=G$13)*(ADMON_LOG_PORCENTAJE_UTILIDAD>0)*ADMON_LOG_GANACIAS_PERDIDAS)} -> 156829895 | H22: {=SUM((ADMON_LOG_PORCENTAJE_ADMON>H$12)*(ADMON_LOG_PORCENTAJE_ADMON<=H$13)*(ADMON_LOG_PORCENTAJE_UTILIDAD>0)*ADMON_LOG_GANACIAS_PERDIDAS)} -> 189634483 | I22: {=SUM((ADMON_LOG_PORCENTAJE_ADMON>I$12)*(ADMON_LOG_PORCENTAJE_ADMON<=I$13)*(ADMON_LOG_PORCENTAJE_UTILIDAD>0)*ADMON_LOG_GANACIAS_PERDIDAS)} -> 194588277 | J22: {=SUM((ADMON_LOG_PORCENTAJE_ADMON>J$12)*(ADMON_LOG_PORCENTAJE_ADMON<=J$13)*(ADMON_LOG_PORCENTAJE_UTILIDAD>0)*ADMON_LOG_GANACIAS_PERDIDAS)} -> 196584941
A25: NIT | B25: RAZON SOCIAL | C25: CIUDAD | D25: DEPARTAMENTO | E25: CIIU | F25: SECTOR | G25: INGRESO OPERACIONAL | H25: 61 MENOS: COSTO DE VENTAS Y DE PRESTACIÓN DE SERVICIOS | I25: UTILIDAD BRUTA | J25: 51 MENOS: GASTOS OPERACIONALES DE ADMINISTRACIÓN | K25: 52 MENOS: GASTOS OPERACIONALES DE VENTAS | L25: UTILIDAD OPERACIONAL | M25: 42 MAS: INGRESOS NO OPERACIONALES | N25: 53 MENOS: GASTOS NO OPERACIONALES | O25: 530520_INTERESES | P25: UTILIDAD ANTES DE IMPUESTOS | Q25: 54 MENOS: IMPUESTO DE RENTA Y COMPLEMENTARIOS | R25: 59 GANANCIAS Y PERDIDAS | S25: % de gasto Administrativo frente a ingreso operacionales | T25: % de la utilidad frentre a ingresos operacionales
A26: 830055467 | B26: GEODIS COLOMBIA LTDA | C26: BOGOTA D.C. | D26: BOGOTA D.C. | E26: H5229 | F26: Otras actividades complementarias al transporte | G26: 34366486 | H26: 19946660 | I26: 14419826 | J26: 9286730 | K26: 3478875 | L26: 2083540 | M26: 808334 | N26: 379015 | O26: 88558 | P26: 2025836 | Q26: 156015 | R26: 1869821 | S26: =IFERROR(J26/G26,0) -> 0.27022635 | T26: =IFERROR(R26/H26,0) -> 0.093741057
A27: 900172069 | B27: SAPORE SAS | C27: BOGOTA D.C. | D27: BOGOTA D.C. | E27: I5629 | F27: Actividades de otros servicios de comidas | G27: 20070631 | H27: 17135255 | I27: 2935376 | J27: 1909831 | L27: 986252 | O27: 441411 | P27: 546397 | Q27: 269382 | R27: 277015 | S27: =IFERROR(J27/G27,0) -> 0.095155504 | T27: =IFERROR(R27/H27,0) -> 0.016166377
A28: 830074208 | B28: AGENCIA DE ADUANAS KN COLOMBIA SAS NIVEL 2 | C28: BOGOTA D.C. | D28: BOGOTA D.C. | E28: H5229 | F28: Otras actividades complementarias al transporte | G28: 14914990 | I28: 14914990 | J28: 13496812 | L28: 1373288 | N28: 44890 | O28: 152593 | P28: 1337230 | Q28: 446076 | R28: 891154 | S28: =IFERROR(J28/G28,0) -> 0.90491593 | T28: =IFERROR(R28/H28,0) -> 0
A29: 860023981 | B29: AEROSAN SAS | C29: BOGOTA D.C. | D29: BOGOTA D.C. | E29: H5229 | F29: Otras actividades complementarias al transporte | G29: 96163708 | H29: 71054914 | I29: 25108794 | L29: 24926283 | M29: 1042698 | N29: 1235209 | O29: 2204548 | P29: 22944619 | Q29: 7615792 | R29: 15328827 | S29: =IFERROR(J29/G29,0) -> 0 | T29: =IFERROR(R29/H29,0) -> 0.21573212
A30: 800249687 | B30: MEDITERRANEAN SHIPPING COMPANY COLOMBIA SAS | C30: BOGOTA D.C. | D30: BOGOTA D.C. | E30: H5229 | F30: Otras actividades complementarias al transporte | G30: 13248499 | H30: 2702156 | I30: 10546343 | J30: 9648259 | L30: 930601 | M30: 221249 | N30: 188732 | P30: 930601 | Q30: 505518 | R30: 425083 | S30: =IFERROR(J30/G30,0) -> 0.72825299 | T30: =IFERROR(R30/H30,0) -> 0.15731253
A31: 860040585 | B31: SUNRISE CARGO SAS | C31: BOGOTA D.C. | D31: BOGOTA D.C. | E31: H5229 | F31: Otras actividades complementarias al transporte | G31: 32001641 | H31: 11447239 | I31: 20554402 | J31: 10129777 | K31: 2668665 | L31: 7746192 | M31: 174280 | N31: 184048 | O31: 1505210 | P31: 7260449 | Q31: 2152312 | R31: 5108137 | S31: =IFERROR(J31/G31,0) -> 0.3165393 | T31: =IFERROR(R31/H31,0) -> 0.4462331
A32: 806008047 | B32: BDP COLOMBIA SAS | C32: CARTAGENA-BOLIVAR | D32: BOLIVAR | E32: H5229 | F32: Otras actividades complementarias al transporte | G32: 161807430 | H32: 134767839 | I32: 27039591 | J32: 13793695 | L32: 14666219 | M32: 1635388 | N32: 250380 | O32: 578617 | P32: 14172327 | Q32: 4825083 | R32: 9347244 | S32: =IFERROR(J32/G32,0) -> 0.0852476 | T32: =IFERROR(R32/H32,0) -> 0.06935812
A33: 860030380 | B33: DHL GLOBAL FORWARDING COLOMBIA S.A.S. | C33: BOGOTA D.C. | D33: BOGOTA D.C. | E33: H5229 | F33: Otras actividades complementarias al transporte | G33: 509165535 | H33: 395313420 | I33: 113852115 | J33: 43417772 | K33: 31689851 | L33: 33450901 | N33: 5293591 | O33: 717336 | P33: 32733565 | Q33: 11247911 | R33: 21485654 | S33: =IFERROR(J33/G33,0) -> 0.085272409 | T33: =IFERROR(R33/H33,0) -> 0.054350935
A34: 900647720 | B34: ARTURO CALLE ZONA FRANCA S.A.S | C34: PEREIRA-RISARALDA | D34: RISARALDA | E34: H5229 | F34: Otras actividades complementarias al transporte | G34: 4758125 | H34: 3326116 | I34: 1432009 | J34: 479667 | L34: 1005350 | M34: 53008 | O34: 18581 | P34: 986769 | Q34: 197500 | R34: 789269 | S34: =IFERROR(J34/G34,0) -> 0.10081009 | T34: =IFERROR(R34/H34,0) -> 0.23729449
A35: 900146342 | B35: CMA CGM COLOMBIA SAS | C35: BOGOTA D.C. | D35: BOGOTA D.C. | E35: H5229 | F35: Otras actividades complementarias al transporte | G35: 27021692 | H35: 12279512 | I35: 14742180 | J35: 13737896 | L35: 1003992 | N35: 292 | O35: 219990 | P35: 787262 | Q35: 344563 | R35: 442699 | S35: =IFERROR(J35/G35,0) -> 0.50840251 | T35: =IFERROR(R35/H35,0) -> 0.03605184
A36: 900497857 | B36: LX PANTOS COLOMBIA SAS | C36: BOGOTA D.C. | D36: BOGOTA D.C. | E36: H5229 | F36: Otras actividades complementarias al transporte | G36: 42524472 | H36: 32238846 | I36: 10285626 | J36: 4054813 | L36: 6242977 | M36: 157407 | N36: 145243 | P36: 6270809 | Q36: 2354602 | R36: 3916207 | S36: =IFERROR(J36/G36,0) -> 0.09535246 | T36: =IFERROR(R36/H36,0) -> 0.12147479
A37: 901143092 | B37: MOVINVERSIONES S.A.S | C37: BOGOTA D.C. | D37: BOGOTA D.C. | E37: H5229 | F37: Otras actividades complementarias al transporte | J37: 15607 | L37: -15605 | M37: 2 | O37: 90 | P37: -15695 | R37: -15695 | S37: =IFERROR(J37/G37,0) -> 0 | T37: =IFERROR(R37/H37,0) -> 0
A38: 900266976 | B38: AGENCIA DE ADUANAS GEODIS COLOMBIA S.A.S NIVEL 2 | C38: TENJO-CUNDINAMARCA | D38: CUNDINAMARCA | E38: H5229 | F38: Otras actividades complementarias al transporte | G38: 2228802 | H38: 1506432 | I38: 722370 | J38: 234997 | K38: 35317 | L38: 467077 | M38: 57924 | N38: 42903 | O38: 140086 | P38: 326991 | Q38: 258774 | R38: 68217 | S38: =IFERROR(J38/G38,0) -> 0.10543646 | T38: =IFERROR(R38/H38,0) -> 0.045283823
A39: 900385504 | B39: ESG INDUSTRIALES SAS | C39: CALI-VALLE | D39: VALLE | E39: H5229 | F39: Otras actividades complementarias al transporte | G39: 7681057 | H39: 6208956 | I39: 1472101 | J39: 950399 | L39: 766704 | M39: 296276 | N39: 51274 | O39: 39853 | P39: 726851 | Q39: 251380 | R39: 475471 | S39: =IFERROR(J39/G39,0) -> 0.12373284 | T39: =IFERROR(R39/H39,0) -> 0.076578252
A40: 811028981 | B40: MALCO CARGO S.AMALCO CARGO S.A | C40: MEDELLIN-ANTIOQUIA | D40: ANTIOQUIA | E40: H5229 | F40: Otras actividades complementarias al transporte | G40: 3904297 | H40: 1827198 | I40: 2077099 | J40: 485035 | K40: 595190 | L40: 1029102 | M40: 51549 | N40: 19321 | O40: 319044 | P40: 938312 | Q40: 377446 | R40: 560866 | S40: =IFERROR(J40/G40,0) -> 0.12423107 | T40: =IFERROR(R40/H40,0) -> 0.30695415
A41: 860506204 | B41: AGENCIA DE ADUANAS CEVA LOGISTICS SAS NIVEL 2 | C41: BOGOTA D.C. | D41: BOGOTA D.C. | E41: H5229 | F41: Otras actividades complementarias al transporte | G41: 10774871 | H41: 519665 | I41: 10255206 | J41: 8772027 | L41: 1428593 | M41: 38290 | N41: 92876 | O41: 91319 | P41: 1337274 | Q41: 394849 | R41: 942425 | S41: =IFERROR(J41/G41,0) -> 0.81411898 | T41: =IFERROR(R41/H41,0) -> 1.8135241
A42: 900430148 | B42: IMC AIRPORT SHOPPES SAS | C42: MEDELLIN-ANTIOQUIA | D42: ANTIOQUIA | E42: I5629 | F42: Actividades de otros servicios de comidas | G42: 38690535 | H42: 33681003 | I42: 5009532 | J42: 3762270 | L42: 452461 | M42: 102952 | N42: 897753 | O42: 1095716 | P42: 1322332 | Q42: 928408 | R42: 393924 | S42: =IFERROR(J42/G42,0) -> 0.097240061 | T42: =IFERROR(R42/H42,0) -> 0.011695732
A43: 830136200 | B43: AMBIPAR RESPONSE COLOMBIA SAS | C43: BOGOTA D.C. | D43: BOGOTA D.C. | E43: H5229 | F43: Otras actividades complementarias al transporte | G43: 11485945 | H43: 8004570 | I43: 3481375 | J43: 2478281 | K43: 628620 | L43: 400826 | M43: 441992 | N43: 415640 | O43: 672127 | P43: -271301 | Q43: 98835 | R43: -370136 | S43: =IFERROR(J43/G43,0) -> 0.2157664 | T43: =IFERROR(R43/H43,0) -> -0.046240585
A44: 830002397 | B44: AGENCIA DE ADUANAS DHL GLOBAL FORWARDING COLOMBIA S.A NIVEL 1 | C44: BOGOTA D.C. | D44: BOGOTA D.C. | E44: H5229 | F44: Otras actividades complementarias al transporte | G44: 15455716 | H44: 394894 | I44: 15060822 | J44: 11358998 | L44: 3824146 | O44: 108819 | P44: 3715327 | Q44: 934965 | R44: 2780362 | S44: =IFERROR(J44/G44,0) -> 0.73493832 | T44: =IFERROR(R44/H44,0) -> 7.0407806
A45: 900618834 | B45: DSV AIR AND SEA SAS | C45: BOGOTA D.C. | D45: BOGOTA D.C. | E45: H5229 | F45: Otras actividades complementarias al transporte | G45: 687808434 | H45: 566646936 | I45: 121161498 | J45: 83118712 | L45: 46032024 | M45: 6657229 | N45: 4309365 | O45: 34535089 | P45: 31202452 | Q45: 11923393 | R45: 19279059 | S45: =IFERROR(J45/G45,0) -> 0.12084573 | T45: =IFERROR(R45/H45,0) -> 0.034023053
A46: 830025224 | B46: DHL GLOBAL FORWARDING ZONA FRANCA (COLOMBIA) S.A. | C46: BOGOTA D.C. | D46: BOGOTA D.C. | E46: H5229 | F46: Otras actividades complementarias al transporte | G46: 20239843 | I46: 20239843 | J46: 21830436 | L46: -2644654 | N46: 1054061 | O46: 145420 | P46: -2790074 | Q46: -138416 | R46: -2651658 | S46: =IFERROR(J46/G46,0) -> 1.0785872 | T46: =IFERROR(R46/H46,0) -> 0
A47: 900053309 | B47: LONGPORT AIRPORT SERVICES SAS | C47: BOGOTA D.C. | D47: BOGOTA D.C. | E47: H5229 | F47: Otras actividades complementarias al transporte | G47: 12826895 | H47: 9325384 | I47: 3501511 | K47: 1980916 | L47: 1171138 | M47: 1009673 | N47: 1359130 | P47: 1171138 | Q47: 600407 | R47: 570731 | S47: =IFERROR(J47/G47,0) -> 0 | T47: =IFERROR(R47/H47,0) -> 0.061201877
A48: 830079716 | B48: CEVA FREIGHT MANAGEMENT DE COLOMBIA S.A.S. | C48: BOGOTA D.C. | D48: BOGOTA D.C. | E48: H5229 | F48: Otras actividades complementarias al transporte | G48: 54654966 | H48: 30059696 | I48: 24595270 | J48: 21749562 | L48: 2079389 | N48: 766319 | O48: 377549 | P48: 1701840 | Q48: 342677 | R48: 1359163 | S48: =IFERROR(J48/G48,0) -> 0.39794302 | T48: =IFERROR(R48/H48,0) -> 0.045215461
A49: 860532426 | B49: NAVES SAS | C49: BOGOTA D.C. | D49: BOGOTA D.C. | E49: H5229 | F49: Otras actividades complementarias al transporte | G49: 28923892 | H49: 7302327 | I49: 21621565 | J49: 3247498 | L49: 16963506 | M49: 695346 | N49: 2105907 | P49: 20680473 | Q49: 6325969 | R49: 14354504 | S49: =IFERROR(J49/G49,0) -> 0.11227735 | T49: =IFERROR(R49/H49,0) -> 1.9657438
A50: 805001285 | B50: AGENCIA DE ADUANAS SERCODEX S.A. NIVEL 2 | C50: CALI-VALLE | D50: VALLE | E50: H5229 | F50: Otras actividades complementarias al transporte | G50: 4149601 | I50: 4149601 | J50: 1362667 | K50: 1297831 | L50: 1471275 | M50: 21564 | N50: 39392 | O50: 9701 | P50: 416615 | Q50: 360238 | R50: 56377 | S50: =IFERROR(J50/G50,0) -> 0.32838507 | T50: =IFERROR(R50/H50,0) -> 0
A51: 901029518 | B51: TETRIS LOGISTICA SAS | C51: BOGOTA D.C. | D51: BOGOTA D.C. | E51: H5229 | F51: Otras actividades complementarias al transporte | G51: 21692609 | I51: 21692609 | J51: 2696400 | L51: 18651684 | N51: 344525 | P51: 18651684 | Q51: 0 | R51: 18651684 | S51: =IFERROR(J51/G51,0) -> 0.1243004 | T51: =IFERROR(R51/H51,0) -> 0
A52: 890902266 | B52: AGENCIA DE ADUNAS MARIO LONDOÑO S.A NIVEL 1 | C52: MEDELLIN-ANTIOQUIA | D52: ANTIOQUIA | E52: H5229 | F52: Otras actividades complementarias al transporte | G52: 20741143 | H52: 11479146 | I52: 9261997 | J52: 3808136 | K52: 1423787 | L52: 4152642 | M52: 202323 | N52: 79755 | O52: 537586 | P52: 4062799 | Q52: 1556677 | R52: 2506122 | S52: =IFERROR(J52/G52,0) -> 0.183603 | T52: =IFERROR(R52/H52,0) -> 0.21831955
A53: 800039996 | B53: KUEHNE+ NAGEL S.A.S | C53: BOGOTA D.C. | D53: BOGOTA D.C. | E53: H5229 | F53: Otras actividades complementarias al transporte | G53: 1320559225 | H53: 1156358979 | I53: 164200246 | J53: 138686909 | K53: 0 | L53: 26315903 | M53: 802566 | N53: 0 | O53: 27907362 | P53: 27907589 | Q53: 8097228 | R53: 19810361 | S53: =IFERROR(J53/G53,0) -> 0.10502135 | T53: =IFERROR(R53/H53,0) -> 0.01713167
A54: 830011100 | B54: AGENCIA DE CARGA AVIATUR SA | C54: BOGOTA D.C. | D54: BOGOTA D.C. | E54: H5229 | F54: Otras actividades complementarias al transporte | G54: 5438496 | H54: 450629 | I54: 4987867 | J54: 2099159 | K54: 2164213 | L54: 1038413 | M54: 517486 | N54: 203568 | O54: 318121 | P54: 1130951 | Q54: 337036 | R54: 793915 | S54: =IFERROR(J54/G54,0) -> 0.38598153 | T54: =IFERROR(R54/H54,0) -> 1.761793
A55: 830002571 | B55: AGENCIA DE ADUANAS AVIATUR SA NIVEL 1 | C55: BOGOTA D.C. | D55: BOGOTA D.C. | E55: H5229 | F55: Otras actividades complementarias al transporte | G55: 13318913 | H55: 193228 | I55: 13125685 | J55: 3354769 | K55: 9616703 | L55: 642360 | M55: 614668 | N55: 126521 | O55: 417202 | P55: 590774 | Q55: 239026 | R55: 351748 | S55: =IFERROR(J55/G55,0) -> 0.25188009 | T55: =IFERROR(R55/H55,0) -> 1.820378
A56: 900134926 | B56: FALCON FREIGHT SA EN REORGANIZACION | C56: FUNZA-CUNDINAMARCA | D56: CUNDINAMARCA | E56: H5229 | F56: Otras actividades complementarias al transporte | G56: 19133496 | H56: 13797765 | I56: 5335731 | J56: 3400476 | L56: 1652293 | M56: 1861506 | N56: 2144468 | P56: 1652293 | Q56: 497295 | R56: 1154998 | S56: =IFERROR(J56/G56,0) -> 0.17772372 | T56: =IFERROR(R56/H56,0) -> 0.083709064
A57: 901300262 | B57: PORTCARGO LOGISTICS PC1 SAS | C57: BOGOTA D.C. | D57: BOGOTA D.C. | E57: H5229 | F57: Otras actividades complementarias al transporte | G57: 17384524 | H57: 12327792 | I57: 5056732 | J57: 2469646 | L57: 1419208 | M57: 172304 | N57: 1340182 | P57: 1464230 | Q57: 742956 | R57: 721274 | S57: =IFERROR(J57/G57,0) -> 0.14206003 | T57: =IFERROR(R57/H57,0) -> 0.058507963
A58: 900258522 | B58: LOGISTICA DE INVERSIONES EN TRANSPORTE S.A | C58: BOGOTA D.C. | D58: BOGOTA D.C. | E58: H5229 | F58: Otras actividades complementarias al transporte | G58: 0 | H58: 88768 | I58: -88768 | J58: 432489 | K58: 81611 | L58: 282107 | M58: 912464 | N58: 27489 | O58: 0 | P58: 282107 | Q58: 184274 | R58: 97833 | S58: =IFERROR(J58/G58,0) -> 0 | T58: =IFERROR(R58/H58,0) -> 1.1021201
A59: 900432798 | B59: KEY LOGISTICS SAS | C59: BOGOTA D.C. | D59: BOGOTA D.C. | E59: H5229 | F59: Otras actividades complementarias al transporte | G59: 18550243 | H59: 3906511 | I59: 14643732 | J59: 8602612 | K59: 0 | L59: 6019428 | M59: 8631 | N59: 30323 | O59: 5633814 | P59: 4014061 | Q59: 1790438 | R59: 2223623 | S59: =IFERROR(J59/G59,0) -> 0.46374659 | T59: =IFERROR(R59/H59,0) -> 0.56920946
A60: 860060431 | B60: SUPERVISA S.A. | C60: BOGOTA D.C. | D60: BOGOTA D.C. | E60: H5229 | F60: Otras actividades complementarias al transporte | G60: 7304337 | H60: 4935317 | I60: 2369020 | J60: 2086904 | K60: 168500 | L60: 173348 | M60: 93449 | N60: 33717 | O60: 59549 | P60: 131834 | Q60: 48023 | R60: 83811 | S60: =IFERROR(J60/G60,0) -> 0.28570752 | T60: =IFERROR(R60/H60,0) -> 0.016981888
A61: 900007306 | B61: SISTEMAS LOGISTICOS INDUSTRIALES SAS | C61: PALMIRA-VALLE | D61: VALLE | E61: H5229 | F61: Otras actividades complementarias al transporte | G61: 6250081 | H61: 2933327 | I61: 3316754 | J61: 2682249 | L61: 631601 | M61: 9036 | N61: 11940 | O61: 118105 | P61: 521577 | Q61: 109073 | R61: 412504 | S61: =IFERROR(J61/G61,0) -> 0.42915428 | T61: =IFERROR(R61/H61,0) -> 0.14062667
A62: 901165895 | B62: DNP SERVICIOS SAS | C62: BARRANQUILLA-ATLANTICO | D62: ATLANTICO | E62: I5629 | F62: Actividades de otros servicios de comidas | G62: 23193182 | H62: 18596198 | I62: 4596984 | J62: 1285756 | L62: 3311228 | O62: 2738054 | P62: 691643 | Q62: 312239 | R62: 379404 | S62: =IFERROR(J62/G62,0) -> 0.055436809 | T62: =IFERROR(R62/H62,0) -> 0.020402235
A63: 890103820 | B63: ACI CARGO LOGISTICA SAS | C63: SOLEDAD-ATLANTICO | D63: ATLANTICO | E63: H5229 | F63: Otras actividades complementarias al transporte | G63: 1329871 | H63: 103194 | I63: 1226677 | J63: 1025901 | K63: 1300 | L63: 121441 | M63: 35836 | N63: 113871 | O63: 0 | P63: 138206 | Q63: 62196 | R63: 76010 | S63: =IFERROR(J63/G63,0) -> 0.77142896 | T63: =IFERROR(R63/H63,0) -> 0.73657383
A64: 830098132 | B64: AGENCIA DE ADUANAS INTERLOGISTICA SA NIVEL 1AGENCIA DE ADUANAS INTERLOGISTICA SA NIVEL 1 | C64: BOGOTA D.C. | D64: BOGOTA D.C. | E64: H5229 | F64: Otras actividades complementarias al transporte | G64: 8755987 | H64: 6851965 | I64: 1904022 | J64: 549123 | K64: 871264 | L64: 465532 | M64: 134081 | N64: 152184 | O64: 0 | P64: 465532 | Q64: 203806 | R64: 261726 | S64: =IFERROR(J64/G64,0) -> 0.062714004 | T64: =IFERROR(R64/H64,0) -> 0.038197218
A65: 890101962 | B65: AGENCIA DE ADUANAS CLARIC LTDA NIVEL 2 | C65: BARRANQUILLA-ATLANTICO | D65: ATLANTICO | E65: H5229 | F65: Otras actividades complementarias al transporte | G65: 7004794 | H65: 1491237 | I65: 5513557 | J65: 2466609 | K65: 1056 | L65: 3144790 | M65: 98898 | N65: 0 | O65: 239463 | P65: 2905330 | Q65: 934621 | R65: 1970709 | S65: =IFERROR(J65/G65,0) -> 0.35213155 | T65: =IFERROR(R65/H65,0) -> 1.3215264
A66: 830076778 | B66: AGENCIA DE ADUANAS DHL EXPRESS COLOMBIA LTDA NIVEL 1 | C66: BOGOTA D.C. | D66: BOGOTA D.C. | E66: H5229 | F66: Otras actividades complementarias al transporte | G66: 14360284 | H66: 10475530 | I66: 3884754 | J66: 3532737 | K66: 0 | L66: 541556 | M66: 276508 | N66: 86969 | O66: 475633 | P66: 65923 | Q66: 178646 | R66: -112723 | S66: =IFERROR(J66/G66,0) -> 0.24600746 | T66: =IFERROR(R66/H66,0) -> -0.010760601
A67: 800087733 | B67: MERCAEREO SAS | C67: BOGOTA D.C. | D67: BOGOTA D.C. | E67: H5229 | F67: Otras actividades complementarias al transporte | G67: 1396325 | H67: 1039236 | I67: 357089 | J67: 1297658 | K67: 457888 | L67: -2125158 | M67: 31682 | N67: 758383 | O67: 573243 | P67: -2697384 | Q67: 10115 | R67: -2707499 | S67: =IFERROR(J67/G67,0) -> 0.92933808 | T67: =IFERROR(R67/H67,0) -> -2.6052783
A68: 830136709 | B68: AUTOGRUAS LA SEXTA 24 HORAS Y CIA LTDA | C68: BOGOTA D.C. | D68: BOGOTA D.C. | E68: H5229 | F68: Otras actividades complementarias al transporte | G68: 3438570 | H68: 1935785 | I68: 1502785 | J68: 1148990 | L68: 454308 | M68: 148838 | N68: 48325 | O68: 48795 | P68: 405513 | Q68: 157339 | R68: 248174 | S68: =IFERROR(J68/G68,0) -> 0.33414763 | T68: =IFERROR(R68/H68,0) -> 0.12820329
A69: 900027528 | B69: AGENCIA DE ADUANAS UPS SCS COLOMBIA LTDA NIVEL 2 | C69: BOGOTA D.C. | D69: BOGOTA D.C. | E69: H5229 | F69: Otras actividades complementarias al transporte | G69: 5449711 | H69: 3179105 | I69: 2270606 | J69: 1110684 | K69: 187300 | L69: 972622 | O69: 17599 | P69: 955023 | Q69: 450850 | R69: 504173 | S69: =IFERROR(J69/G69,0) -> 0.20380604 | T69: =IFERROR(R69/H69,0) -> 0.1585896
A70: 900007889 | B70: RECAUDOS INTEGRADOS SAS | C70: PEREIRA-RISARALDA | D70: RISARALDA | E70: H5229 | F70: Otras actividades complementarias al transporte | G70: 6985388 | H70: 4412966 | I70: 2572422 | J70: 754680 | K70: 500 | L70: 775971 | M70: 568584 | N70: 1532398 | O70: 94809 | P70: 681162 | Q70: 418646 | R70: 262516 | S70: =IFERROR(J70/G70,0) -> 0.10803695 | T70: =IFERROR(R70/H70,0) -> 0.059487429
A71: 900890665 | B71: COMSHIP BROKERS S.A.S. | C71: BARRANQUILLA-ATLANTICO | D71: ATLANTICO | E71: H5229 | F71: Otras actividades complementarias al transporte | G71: 867695 | H71: 0 | I71: 867695 | J71: 395387 | K71: 157558 | L71: 302970 | M71: 0 | N71: 11780 | O71: 0 | P71: 306764 | R71: 306764 | S71: =IFERROR(J71/G71,0) -> 0.45567509 | T71: =IFERROR(R71/H71,0) -> 0
A72: 860066749 | B72: AGENCIA DE ADUANA ADUANAMIENTOS LTDA NIVEL 1 | C72: BOGOTA D.C. | D72: BOGOTA D.C. | E72: H5229 | F72: Otras actividades complementarias al transporte | G72: 3517995 | H72: 0 | I72: 3517995 | J72: 3574502 | K72: 0 | L72: 500086 | M72: 609464 | N72: 52871 | O72: 18688 | P72: 500451 | Q72: 187796 | R72: 312655 | S72: =IFERROR(J72/G72,0) -> 1.0160623 | T72: =IFERROR(R72/H72,0) -> 0
A73: 860078039 | B73: AGENCIA DE ADUANAS GRANANDINA LTDA. NIVEL 1 EN REORGANIZACION | C73: BOGOTA D.C. | D73: BOGOTA D.C. | E73: H5229 | F73: Otras actividades complementarias al transporte | G73: 1623574 | I73: 1623574 | J73: 1674278 | K73: 6705 | L73: -124747 | M73: 95750 | N73: 163088 | O73: 120756 | P73: -98968 | Q73: 78720 | R73: -177688 | S73: =IFERROR(J73/G73,0) -> 1.0312299 | T73: =IFERROR(R73/H73,0) -> 0
A74: 901032549 | B74: SOLUCIONES INTEGRALES S EN C | C74: MADRID-CUNDINAMARCA | D74: CUNDINAMARCA | E74: H5229 | F74: Otras actividades complementarias al transporte | G74: 4790630 | H74: 3490593 | I74: 1300037 | J74: 550445 | L74: 753636 | M74: 4044 | O74: 117328 | P74: 647345 | Q74: 202463 | R74: 444882 | S74: =IFERROR(J74/G74,0) -> 0.11490034 | T74: =IFERROR(R74/H74,0) -> 0.1274517
A75: 900155278 | B75: LOGICALL S.A. | C75: BOGOTA D.C. | D75: BOGOTA D.C. | E75: H5229 | F75: Otras actividades complementarias al transporte | G75: 4036853 | H75: 2398 | I75: 4034455 | J75: 3328729 | L75: 734414 | M75: 42591 | N75: 13903 | O75: 193384 | P75: 541160 | Q75: 99475 | R75: 441685 | S75: =IFERROR(J75/G75,0) -> 0.82458514 | T75: =IFERROR(R75/H75,0) -> 184.18891
A76: 900577475 | B76: GRUPO LIS SAS | C76: BELEN-BOYACA | D76: BOYACA | E76: H5229 | F76: Otras actividades complementarias al transporte | G76: 1960878 | H76: 1661110 | I76: 299768 | J76: 148593 | L76: 158583 | M76: 7408 | O76: 70968 | P76: 87615 | Q76: -31835 | R76: 119450 | S76: =IFERROR(J76/G76,0) -> 0.075778809 | T76: =IFERROR(R76/H76,0) -> 0.071909747
A77: 830004237 | B77: MAP CARGO SAS | C77: BOGOTA D.C. | D77: BOGOTA D.C. | E77: H5229 | F77: Otras actividades complementarias al transporte | G77: 15528345 | H77: 10808264 | I77: 4720081 | J77: 1899815 | K77: 1219460 | L77: 1605876 | M77: 74416 | N77: 69346 | O77: 1073557 | P77: 1066183 | Q77: 322260 | R77: 743923 | S77: =IFERROR(J77/G77,0) -> 0.12234498 | T77: =IFERROR(R77/H77,0) -> 0.068829092
A78: 830086392 | B78: SERVINUTRIR SAS | C78: BOGOTA D.C. | D78: BOGOTA D.C. | E78: I5629 | F78: Actividades de otros servicios de comidas | G78: 9115114 | H78: 7140419 | I78: 1974695 | J78: 1369540 | L78: 532589 | M78: 56080 | N78: 128646 | O78: 172330 | P78: 383590 | Q78: 118913 | R78: 264677 | S78: =IFERROR(J78/G78,0) -> 0.15024936 | T78: =IFERROR(R78/H78,0) -> 0.037067433
A79: 805015966 | B79: EQUISER EQUIPOS Y SERVICIOS SAS EQUISER SAS | C79: CALI-VALLE | D79: VALLE | E79: H5229 | F79: Otras actividades complementarias al transporte | G79: 9228035 | H79: 5628265 | I79: 3599770 | J79: 2328239 | K79: 0 | L79: 1266643 | M79: 180776 | N79: 185664 | O79: 312603 | P79: 975764 | Q79: 448905 | R79: 526859 | S79: =IFERROR(J79/G79,0) -> 0.25230063 | T79: =IFERROR(R79/H79,0) -> 0.093609487
A80: 800180908 | B80: ECU WORLDWIDE COLOMBIA S.A.S. | C80: BOGOTA D.C. | D80: BOGOTA D.C. | E80: H5229 | F80: Otras actividades complementarias al transporte | G80: 68973631 | H80: 64363740 | I80: 4609891 | J80: 4980774 | L80: -724233 | M80: 6720 | N80: 360070 | O80: 924042 | P80: -854008 | Q80: 120000 | R80: -974008 | S80: =IFERROR(J80/G80,0) -> 0.072212727 | T80: =IFERROR(R80/H80,0) -> -0.015132868
A81: 800116249 | B81: Agencia Maritima Transmares SAS | C81: SANTA-MARTA-MAGDALENA | D81: MAGDALENA | E81: H5229 | F81: Otras actividades complementarias al transporte | G81: 5512311 | H81: 739889 | I81: 4772422 | J81: 6215965 | L81: 88298 | M81: 3157246 | N81: 1625405 | P81: 88298 | Q81: 187799 | R81: -99501 | S81: =IFERROR(J81/G81,0) -> 1.1276514 | T81: =IFERROR(R81/H81,0) -> -0.13448098
A82: 830050256 | B82: EXPEDITORS DE COLOMBIA LTDA. | C82: BOGOTA D.C. | D82: BOGOTA D.C. | E82: H5229 | F82: Otras actividades complementarias al transporte | G82: 58668948 | H82: 39201182 | I82: 19467766 | J82: 12463521 | L82: 7399485 | M82: 985941 | N82: 590701 | O82: 1025658 | P82: 7786857 | Q82: 2434985 | R82: 5351872 | S82: =IFERROR(J82/G82,0) -> 0.21243812 | T82: =IFERROR(R82/H82,0) -> 0.13652323
A83: 900729521 | B83: IN BONDS IMPORT & EXPORT SAS | C83: BOGOTA D.C. | D83: BOGOTA D.C. | E83: H5229 | F83: Otras actividades complementarias al transporte | G83: 86130 | H83: 17637 | I83: 68493 | J83: 38373 | K83: 0 | L83: 30120 | O83: 47932 | P83: -17299 | R83: -17299 | S83: =IFERROR(J83/G83,0) -> 0.44552421 | T83: =IFERROR(R83/H83,0) -> -0.98083574
A84: 830088574 | B84: CRAFT COLOMBIA S.A.S. | C84: BOGOTA D.C. | D84: BOGOTA D.C. | E84: H5229 | F84: Otras actividades complementarias al transporte | G84: 17373505 | H84: 8017721 | I84: 9355784 | J84: 4356052 | K84: 3012818 | L84: 2079700 | M84: 92786 | N84: 0 | O84: 3878531 | P84: 1189538 | Q84: 575159 | R84: 614379 | S84: =IFERROR(J84/G84,0) -> 0.2507296 | T84: =IFERROR(R84/H84,0) -> 0.076627635
A85: 900757205 | B85: EXPOTRAN S A S AGENCIA DE ADUANAS | C85: BOGOTA D.C. | D85: BOGOTA D.C. | E85: H5229 | F85: Otras actividades complementarias al transporte | G85: 0 | H85: 0 | I85: 0 | J85: 36663 | L85: 17868 | M85: 54531 | O85: 195520 | P85: -177652 | R85: -177652 | S85: =IFERROR(J85/G85,0) -> 0 | T85: =IFERROR(R85/H85,0) -> 0
A86: 900362183 | B86: SAINTFOOD SAS EN LIQUIDACION | C86: COTA-CUNDINAMARCA | D86: CUNDINAMARCA | E86: I5629 | F86: Actividades de otros servicios de comidas | G86: 0 | H86: 0 | I86: 0 | J86: 8391 | K86: 0 | L86: -8124 | M86: 762 | N86: 495 | P86: -8124 | Q86: 3409 | R86: -11533 | S86: =IFERROR(J86/G86,0) -> 0 | T86: =IFERROR(R86/H86,0) -> 0
A87: 900062959 | B87: DIETRICH LOGISTICS INTERNACIONAL SAS | C87: BOGOTA D.C. | D87: BOGOTA D.C. | E87: H5229 | F87: Otras actividades complementarias al transporte | G87: 2870546 | H87: 816571 | I87: 2053975 | J87: 1734429 | K87: 0 | L87: 85358 | M87: 130731 | N87: 364919 | O87: 0 | P87: 85358 | Q87: 0 | R87: 85358 | S87: =IFERROR(J87/G87,0) -> 0.60421571 | T87: =IFERROR(R87/H87,0) -> 0.10453225
A88: 900444251 | B88: MASTERLINE COLOMBIA SAS | C88: BOGOTA D.C. | D88: BOGOTA D.C. | E88: H5229 | F88: Otras actividades complementarias al transporte | G88: 11188335 | H88: 2478671 | I88: 8709664 | J88: 5310061 | L88: 3383449 | N88: 16154 | O88: 1588789 | P88: 4260065 | Q88: 1505469 | R88: 2754596 | S88: =IFERROR(J88/G88,0) -> 0.4746069 | T88: =IFERROR(R88/H88,0) -> 1.1113197
A89: 860006765 | B89: CIA TRANSPORTADORA SAS | C89: BOGOTA D.C. | D89: BOGOTA D.C. | E89: H5229 | F89: Otras actividades complementarias al transporte | G89: 5950771 | I89: 5950771 | J89: 5592216 | L89: 697590 | M89: 737829 | N89: 398794 | P89: 697590 | Q89: 298172 | R89: 388334 | S89: =IFERROR(J89/G89,0) -> 0.93974646 | T89: =IFERROR(R89/H89,0) -> 0
A90: 900043088 | B90: MAREX CARGO SA | C90: MEDELLIN-ANTIOQUIA | D90: ANTIOQUIA | E90: H5229 | F90: Otras actividades complementarias al transporte | G90: 7253272 | H90: 1805701 | I90: 5447571 | J90: 3971388 | L90: 1080502 | M90: 2353484 | N90: 2749165 | O90: 195621 | P90: 884881 | Q90: 408022 | R90: 476859 | S90: =IFERROR(J90/G90,0) -> 0.54753055 | T90: =IFERROR(R90/H90,0) -> 0.26408525
A91: 900276082 | B91: M&B ZONA FRANCA SAS | C91: BOGOTA D.C. | D91: BOGOTA D.C. | E91: H5229 | F91: Otras actividades complementarias al transporte | G91: 1568444 | H91: 729656 | I91: 838788 | J91: 832249 | L91: 9202 | M91: 5426 | N91: 2763 | P91: 9202 | Q91: 4481 | R91: 4721 | S91: =IFERROR(J91/G91,0) -> 0.53062079 | T91: =IFERROR(R91/H91,0) -> 0.0064701722
A92: 800251957 | B92: AGENCIA DE ADUANAS SIACO SAS NIVEL 1 | C92: BOGOTA D.C. | D92: BOGOTA D.C. | E92: H5229 | F92: Otras actividades complementarias al transporte | G92: 31808818 | H92: 19099612 | I92: 12709206 | J92: 5268908 | K92: 1232002 | L92: 5735193 | M92: 370462 | N92: 843565 | O92: 474461 | P92: 5320523 | Q92: 1935985 | R92: 3384538 | S92: =IFERROR(J92/G92,0) -> 0.165643 | T92: =IFERROR(R92/H92,0) -> 0.17720454
A93: 900160595 | B93: NORTH CARGA SAS | C93: BOGOTA D.C. | D93: BOGOTA D.C. | E93: H5229 | F93: Otras actividades complementarias al transporte | G93: 4452782 | H93: 1984684 | I93: 2468098 | J93: 911391 | K93: 525901 | L93: 902840 | M93: 172988 | N93: 300954 | P93: 902840 | Q93: 200000 | R93: 702840 | S93: =IFERROR(J93/G93,0) -> 0.20467901 | T93: =IFERROR(R93/H93,0) -> 0.35413194
A94: 900518324 | B94: SUMINISTROS ALMARO SAS | C94: BOGOTA D.C. | D94: BOGOTA D.C. | E94: I5629 | F94: Actividades de otros servicios de comidas | G94: 147684 | H94: 243 | I94: 147441 | J94: 142611 | L94: 106350 | M94: 110706 | N94: 9186 | P94: 106350 | Q94: 10448 | R94: 95902 | S94: =IFERROR(J94/G94,0) -> 0.96564963 | T94: =IFERROR(R94/H94,0) -> 394.65844
A95: 830055625 | B95: JAS FORWANDING DE COLOMBIA SAS | C95: BOGOTA D.C. | D95: BOGOTA D.C. | E95: H5229 | F95: Otras actividades complementarias al transporte | G95: 88123113 | H95: 75641602 | I95: 12481511 | J95: 7639205 | L95: 4842306 | O95: 2476916 | P95: 5023552 | Q95: 1525833 | R95: 3497719 | S95: =IFERROR(J95/G95,0) -> 0.08668787 | T95: =IFERROR(R95/H95,0) -> 0.046240679
A96: 800063840 | B96: INTERNACIONAL SAENZ GOMEZ LTDA. | C96: BOGOTA D.C. | D96: BOGOTA D.C. | E96: H5229 | F96: Otras actividades complementarias al transporte | G96: 1956950 | H96: 535964 | I96: 1420986 | J96: 1220064 | L96: 236936 | M96: 58787 | N96: 22773 | O96: 31069 | P96: 205867 | Q96: 60637 | R96: 145230 | S96: =IFERROR(J96/G96,0) -> 0.6234518 | T96: =IFERROR(R96/H96,0) -> 0.27096969
A97: 830104873 | B97: SERVIFRANCA INTERNACIONAL S A SUCURSAL COLOMBIA | C97: BOGOTA D.C. | D97: BOGOTA D.C. | E97: H5229 | F97: Otras actividades complementarias al transporte | G97: 622413 | H97: 128080 | I97: 494333 | J97: 116120 | K97: 199827 | L97: 175280 | M97: 2001 | N97: 5107 | O97: 0 | P97: 175280 | Q97: 35968 | R97: 139312 | S97: =IFERROR(J97/G97,0) -> 0.18656423 | T97: =IFERROR(R97/H97,0) -> 1.0876952
A98: 900292264 | B98: CELISTICS COLOMBIA SAS | C98: BOGOTA D.C. | D98: BOGOTA D.C. | E98: H5229 | F98: Otras actividades complementarias al transporte | G98: 0 | H98: 0 | I98: 0 | J98: 345966 | K98: 6134 | L98: -235026 | M98: 273271 | N98: 156197 | P98: -235026 | R98: -235026 | S98: =IFERROR(J98/G98,0) -> 0 | T98: =IFERROR(R98/H98,0) -> 0
A99: 830080634 | B99: MAERSK LOGISTICS & SERVICES COLOMBIA LTDA | C99: BOGOTA D.C. | D99: BOGOTA D.C. | E99: H5229 | F99: Otras actividades complementarias al transporte | G99: 57580603 | H99: 50671107 | I99: 6909496 | J99: 6262648 | L99: -196455 | N99: 843303 | O99: 32925 | P99: -229380 | Q99: 263829 | R99: -493209 | S99: =IFERROR(J99/G99,0) -> 0.10876315 | T99: =IFERROR(R99/H99,0) -> -0.0097335351
A100: 800246993 | B100: SEAPORT SA | C100: CALI-VALLE | D100: VALLE | E100: H5229 | F100: Otras actividades complementarias al transporte | G100: 534022 | I100: 534022 | J100: 1189699 | L100: -152334 | M100: 504316 | N100: 973 | O100: 43608 | P100: 23287 | Q100: 15371 | R100: 7916 | S100: =IFERROR(J100/G100,0) -> 2.227809 | T100: =IFERROR(R100/H100,0) -> 0
A101: 900160943 | B101: ULOG SAS | C101: BOGOTA D.C. | D101: BOGOTA D.C. | E101: H5229 | F101: Otras actividades complementarias al transporte | G101: 16509592 | H101: 15377292 | I101: 1132300 | J101: 513449 | K101: 728324 | L101: -58498 | M101: 50975 | P101: -13859 | Q101: 24076 | R101: -37935 | S101: =IFERROR(J101/G101,0) -> 0.031100042 | T101: =IFERROR(R101/H101,0) -> -0.0024669493
A102: 900095034 | B102: LOGISTICA INTERNACIONAL DE PRODUCTOS Y SERVICIOS SA | C102: PALMIRA-VALLE | D102: VALLE | E102: H5229 | F102: Otras actividades complementarias al transporte | G102: 9225050 | H102: 2888773 | I102: 6336277 | J102: 4412222 | K102: 49080 | L102: 2085788 | M102: 393968 | N102: 183155 | O102: 162355 | P102: 1923903 | Q102: 428795 | R102: 1495108 | S102: =IFERROR(J102/G102,0) -> 0.47828706 | T102: =IFERROR(R102/H102,0) -> 0.51755815
A103: 800013331 | B103: CARGOMASTER S.A.S. | C103: BOGOTA D.C. | D103: BOGOTA D.C. | E103: H5229 | F103: Otras actividades complementarias al transporte | G103: 146666 | I103: 146666 | J103: 377590 | L103: 2059164 | M103: 2680594 | N103: 390506 | P103: 2428559 | Q103: 276311 | R103: 2152248 | S103: =IFERROR(J103/G103,0) -> 2.574489 | T103: =IFERROR(R103/H103,0) -> 0
A104: 900387656 | B104: CWW COLOMBIA LTDA | C104: BOGOTA D.C. | D104: BOGOTA D.C. | E104: H5229 | F104: Otras actividades complementarias al transporte | G104: 6555670 | H104: 3169785 | I104: 3385885 | J104: 3221112 | K104: 1146148 | L104: -419942 | M104: 712930 | N104: 151497 | P104: -419280 | R104: -419280 | S104: =IFERROR(J104/G104,0) -> 0.49134749 | T104: =IFERROR(R104/H104,0) -> -0.13227396
A105: 830050590 | B105: JB LOGISTIC LTDA | C105: BOGOTA D.C. | D105: BOGOTA D.C. | E105: H5229 | F105: Otras actividades complementarias al transporte | G105: 1547224 | I105: 1547224 | J105: 1515034 | K105: 1454 | L105: 70997 | M105: 43933 | N105: 3672 | O105: 77790 | P105: 109225 | Q105: 82995 | R105: 26230 | S105: =IFERROR(J105/G105,0) -> 0.979195 | T105: =IFERROR(R105/H105,0) -> 0
...

Sheet DATOS VARIACION IPC
B3: PROYECCIÓN DE PRECIOS
B5: Precios Proyectados para Vigencia ---> | F5: 2022 | J5: Factor de proyección | M5: Indices Est. Costos | N5: Observación
B7: Criterio de Proyección de precios 2019 ----> | F7: Promedio 7 ultimos años | J7: Indice de precios al Consumidor. | M7: =+N15 -> 0.0709 | N7: Indice año corrido a Julio 2022
J8: Indice de Precios de Alimentos. | M8: =+N16 -> 0.1576 | N8: Indice año corrido a Julio 2022
J9: Indice de Precios de Vestuario | M9: =+N17 -> 0.0427 | N9: Indice año corrido a Julio 2022
J10: Indice de Precios de Transporte. | M10: =+N18 -> 0.0514 | N10: Indice año corrido a Julio 2022
J11: Indice de Precios de Salarios (SMMLV) | M11: =+N19 -> 0.1 | N11: Proyeccion incremente SMMLV
B13: Factor de proyección | E13: Historico | O13: Factor de Proyección (Nacional
E14: 2013 | F14: 2014 | G14: 2015 | H14: 2016 | I14: 2017 | J14: 2018 | K14: 2019 | L14: 2020 | M14: 2021 | N14: 2022 | O14: 2022 | P14: 2023 | Q14: 2024 | R14: 2025
B15: Indice de precios al Consumidor. | E15: =+P152/100 -> 0.0194 | F15: =+P139/100 -> 0.0366 | G15: =+P126/100 -> 0.0677 | H15: =+P113/100 -> 0.0575 | I15: =+P100/100 -> 0.0409 | J15: =+P87/100 -> 0.0318 | K15: =+P71/100 -> 0.038 | L15: =+P55/100 -> 0.0161 | M15: =+P39/100 -> 0.0562 | N15: =+P23/100 -> 0.0709 | O15: 1 | P15: =+IF($F$7="Meta Inflacionaria",$O15+3%,(1+AVERAGE(H15:N15))) -> 1.0444857 | Q15: =+P15*1.03 -> 1.0758203 | R15: =+Q15*1.03 -> 1.1080949
B16: Indice de Precios de Alimentos. | E16: =+P153/100 -> 0.0086 | F16: =(+P140)/100 -> 0.0469 | G16: =(+P127)/100 -> 0.1085 | H16: =(+P114)/100 -> 0.0722 | I16: =(+P101)/100 -> 0.0192 | J16: =(+P88)/100 -> 0.0243 | K16: =+P72/100 -> 0.058 | L16: =+P56/100 -> 0.048 | M16: =+P40/100 -> 0.1723 | N16: =+P24/100 -> 0.1576 | O16: 1 | P16: =+IF($F$7="Meta Inflacionaria",$O16+3%,(1+AVERAGE(H16:N16))) -> 1.0788 | Q16: =+P16*1.03 -> 1.111164 | R16: =+Q16*1.03 -> 1.1444989
B17: Indice de Precios de Vestuario | E17: =+P155/100 -> 0.0094 | F17: =+P142/100 -> 0.0149 | G17: =+P129/100 -> 0.0299 | H17: =+P116/100 -> 0.0398 | I17: =+P103/100 -> 0.0198 | J17: =+P90/100 -> 0.0033 | K17: =+P74/100 -> 0.0069 | L17: =+P58/100 -> -0.0394 | M17: =+P42/100 -> -0.026 | N17: =+P26/100 -> 0.0427 | O17: 1 | P17: =+IF($F$7="Meta Inflacionaria",$O17+3%,(1+AVERAGE(H17:N17))) -> 1.0067286 | Q17: =+P17*1.03 -> 1.0369304 | R17: =+Q17*1.03 -> 1.0680383
B18: Indice de Precios de Transporte. | E18: =+P158/100 -> 0.0184 | F18: =(+P145)/100 -> 0.0281 | G18: =(+P132)/100 -> 0.0452 | H18: =(+P119)/100 -> 0.0405 | I18: =(+P106)/100 -> 0.0769 | J18: =(+P93)/100 -> -0.0116 | K18: =+P78/100 -> 0.0341 | L18: =+P62/100 -> 0.0135 | M18: =+P46/100 -> 0.0569 | N18: =+P30/100 -> 0.0514 | O18: 1 | P18: =+IF($F$7="Meta Inflacionaria",$O18+3%,(1+AVERAGE(H18:N18))) -> 1.0373857 | Q18: =+P18*1.03 -> 1.0685073 | R18: =+Q18*1.03 -> 1.1005625
B19: Indice de Precios de Salarios (SMMLV) | E19: 0.045 | F19: 0.046 | G19: 0.07 | H19: 0.07 | I19: 0.059 | J19: 0.06 | K19: 0.06 | L19: 0.035 | M19: 0.107 | N19: 0.1 | O19: 1 | P19: =+IF($F$7="Meta Inflacionaria",$O19+3%,(1+AVERAGE(H19:N19))) -> 1.0701429 | Q19: =+P19*1.03 -> 1.1022471 | R19: =+Q19*1.03 -> 1.1353146
B21: Variaciones mensuales 2022
B22: Mes | D22: Enero | E22: Febrero | F22: Marzo | G22: Abril | H22: Mayo | I22: Junio | J22: Julio | K22: Agosto | L22: Septiembre | M22: Octubre | N22: Noviembre | O22: Diciembre | P22: Año corrido
B23: Total IPC | D23: 1.67 | E23: 1.63 | F23: 1 | G23: 1.25 | H23: 0.84 | I23: 0.51 | P23: 7.09
B24: Alimentos Y Bebidas No Alcoholicas | D24: 3.79 | E24: 3.26 | F24: 2.84 | G24: 2.75 | H24: 1.56 | I24: 0.65 | P24: 15.76
B25: Bebidas Alcohólicas y Tabaco | D25: 0.72 | E25: 0.77 | F25: 0.86 | G25: 0.68 | H25: 0.66 | I25: 0.38 | P25: 4.14
B26: Prendas De Vestir Y Calzado | D26: 4.03 | E26: 1.23 | F26: -1.78 | G26: 2.99 | H26: 0.55 | I26: -2.64 | P26: 4.27
B27: Alojamiento, Agua, Electricidad, Gas Y Otros Combustibles | D27: 0.46 | E27: 0.71 | F27: 0.58 | G27: 0.82 | H27: 0.83 | I27: 0.54 | P27: 4
B28: Muebles, Articulos Para El Hogar Y Para La Conservación Ordinaria Del Hogar | D28: 2.93 | E28: 2.6 | F28: 1.83 | G28: 1.49 | H28: 0.82 | I28: 0.96 | P28: 11.09
B29: Salud | D29: 0.93 | E29: 1.18 | F29: 0.97 | G29: 0.87 | H29: 0.61 | I29: 0.44 | P29: 5.09
B30: Transporte | D30: 1.85 | E30: 1.13 | F30: 0.37 | G30: 0.66 | H30: 0.27 | I30: 0.76 | P30: 5.14
B31: Información Y Comunicación | D31: 0.13 | E31: 0.04 | F31: -0.19 | G31: 0.13 | H31: -0.05 | I31: -0.24 | P31: -0.18
B32: Recreación Y Cultura | D32: 0.58 | E32: 0.83 | F32: 0.01 | G32: 1.18 | H32: 0.38 | I32: 0.61 | P32: 3.65
B33: Educación | D33: 0 | E33: 4.48 | F33: 0.3 | G33: 0.01 | H33: 0.18 | I33: 0 | P33: 4.98
B34: Restaurantes Y Hoteles | D34: 2.4 | E34: 2.22 | F34: 1.42 | G34: 1.09 | H34: 1.18 | I34: 1.06 | P34: 9.75
B35: Bienes Y Servicios Diversos | D35: 1.29 | E35: 1.26 | F35: 1 | G35: 0.96 | H35: 0.88 | I35: 0.61 | P35: 6.14
B36: Fuente: DANE.
B37: Variaciones mensuales 2021
B38: Mes | D38: Enero | E38: Febrero | F38: Marzo | G38: Abril | H38: Mayo | I38: Junio | J38: Julio | K38: Agosto | L38: Septiembre | M38: Octubre | N38: Noviembre | O38: Diciembre | P38: Año corrido
B39: Total IPC | D39: 0.41 | E39: 0.64 | F39: 0.51 | G39: 0.59 | H39: 1 | I39: -0.05 | J39: 0.32 | K39: 0.45 | L39: 0.38 | M39: 0.01 | N39: 0.5 | O39: 0.73 | P39: 5.62
B40: Alimentos Y Bebidas No Alcoholicas | D40: 1.44 | E40: 0.46 | F40: 1.14 | G40: 2.09 | H40: 5.37 | I40: -1.02 | J40: 0.38 | K40: 1.08 | L40: 0.76 | M40: 0.89 | N40: 1.45 | O40: 2.08 | P40: 17.23
B41: Bebidas Alcohólicas y Tabaco | D41: 0.2 | E41: 0.31 | F41: 0.46 | G41: 0.51 | H41: 0.22 | I41: 0.24 | J41: 0.27 | K41: 0.22 | L41: 0.41 | M41: 0.46 | N41: 0.44 | O41: 0.78 | P41: 4.6
B42: Prendas De Vestir Y Calzado | D42: -0.41 | E42: 1.82 | F42: 0.46 | G42: -0.37 | H42: 0.08 | I42: 0.02 | J42: 0.18 | K42: 0.07 | L42: 0.08 | M42: -3.45 | N42: -0.63 | O42: -0.41 | P42: -2.6
B43: Alojamiento, Agua, Electricidad, Gas Y Otros Combustibles | D43: 0.13 | E43: 0.28 | F43: 0.69 | G43: 0.43 | H43: 0.24 | I43: 0.06 | J43: 0.31 | K43: 0.19 | L43: 0.4 | M43: 0.29 | N43: 0.28 | O43: 0.32 | P43: 3.68
B44: Muebles, Articulos Para El Hogar Y Para La Conservación Ordinaria Del Hogar | D44: 0.26 | E44: 0.96 | F44: 0.3 | G44: 0.37 | H44: 0.32 | I44: 0.35 | J44: 0.23 | K44: 0.3 | L44: 0.38 | M44: 0.29 | N44: 0.28 | O44: 0.23 | P44: 4.34
B45: Salud | D45: 0.26 | E45: 0.59 | F45: 0.31 | G45: 0.42 | H45: 0.27 | I45: 0.23 | J45: 0.27 | K45: 0.25 | L45: 0.48 | M45: 0.5 | N45: 0.29 | O45: 0.03 | P45: 3.98
B46: Transporte | D46: 0.7 | E46: 0.62 | F46: 0.43 | G46: 0.38 | H46: 0.33 | I46: 0.1 | J46: 0.23 | K46: 0.34 | L46: 0.59 | M46: 0.5 | N46: 0.47 | O46: 0.86 | P46: 5.69
B47: Información Y Comunicación | D47: -0.16 | E47: -0.09 | F47: -0.85 | G47: -1.13 | H47: -3.17 | I47: -0.27 | J47: -0.11 | K47: -0.18 | L47: 0.08 | M47: -6.79 | N47: 0.09 | O47: -0.01 | P47: -12.1
B48: Recreación Y Cultura | D48: -0.82 | E48: 0.82 | F48: -0.53 | G48: 0.07 | H48: 0.18 | I48: 0.05 | J48: 0.38 | K48: 0.19 | L48: 0.77 | M48: -0.21 | N48: -0.5 | O48: 0.65 | P48: 1.04
B49: Educación | D49: 0 | E49: 3.56 | F49: 0.24 | G49: 0.86 | H49: 0.06 | I49: 0 | J49: 0 | K49: 0.62 | L49: -2.3 | M49: -0.07 | N49: 0 | O49: -0.15 | P49: 2.76
B50: Restaurantes Y Hoteles | D50: 0.65 | E50: 0.69 | F50: 0.4 | G50: 0.37 | H50: 0.86 | I50: 0.68 | J50: 0.8 | K50: 0.99 | L50: 0.55 | M50: 0.53 | N50: 0.93 | O50: 1.04 | P50: 8.83
B51: Bienes Y Servicios Diversos | D51: 0.37 | E51: 0.62 | F51: 0.13 | G51: 0.35 | H51: 0.24 | I51: 0.27 | J51: 0.31 | K51: 0.29 | L51: 0.48 | M51: 0.29 | N51: 0.31 | O51: 0.44 | P51: 4.19
B52: Fuente: DANE.
B53: Variaciones mensuales 2020
B54: Mes | D54: Enero | E54: Febrero | F54: Marzo | G54: Abril | H54: Mayo | I54: Junio | J54: Julio | K54: Agosto | L54: Septiembre | M54: Octubre | N54: Noviembre | O54: Diciembre | P54: Año corrido
B55: Total IPC | D55: 0.42 | E55: 0.67 | F55: 0.57 | G55: 0.16 | H55: -0.32 | I55: -0.38 | J55: 0 | K55: -0.01 | L55: 0.32 | M55: -0.06 | N55: -0.15 | O55: 0.38 | P55: 1.61
B56: Alimentos Y Bebidas No Alcoholicas | D56: 0.76 | E56: 0.93 | F56: 2.21 | G56: 2.04 | H56: 0.04 | I56: -0.11 | J56: -0.8 | K56: -0.45 | L56: -0.04 | M56: -0.32 | N56: 0.06 | O56: 0.43 | P56: 4.8
B57: Bebidas Alcohólicas y Tabaco | D57: 0.41 | E57: 0.51 | F57: 0.23 | G57: 0.12 | H57: 0.28 | I57: 0.21 | J57: 0.14 | K57: 0.32 | L57: 0.15 | M57: 0.12 | N57: 0.16 | O57: -0.05 | P57: 2.61
B58: Prendas De Vestir Y Calzado | D58: 0.22 | E58: 0.31 | F58: 0.05 | G58: -0.39 | H58: -0.28 | I58: -2.06 | J58: -0.09 | K58: -1 | L58: 0.26 | M58: -0.13 | N58: -3.71 | O58: 2.95 | P58: -3.94
B59: Alojamiento, Agua, Electricidad, Gas Y Otros Combustibles | D59: 0.05 | E59: 0.47 | F59: 0.55 | G59: 0.15 | H59: -0.2 | I59: -0.53 | J59: 0.16 | K59: 0.07 | L59: 0.51 | M59: -0.06 | N59: 0.11 | O59: 0.52 | P59: 1.81
B60: Muebles, Articulos Para El Hogar Y Para La Conservación Ordinaria Del Hogar | D60: 0.51 | E60: 0.35 | F60: 0.3 | G60: 0.07 | H60: -1.69 | I60: -0.58 | J60: 0 | K60: -0.05 | L60: 0.11 | M60: 0.04 | N60: -0.31 | O60: 0.31 | P60: -0.96
B61: Salud | D61: 0.59 | E61: 0.65 | F61: 0.49 | G61: 0.51 | H61: 0.43 | I61: 0.33 | J61: 0.56 | K61: 0.7 | L61: 0.28 | M61: 0.07 | N61: 0.13 | O61: 0.12 | P61: 4.96
B62: Transporte | D62: 0.7 | E62: 0.28 | F62: -0.07 | G62: -0.89 | H62: -0.47 | I62: -0.53 | J62: 0.25 | K62: 0.27 | L62: 0.83 | M62: 0.9 | N62: -0.03 | O62: 0.12 | P62: 1.35
B63: Información Y Comunicación | D63: 0.39 | E63: -0.1 | F63: 0.02 | G63: -2.97 | H63: -3.12 | I63: -0.06 | J63: -0.02 | K63: 3.6 | L63: 2.55 | M63: -0.13 | N63: -0.46 | O63: 0.38 | P63: -0.1
B64: Recreación Y Cultura | D64: 0.49 | E64: 0.24 | F64: -0.37 | G64: 0.03 | H64: 0.04 | I64: -0.16 | J64: 0.05 | K64: 0.17 | L64: -0.02 | M64: 0.06 | N64: -0.52 | O64: 0.69 | P64: 0.68
B65: Educación | D65: 0 | E65: 4.78 | F65: 0.03 | G65: 0.01 | H65: 0.04 | I65: 0 | J65: 0 | K65: -3.48 | L65: -2.77 | M65: -2.48 | N65: -1.03 | O65: -2.11 | P65: -7.02
B66: Restaurantes Y Hoteles | D66: 0.87 | E66: 0.54 | F66: 0.16 | G66: 0.16 | H66: -0.03 | I66: -0.04 | J66: 0.27 | K66: 0.18 | L66: 0.28 | M66: 0.23 | N66: 0.28 | O66: 0.49 | P66: 3.43
B67: Bienes Y Servicios Diversos | D67: 0.7 | E67: 0.37 | F67: 0.42 | G67: 0.22 | H67: -0.11 | I67: -0.23 | J67: 0.22 | K67: 0.49 | L67: 0.39 | M67: -0.21 | N67: 0.16 | O67: 0.07 | P67: 2.52
B68: Fuente: DANE.
B69: Variaciones mensuales 2019
B70: Mes | D70: Enero | E70: Febrero | F70: Marzo | G70: Abril | H70: Mayo | I70: Junio | J70: Julio | K70: Agosto | L70: Septiembre | M70: Octubre | N70: Noviembre | O70: Diciembre | P70: Año corrido
B71: Total IPC | D71: 0.6 | E71: 0.57 | F71: 0.43 | G71: 0.5 | H71: 0.31 | I71: 0.27 | J71: 0.22 | K71: 0.09 | L71: 0.23 | M71: 0.16 | N71: 0.1 | O71: 0.26 | P71: 3.8
B72: Alimentos Y Bebidas No Alcoholicas | D72: 1.4 | E72: 0.23 | F72: 0.95 | G72: 1.07 | H72: 0.65 | I72: 0.85 | J72: 0.66 | K72: -0.13 | L72: 0.46 | M72: 0.25 | N72: -0.47 | O72: -0.25 | P72: 5.8
B73: Bebidas Alcohólicas y Tabaco | D73: 0.49 | E73: 1.05 | F73: 0.94 | G73: 0.81 | H73: 0.79 | I73: 0.25 | J73: -0.01 | K73: -0.08 | L73: -0.17 | M73: 0.29 | N73: 0.44 | O73: 0.54 | P73: 5.48
B74: Prendas De Vestir Y Calzado | D74: -0.16 | E74: 0.08 | F74: -0.02 | G74: 0.07 | H74: 0.29 | I74: 0.09 | J74: -0.23 | K74: 0.22 | L74: 0.13 | M74: 0.04 | N74: 0.11 | O74: 0.07 | P74: 0.69
B75: Alojamiento, Agua, Electricidad, Gas Y Otros Combustibles | D75: 0.25 | E75: 0.27 | F75: 0.67 | G75: 0.47 | H75: 0.43 | I75: 0.08 | J75: 0.17 | K75: 0.16 | L75: 0.21 | M75: 0.19 | N75: 0.3 | O75: 0.21 | P75: 3.46
B76: Muebles, Articulos Para El Hogar Y Para La Conservación Ordinaria Del Hogar | D76: 0.46 | E76: 0.39 | F76: 0.37 | G76: 0.46 | H76: 0.32 | I76: 0.21 | J76: 0.05 | K76: 0.04 | L76: 0.07 | M76: -0.05 | N76: 0.11 | O76: 0.09 | P76: 2.54
B77: Salud | D77: 0.37 | E77: -0.02 | F77: 0.15 | G77: 0.31 | H77: 0.25 | I77: 0.29 | J77: 0.15 | K77: 0.3 | L77: 0.28 | M77: 0.34 | N77: 0.21 | O77: 0.17 | P77: 2.82
B78: Transporte | D78: 0.37 | E78: 0.78 | F78: 0.38 | G78: 0.23 | H78: 0.01 | I78: 0.45 | J78: 0.28 | K78: 0.1 | L78: 0.05 | M78: 0.14 | N78: 0.1 | O78: 0.48 | P78: 3.41
B79: Información Y Comunicación | D79: 1.44 | E79: -0.12 | F79: -0.13 | G79: 0.72 | H79: -0.06 | I79: -0.12 | J79: 0.33 | K79: -0.18 | L79: -0.02 | M79: -0.06 | N79: -0.06 | O79: 0.96 | P79: 2.73
B80: Recreación Y Cultura | D80: 0.47 | E80: 0.53 | F80: -0.5 | G80: 0.33 | H80: 0.19 | I80: 0.53 | J80: 0.51 | K80: -0.26 | L80: -0.43 | M80: 0.47 | N80: 0.39 | O80: 1.41 | P80: 3.7
B81: Educación | D81: 0 | E81: 4.48 | F81: 0.03 | G81: 0.09 | H81: 0.05 | I81: 0 | J81: 0 | K81: 0.11 | L81: 0.9 | M81: 0.03 | N81: 0 | O81: 0 | P81: 5.75
B82: Restaurantes Y Hoteles | D82: 1.15 | E82: 0.75 | F82: -0.03 | G82: 0.47 | H82: 0.18 | I82: 0.1 | J82: -0.05 | K82: 0.32 | L82: 0.33 | M82: 0.11 | N82: 0.32 | O82: 0.5 | P82: 4.23
B83: Bienes Y Servicios Diversos | D83: 0.78 | E83: 0.57 | F83: 0.27 | G83: 0.3 | H83: 0.12 | I83: 0.13 | J83: 0.01 | K83: 0.16 | L83: 0.32 | M83: 0.04 | N83: 0.07 | O83: 0.16 | P83: 2.95
B84: Fuente: DANE.
B85: Variaciones mensuales 2018
B86: Mes | D86: Enero | E86: Febrero | F86: Marzo | G86: Abril | H86: Mayo | I86: Junio | J86: Julio | K86: Agosto | L86: Septiembre | M86: Octubre | N86: Noviembre | O86: Diciembre | P86: Año corrido
B87: Total IPC | D87: 0.63 | E87: 0.71 | F87: 0.24 | G87: 0.46 | H87: 0.25 | I87: 0.15 | J87: -0.13 | K87: 0.12 | L87: 0.16 | M87: 0.12 | N87: 0.12 | O87: 0.3 | P87: 3.18
B88: Alimentos | D88: 1.2 | E88: 0.16 | F88: 0.15 | G88: 0.66 | H88: 0.06 | I88: 0.03 | J88: -0.56 | K88: 0.03 | L88: 0.29 | M88: -0.04 | N88: 0.01 | O88: 0.4 | P88: 2.43
B89: Vivienda | D89: 0.33 | E89: 0.38 | F89: 0.4 | G89: 0.79 | H89: 0.45 | I89: 0.08 | J89: 0.25 | K89: 0.35 | L89: 0.18 | M89: 0.36 | N89: 0.06 | O89: 0.3 | P89: 4.13
B90: Vestuario | D90: 0.07 | E90: 0.03 | F90: -0.03 | G90: 0 | H90: -0.03 | I90: 0.07 | K90: 0.06 | L90: -0.05 | M90: 0.06 | N90: 0.01 | O90: 0.08 | P90: 0.33
B91: Salud | D91: 1.16 | E91: 0.84 | F91: 0.9 | G91: 0.43 | H91: 0.07 | I91: 0.24 | J91: 0.17 | K91: 0.13 | L91: 0.19 | M91: 0.07 | N91: 0 | O91: 0.09 | P91: 4.33
B92: Educación | D92: 0.01 | E92: 5.85 | F92: 0.03 | G92: 0 | H92: 0 | I92: 0.01 | J92: 0.01 | K92: 0.13 | L92: 0.3 | M92: 0 | N92: 0 | O92: 0.02 | P92: 6.38
B93: Esparcimiento | D93: 0.4 | E93: -1.9 | F93: -0.39 | G93: -0.32 | H93: 0.65 | I93: 0.03 | J93: -0.42 | K93: -0.69 | L93: -0.13 | M93: -0.08 | N93: 0.03 | O93: 0.69 | P93: -1.16
B94: Transporte | D94: 0.7 | E94: 1.03 | F94: 0.34 | G94: 0.09 | H94: 0.38 | I94: 0.34 | J94: 0.08 | K94: 0.05 | L94: 0 | M94: 0.2 | N94: 0.01 | O94: 0.38 | P94: 3.73
B95: Comunicaciones | D95: 0.04 | E95: 0.23 | F95: 0 | G95: 0 | H95: -0.01 | I95: 1.69 | J95: -1.4 | K95: -0.18 | L95: 0.03 | M95: -0.05 | N95: 0 | O95: -0.03 | P95: 0.28
B96: Otros gastos | D96: 0.48 | E96: 0.58 | F96: 0.17 | G96: 0.21 | H96: 0.4 | I96: 0.13 | J96: 0.02 | K96: 0.04 | L96: 0.05 | M96: -0.09 | N96: 0.01 | O96: 0.14 | P96: 2.29
B97: Fuente: DANE.
B98: Variaciones mensuales 2017
B99: Mes | D99: Enero | E99: Febrero | F99: Marzo | G99: Abril | H99: Mayo | I99: Junio | J99: Julio | K99: Agosto | L99: Septiembre | M99: Octubre | N99: Noviembre | O99: Diciembre | P99: Año corrido
B100: Total IPC | D100: 1.02 | E100: 1.01 | F100: 0.47 | G100: 0.47 | H100: 0.23 | I100: 0.11 | J100: -0.05 | K100: 0.14 | L100: 0.04 | M100: 0.02 | N100: 0.18 | O100: 0.38 | P100: 4.09
B101: Alimentos | D101: 1.62 | E101: 0.71 | F101: 0.11 | G101: 0.13 | H101: 0.07 | I101: -0.21 | J101: -0.06 | K101: -0.08 | L101: -0.4 | M101: -0.24 | N101: 0.06 | O101: 0.19 | P101: 1.92
B102: Vivienda | D102: 0.71 | E102: 0.43 | F102: 0.53 | G102: 0.67 | H102: 0.49 | I102: 0.24 | J102: -0.11 | K102: 0.44 | L102: 0.34 | M102: 0.22 | N102: 0.3 | O102: 0.14 | P102: 4.49
B103: Vestuario | D103: 0.17 | E103: 0.52 | F103: 0.39 | G103: 0.38 | H103: 0.16 | I103: 0.19 | J103: 0.06 | K103: -0.05 | L103: 0.1 | M103: -0.08 | N103: 0.13 | O103: 0.01 | P103: 1.98
B104: Salud | D104: 1.3 | E104: 1.09 | F104: 1.28 | G104: 0.72 | H104: 0.43 | I104: 0.36 | J104: 0.22 | K104: 0.15 | L104: 0.11 | M104: 0.19 | N104: 0.15 | O104: 0.19 | P104: 6.34
B105: Educación | D105: 0.03 | E105: 6.78 | F105: 0.04 | G105: 0.01 | H105: 0.01 | I105: 0.02 | J105: 0.03 | K105: 0.14 | L105: 0.3 | M105: 0.01 | N105: 0.01 | O105: 0 | P105: 7.41
B106: Esparcimiento | D106: 1.08 | E106: -0.97 | F106: 0.52 | G106: 0.27 | H106: -0.1 | I106: 2.85 | J106: -0.89 | K106: 0.06 | L106: -0.32 | M106: 0.31 | N106: 0.68 | O106: 4.05 | P106: 7.69
...

Sheet COT_BASE_COTIZACIONES
C2: Ir a Indice
A3: SECRETARÍA DE EDUCACIÓN DEL DISTRITO
A4: DIRECCIÓN DE BIENESTAR ESTUDIANTIL
A5: PROGRAMA DE ALIMENTACIÓN ESCOLAR
A7: CONSOLIDADO DE COTIZACIONES RECIBIDAS
A10: TIPO COTIZACIÓN | B10: TIPO REGISTRO | C10: COD PROVEEDOR | D10: RAZÓN SOCIAL Y/O FUENTE INFORMACIÓN | E10: EVALUAR ? | F10: COD ELEMENTO | G10: COD ELEMENTO | H10: NOMBRE PRODUCTO | I10: PRESENTACIÓN REQUERIDA SED | J10: UNIDAD DE MEDIDA | K10: PRESENTACIÓN OFERTADA PROVEEDOR | L10: CUMPLE PRESENTACIÓN | M10: PRESENTACIÓN OFERTADA | N10: TARIFA IVA | O10: VALOR UNITARIO SIN IVA | P10: VALOR UNITARIO IVA INCLUIDO | Q10: OBSERVACIONES | R10: VALOR UNITARIO BASE GRAVABLE | S10: VALOR UNITARIO IVA INCLUDO | T10: OBSERVACIONES
A11: ANALISIS DE LABORATORIO | B11: ESTUDIO DE COSTOS DBE 2022 | D11: BIOTRENDSLAB | E11: SI | F11: L1 | G11: =IF(E11="SI",F11,CONCATENATE(" REGISTRO COTIZACION NO EVALUADA: ",F11)) -> L1 | H11: Ambiente: Cuartos Fríos (materias primas) | I11: 1 | J11: Analisis | L11: NA | M11: 1 | N11: 0.19 | O11: 31600 | P11: =O11*(1+N11) -> 37604 | R11: =+O11 -> 31600 | S11: =+P11 -> 37604 | T11: Cotización recibida 28-06-2022
A12: ANALISIS DE LABORATORIO | B12: ESTUDIO DE COSTOS DBE 2022 | D12: BIOTRENDSLAB | E12: SI | F12: L1 | G12: =IF(E12="SI",F12,CONCATENATE(" REGISTRO COTIZACION NO EVALUADA: ",F12)) -> L1 | H12: Ambiente: Producto Términado | I12: 1 | J12: Analisis | L12: NA | M12: 1 | N12: 0.19 | O12: 31600 | P12: =O12*(1+N12) -> 37604 | R12: =+O12 -> 31600 | S12: =+P12 -> 37604 | T12: Cotización recibida 28-06-2022
A13: ANALISIS DE LABORATORIO | B13: ESTUDIO DE COSTOS DBE 2022 | D13: BIOTRENDSLAB | E13: SI | F13: L1 | G13: =IF(E13="SI",F13,CONCATENATE(" REGISTRO COTIZACION NO EVALUADA: ",F13)) -> L1 | H13: Ambiente: Area de Ensamble | I13: 1 | J13: Analisis | L13: NA | M13: 1 | N13: 0.19 | O13: 31600 | P13: =O13*(1+N13) -> 37604 | R13: =+O13 -> 31600 | S13: =+P13 -> 37604 | T13: Cotización recibida 28-06-2022
A14: ANALISIS DE LABORATORIO | B14: ESTUDIO DE COSTOS DBE 2022 | D14: BIOTRENDSLAB | E14: SI | F14: L1 | G14: =IF(E14="SI",F14,CONCATENATE(" REGISTRO COTIZACION NO EVALUADA: ",F14)) -> L1 | H14: Ambiente: Despacho y distribución | I14: 1 | J14: Analisis | L14: NA | M14: 1 | N14: 0.19 | O14: 31600 | P14: =O14*(1+N14) -> 37604 | R14: =+O14 -> 31600 | S14: =+P14 -> 37604 | T14: Cotización recibida 28-06-2022
A15: ANALISIS DE LABORATORIO | B15: ESTUDIO DE COSTOS DBE 2022 | D15: BIOTRENDSLAB | E15: SI | F15: L1 | G15: =IF(E15="SI",F15,CONCATENATE(" REGISTRO COTIZACION NO EVALUADA: ",F15)) -> L1 | H15: Ambiente: Almacenamiento de Materia Prima | I15: 1 | J15: Analisis | L15: NA | M15: 1 | N15: 0.19 | O15: 31600 | P15: =O15*(1+N15) -> 37604 | R15: =+O15 -> 31600 | S15: =+P15 -> 37604 | T15: Cotización recibida 28-06-2022
A16: ANALISIS DE LABORATORIO | B16: ESTUDIO DE COSTOS DBE 2022 | D16: BIOTRENDSLAB | E16: SI | F16: L1 | G16: =IF(E16="SI",F16,CONCATENATE(" REGISTRO COTIZACION NO EVALUADA: ",F16)) -> L1 | H16: Ambiente: Recepción de Materia Prima | I16: 1 | J16: Analisis | L16: NA | M16: 1 | N16: 0.19 | O16: 31600 | P16: =O16*(1+N16) -> 37604 | R16: =+O16 -> 31600 | S16: =+P16 -> 37604 | T16: Cotización recibida 28-06-2022
A17: ANALISIS DE LABORATORIO | B17: ESTUDIO DE COSTOS DBE 2022 | D17: BIOTRENDSLAB | E17: SI | F17: L1 | G17: =IF(E17="SI",F17,CONCATENATE(" REGISTRO COTIZACION NO EVALUADA: ",F17)) -> L1 | H17: Ambiente: Área de Control de Calidad | I17: 1 | J17: Analisis | L17: NA | M17: 1 | N17: 0.19 | O17: 31600 | P17: =O17*(1+N17) -> 37604 | R17: =+O17 -> 31600 | S17: =+P17 -> 37604 | T17: Cotización recibida 28-06-2022
A18: ANALISIS DE LABORATORIO | B18: ESTUDIO DE COSTOS DBE 2022 | D18: BIOTRENDSLAB | E18: SI | F18: L2 | G18: =IF(E18="SI",F18,CONCATENATE(" REGISTRO COTIZACION NO EVALUADA: ",F18)) -> L2 | H18: Equipos y utensilios: Canastilla de Almacenamiento de Materia Prima | I18: 1 | J18: Analisis | L18: NA | M18: 1 | N18: 0.19 | O18: 38000 | P18: =O18*(1+N18) -> 45220 | R18: =+O18 -> 38000 | S18: =+P18 -> 45220 | T18: Cotización recibida 28-06-2022
A19: ANALISIS DE LABORATORIO | B19: ESTUDIO DE COSTOS DBE 2022 | D19: BIOTRENDSLAB | E19: SI | F19: L2 | G19: =IF(E19="SI",F19,CONCATENATE(" REGISTRO COTIZACION NO EVALUADA: ",F19)) -> L2 | H19: Equipos y utensilios: Canastilla de Almacenamiento de Producto Términado | I19: 1 | J19: Analisis | L19: NA | M19: 1 | N19: 0.19 | O19: 38000 | P19: =O19*(1+N19) -> 45220 | R19: =+O19 -> 38000 | S19: =+P19 -> 45220 | T19: Cotización recibida 28-06-2022
A20: ANALISIS DE LABORATORIO | B20: ESTUDIO DE COSTOS DBE 2022 | D20: BIOTRENDSLAB | E20: SI | F20: L2 | G20: =IF(E20="SI",F20,CONCATENATE(" REGISTRO COTIZACION NO EVALUADA: ",F20)) -> L2 | H20: Equipos y utensilios: Equipo de Medición de Masas | I20: 1 | J20: Analisis | L20: NA | M20: 1 | N20: 0.19 | O20: 38000 | P20: =O20*(1+N20) -> 45220 | R20: =+O20 -> 38000 | S20: =+P20 -> 45220 | T20: Cotización recibida 28-06-2022
A21: ANALISIS DE LABORATORIO | B21: ESTUDIO DE COSTOS DBE 2022 | D21: BIOTRENDSLAB | E21: SI | F21: L2 | G21: =IF(E21="SI",F21,CONCATENATE(" REGISTRO COTIZACION NO EVALUADA: ",F21)) -> L2 | H21: Equipos y utensilios: Mesones | I21: 1 | J21: Analisis | L21: NA | M21: 1 | N21: 0.19 | O21: 38000 | P21: =O21*(1+N21) -> 45220 | R21: =+O21 -> 38000 | S21: =+P21 -> 45220 | T21: Cotización recibida 28-06-2022
A22: ANALISIS DE LABORATORIO | B22: ESTUDIO DE COSTOS DBE 2022 | D22: BIOTRENDSLAB | E22: SI | F22: L2 | G22: =IF(E22="SI",F22,CONCATENATE(" REGISTRO COTIZACION NO EVALUADA: ",F22)) -> L2 | H22: Equipos y utensilios: Bandas Transportadoras | I22: 1 | J22: Analisis | L22: NA | M22: 1 | N22: 0.19 | O22: 38000 | P22: =O22*(1+N22) -> 45220 | R22: =+O22 -> 38000 | S22: =+P22 -> 45220 | T22: Cotización recibida 28-06-2022
A23: ANALISIS DE LABORATORIO | B23: ESTUDIO DE COSTOS DBE 2022 | D23: BIOTRENDSLAB | E23: NO | F23: L4 | G23: =IF(E23="SI",F23,CONCATENATE(" REGISTRO COTIZACION NO EVALUADA: ",F23)) -> REGISTRO COTIZACION NO EVALUADA: L4 | H23: Frotis de garganta: Recepción | O23: 0 | P23: 0 | R23: =+O23 -> 0 | S23: =+P23 -> 0
A24: ANALISIS DE LABORATORIO | B24: ESTUDIO DE COSTOS DBE 2022 | D24: BIOTRENDSLAB | E24: NO | F24: L4 | G24: =IF(E24="SI",F24,CONCATENATE(" REGISTRO COTIZACION NO EVALUADA: ",F24)) -> REGISTRO COTIZACION NO EVALUADA: L4 | H24: Frotis de garganta: Almacenamiento de Materia Prima | O24: 0 | P24: 0 | R24: =+O24 -> 0 | S24: =+P24 -> 0
A25: ANALISIS DE LABORATORIO | B25: ESTUDIO DE COSTOS DBE 2022 | D25: BIOTRENDSLAB | E25: NO | F25: L4 | G25: =IF(E25="SI",F25,CONCATENATE(" REGISTRO COTIZACION NO EVALUADA: ",F25)) -> REGISTRO COTIZACION NO EVALUADA: L4 | H25: Frotis de garganta: Ensamble | O25: 0 | P25: 0 | R25: =+O25 -> 0 | S25: =+P25 -> 0
A26: ANALISIS DE LABORATORIO | B26: ESTUDIO DE COSTOS DBE 2022 | D26: BIOTRENDSLAB | E26: NO | F26: L4 | G26: =IF(E26="SI",F26,CONCATENATE(" REGISTRO COTIZACION NO EVALUADA: ",F26)) -> REGISTRO COTIZACION NO EVALUADA: L4 | H26: Frotis de garganta: Despacho | O26: 0 | P26: 0 | R26: =+O26 -> 0 | S26: =+P26 -> 0
A27: ANALISIS DE LABORATORIO | B27: ESTUDIO DE COSTOS DBE 2022 | D27: BIOTRENDSLAB | E27: NO | F27: L4 | G27: =IF(E27="SI",F27,CONCATENATE(" REGISTRO COTIZACION NO EVALUADA: ",F27)) -> REGISTRO COTIZACION NO EVALUADA: L4 | H27: Frotis de garganta: Distribución | O27: 0 | P27: 0 | R27: =+O27 -> 0 | S27: =+P27 -> 0
A28: ANALISIS DE LABORATORIO | B28: ESTUDIO DE COSTOS DBE 2022 | D28: BIOTRENDSLAB | E28: SI | F28: L4 | G28: =IF(E28="SI",F28,CONCATENATE(" REGISTRO COTIZACION NO EVALUADA: ",F28)) -> L4 | H28: Frotis de manos: Recepción | I28: 1 | J28: Analisis | L28: NA | N28: 0.19 | O28: 38000 | P28: =O28*(1+N28) -> 45220 | R28: =+O28 -> 38000 | S28: =+P28 -> 45220 | T28: Cotización recibida 28-06-2022
A29: ANALISIS DE LABORATORIO | B29: ESTUDIO DE COSTOS DBE 2022 | D29: BIOTRENDSLAB | E29: SI | F29: L4 | G29: =IF(E29="SI",F29,CONCATENATE(" REGISTRO COTIZACION NO EVALUADA: ",F29)) -> L4 | H29: Frotis de manos: Almacenamiento de Materia Prima | I29: 1 | J29: Analisis | L29: NA | M29: 1 | N29: 0.19 | O29: 38000 | P29: =O29*(1+N29) -> 45220 | R29: =+O29 -> 38000 | S29: =+P29 -> 45220 | T29: Cotización recibida 28-06-2022
A30: ANALISIS DE LABORATORIO | B30: ESTUDIO DE COSTOS DBE 2022 | D30: BIOTRENDSLAB | E30: SI | F30: L4 | G30: =IF(E30="SI",F30,CONCATENATE(" REGISTRO COTIZACION NO EVALUADA: ",F30)) -> L4 | H30: Frotis de manos: Ensamble | I30: 1 | J30: Analisis | L30: NA | M30: 1 | N30: 0.19 | O30: 38000 | P30: =O30*(1+N30) -> 45220 | R30: =+O30 -> 38000 | S30: =+P30 -> 45220 | T30: Cotización recibida 28-06-2022
A31: ANALISIS DE LABORATORIO | B31: ESTUDIO DE COSTOS DBE 2022 | D31: BIOTRENDSLAB | E31: SI | F31: L4 | G31: =IF(E31="SI",F31,CONCATENATE(" REGISTRO COTIZACION NO EVALUADA: ",F31)) -> L4 | H31: Frotis de manos: Despacho | I31: 1 | J31: Analisis | L31: NA | M31: 1 | N31: 0.19 | O31: 38000 | P31: =O31*(1+N31) -> 45220 | R31: =+O31 -> 38000 | S31: =+P31 -> 45220 | T31: Cotización recibida 28-06-2022
A32: ANALISIS DE LABORATORIO | B32: ESTUDIO DE COSTOS DBE 2022 | D32: BIOTRENDSLAB | E32: SI | F32: L4 | G32: =IF(E32="SI",F32,CONCATENATE(" REGISTRO COTIZACION NO EVALUADA: ",F32)) -> L4 | H32: Frotis de manos: Distribución | I32: 1 | J32: Analisis | L32: NA | M32: 1 | N32: 0.19 | O32: 38000 | P32: =O32*(1+N32) -> 45220 | R32: =+O32 -> 38000 | S32: =+P32 -> 45220 | T32: Cotización recibida 28-06-2022
A33: ANALISIS DE LABORATORIO | B33: ESTUDIO DE COSTOS DBE 2022 | D33: BIOTRENDSLAB | E33: SI | F33: L13 | G33: =IF(E33="SI",F33,CONCATENATE(" REGISTRO COTIZACION NO EVALUADA: ",F33)) -> L13 | H33: Análisis de Agua Potable: Microbiológico | I33: 1 | J33: Analisis | L33: NA | M33: 1 | N33: 0.19 | O33: 76100 | P33: =O33*(1+N33) -> 90559 | R33: =+O33 -> 76100 | S33: =+P33 -> 90559 | T33: Cotización recibida 28-06-2022
A34: ANALISIS DE LABORATORIO | B34: ESTUDIO DE COSTOS DBE 2022 | D34: BIOTRENDSLAB | E34: SI | F34: L18 | G34: =IF(E34="SI",F34,CONCATENATE(" REGISTRO COTIZACION NO EVALUADA: ",F34)) -> L18 | H34: Análisis de Agua Potable: Microbiológico | I34: 1 | J34: Analisis | L34: NA | M34: 1 | N34: 0.19 | O34: 473000 | P34: =O34*(1+N34) -> 562870 | R34: =+O34 -> 473000 | S34: =+P34 -> 562870 | T34: Cotización recibida 28-06-2022
A35: ANALISIS DE LABORATORIO | B35: ESTUDIO DE COSTOS DBE 2022 | D35: CALIDAD MICROBIOLOGICA SAS | E35: SI | F35: L1 | G35: =IF(E35="SI",F35,CONCATENATE(" REGISTRO COTIZACION NO EVALUADA: ",F35)) -> L1 | H35: Ambiente: Cuartos Fríos (materias primas) | I35: 1 | J35: Analisis | L35: NA | M35: 1 | N35: 0.19 | O35: 24100 | P35: =O35*(1+N35) -> 28679 | R35: =+O35 -> 24100 | S35: =+P35 -> 28679 | T35: Cotización recibida 23-06-2022
A36: ANALISIS DE LABORATORIO | B36: ESTUDIO DE COSTOS DBE 2022 | D36: CALIDAD MICROBIOLOGICA SAS | E36: SI | F36: L1 | G36: =IF(E36="SI",F36,CONCATENATE(" REGISTRO COTIZACION NO EVALUADA: ",F36)) -> L1 | H36: Ambiente: Producto Términado | I36: 1 | J36: Analisis | L36: NA | M36: 1 | N36: 0.19 | O36: 24100 | P36: =O36*(1+N36) -> 28679 | R36: =+O36 -> 24100 | S36: =+P36 -> 28679 | T36: Cotización recibida 23-06-2022
A37: ANALISIS DE LABORATORIO | B37: ESTUDIO DE COSTOS DBE 2022 | D37: CALIDAD MICROBIOLOGICA SAS | E37: SI | F37: L1 | G37: =IF(E37="SI",F37,CONCATENATE(" REGISTRO COTIZACION NO EVALUADA: ",F37)) -> L1 | H37: Ambiente: Area de Ensamble | I37: 1 | J37: Analisis | L37: NA | M37: 1 | N37: 0.19 | O37: 24100 | P37: =O37*(1+N37) -> 28679 | R37: =+O37 -> 24100 | S37: =+P37 -> 28679 | T37: Cotización recibida 23-06-2022
A38: ANALISIS DE LABORATORIO | B38: ESTUDIO DE COSTOS DBE 2022 | D38: CALIDAD MICROBIOLOGICA SAS | E38: SI | F38: L1 | G38: =IF(E38="SI",F38,CONCATENATE(" REGISTRO COTIZACION NO EVALUADA: ",F38)) -> L1 | H38: Ambiente: Despacho y distribución | I38: 1 | J38: Analisis | L38: NA | M38: 1 | N38: 0.19 | O38: 24100 | P38: =O38*(1+N38) -> 28679 | R38: =+O38 -> 24100 | S38: =+P38 -> 28679 | T38: Cotización recibida 23-06-2022
A39: ANALISIS DE LABORATORIO | B39: ESTUDIO DE COSTOS DBE 2022 | D39: CALIDAD MICROBIOLOGICA SAS | E39: SI | F39: L1 | G39: =IF(E39="SI",F39,CONCATENATE(" REGISTRO COTIZACION NO EVALUADA: ",F39)) -> L1 | H39: Ambiente: Almacenamiento de Materia Prima | I39: 1 | J39: Analisis | L39: NA | M39: 1 | N39: 0.19 | O39: 24100 | P39: =O39*(1+N39) -> 28679 | R39: =+O39 -> 24100 | S39: =+P39 -> 28679 | T39: Cotización recibida 23-06-2022
A40: ANALISIS DE LABORATORIO | B40: ESTUDIO DE COSTOS DBE 2022 | D40: CALIDAD MICROBIOLOGICA SAS | E40: SI | F40: L1 | G40: =IF(E40="SI",F40,CONCATENATE(" REGISTRO COTIZACION NO EVALUADA: ",F40)) -> L1 | H40: Ambiente: Recepción de Materia Prima | I40: 1 | J40: Analisis | L40: NA | M40: 1 | N40: 0.19 | O40: 24100 | P40: =O40*(1+N40) -> 28679 | R40: =+O40 -> 24100 | S40: =+P40 -> 28679 | T40: Cotización recibida 23-06-2022
... A70: ANALISIS DE LABORATORIO | B70: ESTUDIO DE COSTOS DBE 2022 | D70: LABOTARIO IMPEGNO | E70: SI | F70: L2 | G70: =IF(E70="SI",F70,CONCATENATE(" REGISTRO COTIZACION NO EVALUADA: ",F70)) -> L2 | H70: Equipos y utensilios: Bandas Transportadoras | I70: 1 | J70: Analisis | L70: NA | M70: 1 | N70: 0.19 | O70: 31000 | P70: =O70*(1+N70) -> 36890 | R70: =+O70 -> 31000 | S70: =+P70 -> 36890 | T70: Cotización recibida 01-07-2022
A71: ANALISIS DE LABORATORIO | B71: ESTUDIO DE COSTOS DBE 2022 | D71: LABOTARIO IMPEGNO | E71: SI | F71: L4 | G71: L3 | H71: Frotis de garganta: Recepción | I71: 1 | J71: Analisis | L71: NA | M71: 1 | N71: 0.19 | O71: 40000 | P71: =O71*(1+N71) -> 47600 | R71: =+O71 -> 40000 | S71: =+P71 -> 47600 | T71: Cotización recibida 01-07-2022
A72: ANALISIS DE LABORATORIO | B72: ESTUDIO DE COSTOS DBE 2022 | D72: LABOTARIO IMPEGNO | E72: SI | F72: L4 | G72: L3 | H72: Frotis de garganta: Almacenamiento de Materia Prima | I72: 1 | J72: Analisis | L72: NA | M72: 1 | N72: 0.19 | O72: 40000 | P72: =O72*(1+N72) -> 47600 | R72: =+O72 -> 40000 | S72: =+P72 -> 47600 | T72: Cotización recibida 01-07-2022
A73: ANALISIS DE LABORATORIO | B73: ESTUDIO DE COSTOS DBE 2022 | D73: LABOTARIO IMPEGNO | E73: SI | F73: L4 | G73: L3 | H73: Frotis de garganta: Ensamble | I73: 1 | J73: Analisis | L73: NA | M73: 1 | N73: 0.19 | O73: 40000 | P73: =O73*(1+N73) -> 47600 | R73: =+O73 -> 40000 | S73: =+P73 -> 47600 | T73: Cotización recibida 01-07-2022
A74: ANALISIS DE LABORATORIO | B74: ESTUDIO DE COSTOS DBE 2022 | D74: LABOTARIO IMPEGNO | E74: SI | F74: L4 | G74: L3 | H74: Frotis de garganta: Despacho | I74: 1 | J74: Analisis | L74: NA | M74: 1 | N74: 0.19 | O74: 40000 | P74: =O74*(1+N74) -> 47600 | R74: =+O74 -> 40000 | S74: =+P74 -> 47600 | T74: Cotización recibida 01-07-2022
A75: ANALISIS DE LABORATORIO | B75: ESTUDIO DE COSTOS DBE 2022 | D75: LABOTARIO IMPEGNO | E75: SI | F75: L4 | G75: L3 | H75: Frotis de garganta: Distribución | I75: 1 | J75: Analisis | L75: NA | M75: 1 | N75: 0.19 | O75: 40000 | P75: =O75*(1+N75) -> 47600 | R75: =+O75 -> 40000 | S75: =+P75 -> 47600 | T75: Cotización recibida 01-07-2022
A76: ANALISIS DE LABORATORIO | B76: ESTUDIO DE COSTOS DBE 2022 | D76: LABOTARIO IMPEGNO | E76: SI | F76: L4 | G76: =IF(E76="SI",F76,CONCATENATE(" REGISTRO COTIZACION NO EVALUADA: ",F76)) -> L4 | H76: Frotis de manos: Recepcioón | I76: 1 | J76: Analisis | L76: NA | M76: 1 | N76: 0.19 | O76: 35000 | P76: =O76*(1+N76) -> 41650 | R76: =+O76 -> 35000 | S76: =+P76 -> 41650 | T76: Cotización recibida 01-07-2022
A77: ANALISIS DE LABORATORIO | B77: ESTUDIO DE COSTOS DBE 2022 | D77: LABOTARIO IMPEGNO | E77: SI | F77: L4 | G77: =IF(E77="SI",F77,CONCATENATE(" REGISTRO COTIZACION NO EVALUADA: ",F77)) -> L4 | H77: Frotis de manos: Almacenamiento de Materia Prima | I77: 1 | J77: Analisis | L77: NA | M77: 1 | N77: 0.19 | O77: 35000 | P77: =O77*(1+N77) -> 41650 | R77: =+O77 -> 35000 | S77: =+P77 -> 41650 | T77: Cotización recibida 01-07-2022
A78: ANALISIS DE LABORATORIO | B78: ESTUDIO DE COSTOS DBE 2022 | D78: LABOTARIO IMPEGNO | E78: SI | F78: L4 | G78: =IF(E78="SI",F78,CONCATENATE(" REGISTRO COTIZACION NO EVALUADA: ",F78)) -> L4 | H78: Frotis de manos: Ensamble | I78: 1 | J78: Analisis | L78: NA | M78: 1 | N78: 0.19 | O78: 35000 | P78: =O78*(1+N78) -> 41650 | R78: =+O78 -> 35000 | S78: =+P78 -> 41650 | T78: Cotización recibida 01-07-2022
A79: ANALISIS DE LABORATORIO | B79: ESTUDIO DE COSTOS DBE 2022 | D79: LABOTARIO IMPEGNO | E79: SI | F79: L4 | G79: =IF(E79="SI",F79,CONCATENATE(" REGISTRO COTIZACION NO EVALUADA: ",F79)) -> L4 | H79: Frotis de manos: Despacho | I79: 1 | J79: Analisis | L79: NA | M79: 1 | N79: 0.19 | O79: 35000 | P79: =O79*(1+N79) -> 41650 | R79: =+O79 -> 35000 | S79: =+P79 -> 41650 | T79: Cotización recibida 01-07-2022
A80: ANALISIS DE LABORATORIO | B80: ESTUDIO DE COSTOS DBE 2022 | D80: LABOTARIO IMPEGNO | E80: SI | F80: L4 | G80: =IF(E80="SI",F80,CONCATENATE(" REGISTRO COTIZACION NO EVALUADA: ",F80)) -> L4 | H80: Frotis de manos: Distribución | I80: 1 | J80: Analisis | L80: NA | M80: 1 | N80: 0.19 | O80: 35000 | P80: =O80*(1+N80) -> 41650 | R80: =+O80 -> 35000 | S80: =+P80 -> 41650 | T80: Cotización recibida 01-07-2022
A81: ANALISIS DE LABORATORIO | B81: ESTUDIO DE COSTOS DBE 2022 | D81: LABOTARIO IMPEGNO | E81: SI | F81: L13 | G81: =IF(E81="SI",F81,CONCATENATE(" REGISTRO COTIZACION NO EVALUADA: ",F81)) -> L13 | H81: Análisis de Agua Potable: Microbiológico | I81: 1 | J81: Analisis | L81: NA | M81: 1 | N81: 0.19 | O81: 58500 | P81: =O81*(1+N81) -> 69615 | R81: =+O81 -> 58500 | S81: =+P81 -> 69615 | T81: Cotización recibida 01-07-2022
A82: ANALISIS DE LABORATORIO | B82: ESTUDIO DE COSTOS DBE 2022 | D82: LABOTARIO IMPEGNO | E82: SI | F82: L18 | G82: =IF(E82="SI",F82,CONCATENATE(" REGISTRO COTIZACION NO EVALUADA: ",F82)) -> L18 | H82: Análisis de Agua Potable: Microbiológico | I82: 1 | J82: Analisis | L82: NA | M82: 1 | N82: 0.19 | O82: 367000 | P82: =O82*(1+N82) -> 436730 | R82: =+O82 -> 367000 | S82: =+P82 -> 436730 | T82: Cotización recibida 01-07-2022
A83: ANALISIS DE LABORATORIO | B83: ESTUDIO DE COSTOS DBE 2022 | D83: CALIDAD INDUSTRIAL MICROBIOLOGIA Y ASESORIAS SAS | E83: SI | F83: L1 | G83: =IF(E83="SI",F83,CONCATENATE(" REGISTRO COTIZACION NO EVALUADA: ",F83)) -> L1 | H83: Ambiente: Cuartos Fríos (materias primas) | I83: 1 | J83: Analisis | L83: NA | M83: 1 | N83: 0.19 | O83: 30000 | P83: =O83*(1+N83) -> 35700 | R83: =+O83 -> 30000 | S83: =+P83 -> 35700 | T83: Cotización recibida 6-07-2022
A84: ANALISIS DE LABORATORIO | B84: ESTUDIO DE COSTOS DBE 2022 | D84: CALIDAD INDUSTRIAL MICROBIOLOGIA Y ASESORIAS SAS | E84: SI | F84: L1 | G84: =IF(E84="SI",F84,CONCATENATE(" REGISTRO COTIZACION NO EVALUADA: ",F84)) -> L1 | H84: Ambiente: Producto Términado | I84: 1 | J84: Analisis | L84: NA | M84: 1 | N84: 0.19 | O84: 30000 | P84: =O84*(1+N84) -> 35700 | R84: =+O84 -> 30000 | S84: =+P84 -> 35700 | T84: Cotización recibida 6-07-2022
A85: ANALISIS DE LABORATORIO | B85: ESTUDIO DE COSTOS DBE 2022 | D85: CALIDAD INDUSTRIAL MICROBIOLOGIA Y ASESORIAS SAS | E85: SI | F85: L1 | G85: =IF(E85="SI",F85,CONCATENATE(" REGISTRO COTIZACION NO EVALUADA: ",F85)) -> L1 | H85: Ambiente: Area de Ensamble | I85: 1 | J85: Analisis | L85: NA | M85: 1 | N85: 0.19 | O85: 30000 | P85: =O85*(1+N85) -> 35700 | R85: =+O85 -> 30000 | S85: =+P85 -> 35700 | T85: Cotización recibida 6-07-2022
A86: ANALISIS DE LABORATORIO | B86: ESTUDIO DE COSTOS DBE 2022 | D86: CALIDAD INDUSTRIAL MICROBIOLOGIA Y ASESORIAS SAS | E86: SI | F86: L1 | G86: =IF(E86="SI",F86,CONCATENATE(" REGISTRO COTIZACION NO EVALUADA: ",F86)) -> L1 | H86: Ambiente: Despacho y distribución | I86: 1 | J86: Analisis | L86: NA | M86: 1 | N86: 0.19 | O86: 30000 | P86: =O86*(1+N86) -> 35700 | R86: =+O86 -> 30000 | S86: =+P86 -> 35700 | T86: Cotización recibida 6-07-2022
A87: ANALISIS DE LABORATORIO | B87: ESTUDIO DE COSTOS DBE 2022 | D87: CALIDAD INDUSTRIAL MICROBIOLOGIA Y ASESORIAS SAS | E87: SI | F87: L1 | G87: =IF(E87="SI",F87,CONCATENATE(" REGISTRO COTIZACION NO EVALUADA: ",F87)) -> L1 | H87: Ambiente: Distribución | I87: 1 | J87: Analisis | L87: NA | M87: 1 | N87: 0.19 | O87: 30000 | P87: =O87*(1+N87) -> 35700 | R87: =+O87 -> 30000 | S87: =+P87 -> 35700 | T87: Cotización recibida 6-07-2022
... A95: ANALISIS DE LABORATORIO | B95: ESTUDIO DE COSTOS DBE 2022 | D95: CALIDAD INDUSTRIAL MICROBIOLOGIA Y ASESORIAS SAS | E95: SI | F95: L2 | G95: =IF(E95="SI",F95,CONCATENATE(" REGISTRO COTIZACION NO EVALUADA: ",F95)) -> L2 | H95: Equipos y utensilios: Bandas Transportadoras | I95: 1 | J95: Analisis | L95: NA | M95: 1 | N95: 0.19 | O95: 30000 | P95: =O95*(1+N95) -> 35700 | R95: =+O95 -> 30000 | S95: =+P95 -> 35700 | T95: Cotización recibida 6-07-2022
A96: ANALISIS DE LABORATORIO | B96: ESTUDIO DE COSTOS DBE 2022 | D96: CALIDAD INDUSTRIAL MICROBIOLOGIA Y ASESORIAS SAS | E96: SI | F96: L4 | G96: L3 | H96: Frotis de garganta: Recepción | I96: 1 | J96: Analisis | L96: NA | M96: 1 | N96: 0.19 | O96: NA | P96: NA | R96: =+O96 -> NA | S96: =+P96 -> NA | T96: Cotización recibida 6-07-2022
A97: ANALISIS DE LABORATORIO | B97: ESTUDIO DE COSTOS DBE 2022 | D97: CALIDAD INDUSTRIAL MICROBIOLOGIA Y ASESORIAS SAS | E97: SI | F97: L4 | G97: L3 | H97: Frotis de garganta: Almacenamiento de Materia Prima | I97: 1 | J97: Analisis | L97: NA | M97: 1 | N97: 0.19 | O97: NA | P97: NA | R97: =+O97 -> NA | S97: =+P97 -> NA | T97: Cotización recibida 6-07-2022
A98: ANALISIS DE LABORATORIO | B98: ESTUDIO DE COSTOS DBE 2022 | D98: CALIDAD INDUSTRIAL MICROBIOLOGIA Y ASESORIAS SAS | E98: SI | F98: L4 | G98: L3 | H98: Frotis de garganta: Ensamble | I98: 1 | J98: Analisis | L98: NA | M98: 1 | N98: 0.19 | O98: NA | P98: NA | R98: =+O98 -> NA | S98: =+P98 -> NA | T98: Cotización recibida 6-07-2022
A99: ANALISIS DE LABORATORIO | B99: ESTUDIO DE COSTOS DBE 2022 | D99: CALIDAD INDUSTRIAL MICROBIOLOGIA Y ASESORIAS SAS | E99: SI | F99: L4 | G99: L3 | H99: Frotis de garganta: Despacho | I99: 1 | J99: Analisis | L99: NA | M99: 1 | N99: 0.19 | O99: NA | P99: NA | R99: =+O99 -> NA | S99: =+P99 -> NA | T99: Cotización recibida 6-07-2022
A100: ANALISIS DE LABORATORIO | B100: ESTUDIO DE COSTOS DBE 2022 | D100: CALIDAD INDUSTRIAL MICROBIOLOGIA Y ASESORIAS SAS | E100: SI | F100: L4 | G100: L3 | H100: Frotis de garganta: Distribución | I100: 1 | J100: Analisis | L100: NA | M100: 1 | N100: 0.19 | O100: NA | P100: NA | R100: =+O100 -> NA | S100: =+P100 -> NA | T100: Cotización recibida 6-07-2022
A101: ANALISIS DE LABORATORIO | B101: ESTUDIO DE COSTOS DBE 2022 | D101: CALIDAD INDUSTRIAL MICROBIOLOGIA Y ASESORIAS SAS | E101: SI | F101: L4 | G101: =IF(E101="SI",F101,CONCATENATE(" REGISTRO COTIZACION NO EVALUADA: ",F101)) -> L4 | H101: Frotis de manos: Recepcioón | I101: 1 | J101: Analisis | L101: NA | M101: 1 | N101: 0.19 | O101: 35000 | P101: =O101*(1+N101) -> 41650 | R101: =+O101 -> 35000 | S101: =+P101 -> 41650 | T101: Cotización recibida 6-07-2022
A102: ANALISIS DE LABORATORIO | B102: ESTUDIO DE COSTOS DBE 2022 | D102: CALIDAD INDUSTRIAL MICROBIOLOGIA Y ASESORIAS SAS | E102: SI | F102: L4 | G102: =IF(E102="SI",F102,CONCATENATE(" REGISTRO COTIZACION NO EVALUADA: ",F102)) -> L4 | H102: Frotis de manos: Almacenamiento de Materia Prima | I102: 1 | J102: Analisis | L102: NA | M102: 1 | N102: 0.19 | O102: 35000 | P102: =O102*(1+N102) -> 41650 | R102: =+O102 -> 35000 | S102: =+P102 -> 41650 | T102: Cotización recibida 6-07-2022
A103: ANALISIS DE LABORATORIO | B103: ESTUDIO DE COSTOS DBE 2022 | D103: CALIDAD INDUSTRIAL MICROBIOLOGIA Y ASESORIAS SAS | E103: SI | F103: L4 | G103: =IF(E103="SI",F103,CONCATENATE(" REGISTRO COTIZACION NO EVALUADA: ",F103)) -> L4 | H103: Frotis de manos: Ensamble | I103: 1 | J103: Analisis | L103: NA | M103: 1 | N103: 0.19 | O103: 35000 | P103: =O103*(1+N103) -> 41650 | R103: =+O103 -> 35000 | S103: =+P103 -> 41650 | T103: Cotización recibida 6-07-2022
A104: ANALISIS DE LABORATORIO | B104: ESTUDIO DE COSTOS DBE 2022 | D104: CALIDAD INDUSTRIAL MICROBIOLOGIA Y ASESORIAS SAS | E104: SI | F104: L4 | G104: =IF(E104="SI",F104,CONCATENATE(" REGISTRO COTIZACION NO EVALUADA: ",F104)) -> L4 | H104: Frotis de manos: Despacho | I104: 1 | J104: Analisis | L104: NA | M104: 1 | N104: 0.19 | O104: 35000 | P104: =O104*(1+N104) -> 41650 | R104: =+O104 -> 35000 | S104: =+P104 -> 41650 | T104: Cotización recibida 6-07-2022
A105: ANALISIS DE LABORATORIO | B105: ESTUDIO DE COSTOS DBE 2022 | D105: CALIDAD INDUSTRIAL MICROBIOLOGIA Y ASESORIAS SAS | E105: SI | F105: L4 | G105: =IF(E105="SI",F105,CONCATENATE(" REGISTRO COTIZACION NO EVALUADA: ",F105)) -> L4 | H105: Frotis de manos: Distribución | I105: 1 | J105: Analisis | L105: NA | M105: 1 | N105: 0.19 | O105: 35000 | P105: =O105*(1+N105) -> 41650 | R105: =+O105 -> 35000 | S105: =+P105 -> 41650 | T105: Cotización recibida 6-07-2022
A106: ANALISIS DE LABORATORIO | B106: ESTUDIO DE COSTOS DBE 2022 | D106: CALIDAD INDUSTRIAL MICROBIOLOGIA Y ASESORIAS SAS | E106: SI | F106: L13 | G106: =IF(E106="SI",F106,CONCATENATE(" REGISTRO COTIZACION NO EVALUADA: ",F106)) -> L13 | H106: Análisis de Agua Potable: Microbiológico | I106: 1 | J106: Analisis | L106: NA | M106: 1 | N106: 0.19 | O106: 60000 | P106: =O106*(1+N106) -> 71400 | R106: =+O106 -> 60000 | S106: =+P106 -> 71400 | T106: Cotización recibida 6-07-2022
A107: ANALISIS DE LABORATORIO | B107: ESTUDIO DE COSTOS DBE 2022 | D107: CALIDAD INDUSTRIAL MICROBIOLOGIA Y ASESORIAS SAS | E107: SI | F107: L18 | G107: =IF(E107="SI",F107,CONCATENATE(" REGISTRO COTIZACION NO EVALUADA: ",F107)) -> L18 | H107: Análisis de Agua Potable: Microbiológico | I107: 1 | J107: Analisis | L107: NA | M107: 1 | N107: 0.19 | O107: 150000 | P107: =O107*(1+N107) -> 178500 | R107: =+O107 -> 150000 | S107: =+P107 -> 178500 | T107: Cotización recibida 6-07-2022
A108: ANALISIS DE LABORATORIO | B108: ESTUDIO DE COSTOS DBE 2022 | D108: ALIANZA EXAMENES | E108: SI | F108: L4 | G108: L3 | H108: Frotis de garganta: Recepción | I108: 1 | J108: Analisis | L108: NA | M108: 1 | N108: 0.19 | O108: 35000 | P108: =O108*(1+N108) -> 41650 | R108: =+O108 -> 35000 | S108: =+P108 -> 41650 | T108: Cotización recibida 14-07-2022
A109: ANALISIS DE LABORATORIO | B109: ESTUDIO DE COSTOS DBE 2022 | D109: ALIANZA EXAMENES | E109: SI | F109: L4 | G109: L3 | H109: Frotis de garganta: Almacenamiento de Materia Prima | I109: 1 | J109: Analisis | L109: NA | M109: 1 | N109: 0.19 | O109: 35000 | P109: =O109*(1+N109) -> 41650 | R109: =+O109 -> 35000 | S109: =+P109 -> 41650 | T109: Cotización recibida 14-07-2022
A110: ANALISIS DE LABORATORIO | B110: ESTUDIO DE COSTOS DBE 2022 | D110: ALIANZA EXAMENES | E110: SI | F110: L4 | G110: L3 | H110: Frotis de garganta: Ensamble | I110: 1 | J110: Analisis | L110: NA | M110: 1 | N110: 0.19 | O110: 35000 | P110: =O110*(1+N110) -> 41650 | R110: =+O110 -> 35000 | S110: =+P110 -> 41650 | T110: Cotización recibida 14-07-2022
A111: ANALISIS DE LABORATORIO | B111: ESTUDIO DE COSTOS DBE 2022 | D111: ALIANZA EXAMENES | E111: SI | F111: L4 | G111: L3 | H111: Frotis de garganta: Despacho | I111: 1 | J111: Analisis | L111: NA | M111: 1 | N111: 0.19 | O111: 35000 | P111: =O111*(1+N111) -> 41650 | R111: =+O111 -> 35000 | S111: =+P111 -> 41650 | T111: Cotización recibida 14-07-2022
A112: ANALISIS DE LABORATORIO | B112: ESTUDIO DE COSTOS DBE 2022 | D112: ALIANZA EXAMENES | E112: SI | F112: L4 | G112: L3 | H112: Frotis de garganta: Distribución | I112: 1 | J112: Analisis | L112: NA | M112: 1 | N112: 0.19 | O112: 35000 | P112: =O112*(1+N112) -> 41650 | R112: =+O112 -> 35000 | S112: =+P112 -> 41650 | T112: Cotización recibida 14-07-2022
A113: ANALISIS DE LABORATORIO | B113: ESTUDIO DE COSTOS DBE 2022 | D113: ALIANZA EXAMENES | E113: SI | F113: L4 | G113: =IF(E113="SI",F113,CONCATENATE(" REGISTRO COTIZACION NO EVALUADA: ",F113)) -> L4 | H113: Frotis de manos: Recepcioón | I113: 1 | J113: Analisis | L113: NA | M113: 1 | N113: 0.19 | O113: 15000 | P113: =O113*(1+N113) -> 17850 | R113: =+O113 -> 15000 | S113: =+P113 -> 17850 | T113: Cotización recibida 14-07-2022
A114: ANALISIS DE LABORATORIO | B114: ESTUDIO DE COSTOS DBE 2022 | D114: ALIANZA EXAMENES | E114: SI | F114: L4 | G114: =IF(E114="SI",F114,CONCATENATE(" REGISTRO COTIZACION NO EVALUADA: ",F114)) -> L4 | H114: Frotis de manos: Almacenamiento de Materia Prima | I114: 1 | J114: Analisis | L114: NA | M114: 1 | N114: 0.19 | O114: 15000 | P114: =O114*(1+N114) -> 17850 | R114: =+O114 -> 15000 | S114: =+P114 -> 17850 | T114: Cotización recibida 14-07-2022
A115: ANALISIS DE LABORATORIO | B115: ESTUDIO DE COSTOS DBE 2022 | D115: ALIANZA EXAMENES | E115: SI | F115: L4 | G115: =IF(E115="SI",F115,CONCATENATE(" REGISTRO COTIZACION NO EVALUADA: ",F115)) -> L4 | H115: Frotis de manos: Ensamble | I115: 1 | J115: Analisis | L115: NA | M115: 1 | N115: 0.19 | O115: 15000 | P115: =O115*(1+N115) -> 17850 | R115: =+O115 -> 15000 | S115: =+P115 -> 17850 | T115: Cotización recibida 14-07-2022
A116: ANALISIS DE LABORATORIO | B116: ESTUDIO DE COSTOS DBE 2022 | D116: ALIANZA EXAMENES | E116: SI | F116: L4 | G116: =IF(E116="SI",F116,CONCATENATE(" REGISTRO COTIZACION NO EVALUADA: ",F116)) -> L4 | H116: Frotis de manos: Despacho | I116: 1 | J116: Analisis | L116: NA | M116: 1 | N116: 0.19 | O116: 15000 | P116: =O116*(1+N116) -> 17850 | R116: =+O116 -> 15000 | S116: =+P116 -> 17850 | T116: Cotización recibida 14-07-2022
A117: ANALISIS DE LABORATORIO | B117: ESTUDIO DE COSTOS DBE 2022 | D117: ALIANZA EXAMENES | E117: SI | F117: L4 | G117: =IF(E117="SI",F117,CONCATENATE(" REGISTRO COTIZACION NO EVALUADA: ",F117)) -> L4 | H117: Frotis de manos: Distribución | I117: 1 | J117: Analisis | L117: NA | M117: 1 | N117: 0.19 | O117: 15000 | P117: =O117*(1+N117) -> 17850 | R117: =+O117 -> 15000 | S117: =+P117 -> 17850 | T117: Cotización recibida 14-07-2022
A118: TRANSPORTE | B118: ESTUDIO DE COSTOS DBE 2022 | D118: LACTEOS APPENZELL SAS | E118: SI | F118: T1 | G118: =IF(E118="SI",F118,CONCATENATE(" REGISTRO COTIZACION NO EVALUADA: ",F118)) -> T1 | H118: Furgon de 2,5 toneladas, aislado y refrigerado con conductor asignado | I118: 1 | J118: Vehiculo/Dia | L118: NA | M118: 1 | O118: 328000 | P118: =O118 -> 328000 | R118: =+O118 -> 328000 | S118: =+P118 -> 328000 | T118: Cotización recibida 28-06-2022
A119: TRANSPORTE | B119: ESTUDIO DE COSTOS DBE 2022 | D119: LACTEOS APPENZELL SAS | E119: SI | F119: T1 | G119: =IF(E119="SI",F119,CONCATENATE(" REGISTRO COTIZACION NO EVALUADA: ",F119)) -> T1 | H119: Furgon de 2 toneladas, aislado y refrigerado con conductor asignado | I119: 1 | J119: Vehiculo/Dia | L119: NA | M119: 1 | O119: 307000 | P119: =O119 -> 307000 | R119: =+O119 -> 307000 | S119: =+P119 -> 307000 | T119: Cotización recibida 28-06-2022
A120: TRANSPORTE | B120: ESTUDIO DE COSTOS DBE 2022 | D120: LACTEOS APPENZELL SAS | E120: SI | F120: ESI1 | G120: =IF(E120="SI",F120,CONCATENATE(" REGISTRO COTIZACION NO EVALUADA: ",F120)) -> ESI1 | H120: Etiqueta sin impresión rollo * 1000 etiquetas | I120: 1 | J120: Unidad | L120: NA | M120: 1 | N120: 0.19 | O120: 25 | P120: =O120*(1+N120) -> 29.75 | R120: =+O120 -> 25 | S120: =+P120 -> 29.75 | T120: Cotización recibida 28-06-2022
A121: TRANSPORTE | B121: ESTUDIO DE COSTOS DBE 2022 | D121: LACTEOS APPENZELL SAS | E121: SI | F121: ECI1 | G121: =IF(E121="SI",F121,CONCATENATE(" REGISTRO COTIZACION NO EVALUADA: ",F121)) -> ECI1 | H121: Etiqueta con impresión rollo * 1000 etiquetas | I121: 1 | J121: Unidad | L121: NA | M121: 1 | N121: 0.19 | O121: 32 | P121: =O121*(1+N121) -> 38.08 | R121: =+O121 -> 32 | S121: =+P121 -> 38.08 | T121: Cotización recibida 28-06-2022
A122: TRANSPORTE | B122: ESTUDIO DE COSTOS DBE 2022 | D122: LACTEOS APPENZELL SAS | E122: SI | F122: B1 | G122: =IF(E122="SI",F122,CONCATENATE(" REGISTRO COTIZACION NO EVALUADA: ",F122)) -> B1 | H122: Bolsatina | I122: 1 | J122: Unidad | L122: NA | M122: 1 | N122: 0.19 | O122: 291 | P122: =O122*(1+N122) -> 346.29 | R122: =+O122 -> 291 | S122: =+P122 -> 346.29 | T122: Cotización recibida 28-06-2022
A123: TRANSPORTE | B123: ESTUDIO DE COSTOS DBE 2022 | D123: LACTEOS APPENZELL SAS | E123: SI | F123: VE2 | G123: =IF(E123="SI",F123,CONCATENATE(" REGISTRO COTIZACION NO EVALUADA: ",F123)) -> VE2 | H123: Visita de estudiantes: Refrigerio | I123: 1 | J123: Unidad | L123: NA | M123: 1 | O123: 6500 | P123: =O123 -> 6500 | R123: =+O123 -> 6500 | S123: =+P123 -> 6500 | T123: Cotización recibida 28-06-2022
A124: TRANSPORTE | B124: ESTUDIO DE COSTOS DBE 2022 | D124: LACTEOS APPENZELL SAS | E124: SI | F124: VE1 | G124: =IF(E124="SI",F124,CONCATENATE(" REGISTRO COTIZACION NO EVALUADA: ",F124)) -> VE1 | H124: Visita de estudiantes: Kit de Materiales | I124: 1 | J124: Unidad | L124: NA | M124: 1 | O124: 4350 | P124: =O124 -> 4350 | R124: =+O124 -> 4350 | S124: =+P124 -> 4350 | T124: Cotización recibida 28-06-2022
A125: TRANSPORTE | B125: ESTUDIO DE COSTOS DBE 2022 | D125: LACTEOS APPENZELL SAS | E125: SI | F125: VE3 | G125: =IF(E125="SI",F125,CONCATENATE(" REGISTRO COTIZACION NO EVALUADA: ",F125)) -> VE3 | H125: Visita de estudiantes: Transporte | I125: 1 | J125: Vehiculo/Dia | L125: NA | M125: 1 | O125: 360000 | P125: =O125 -> 360000 | R125: =+O125 -> 360000 | S125: =+P125 -> 360000 | T125: Cotización recibida 28-06-2022
A126: TRANSPORTE | B126: ESTUDIO DE COSTOS DBE 2022 | D126: ALIMENTOS PROVERCOL SAS | E126: SI | F126: T1 | G126: =IF(E126="SI",F126,CONCATENATE(" REGISTRO COTIZACION NO EVALUADA: ",F126)) -> T1 | H126: Furgon de 2,5 toneladas, aislado y refrigerado con conductor asignado | I126: 1 | J126: Vehiculo/Dia | L126: NA | M126: 1 | O126: 480000 | P126: =O126 -> 480000 | R126: =+O126 -> 480000 | S126: =+P126 -> 480000 | T126: Cotización recibida 6-07-2022
A127: TRANSPORTE | B127: ESTUDIO DE COSTOS DBE 2022 | D127: ALIMENTOS PROVERCOL SAS | E127: SI | F127: ESI1 | G127: =IF(E127="SI",F127,CONCATENATE(" REGISTRO COTIZACION NO EVALUADA: ",F127)) -> ESI1 | H127: Etiqueta sin impresión rollo * 1000 etiquetas | I127: 1 | J127: Unidad | L127: NA | M127: 1 | N127: 0.19 | O127: 31 | P127: =O127*(1+N127) -> 36.89 | R127: =+O127 -> 31 | S127: =+P127 -> 36.89 | T127: Cotización recibida 6-07-2022
A128: TRANSPORTE | B128: ESTUDIO DE COSTOS DBE 2022 | D128: ALIMENTOS PROVERCOL SAS | E128: SI | F128: ECI1 | G128: =IF(E128="SI",F128,CONCATENATE(" REGISTRO COTIZACION NO EVALUADA: ",F128)) -> ECI1 | H128: Etiqueta con impresión rollo * 1000 etiquetas | I128: 1 | J128: Unidad | L128: NA | M128: 1 | N128: 0.19 | O128: 39 | P128: =O128*(1+N128) -> 46.41 | R128: =+O128 -> 39 | S128: =+P128 -> 46.41 | T128: Cotización recibida 6-07-2022
A129: TRANSPORTE | B129: ESTUDIO DE COSTOS DBE 2022 | D129: ALIMENTOS PROVERCOL SAS | E129: SI | F129: B1 | G129: =IF(E129="SI",F129,CONCATENATE(" REGISTRO COTIZACION NO EVALUADA: ",F129)) -> B1 | H129: Bolsatina | I129: 1 | J129: Unidad | L129: NA | M129: 1 | N129: 0.19 | O129: 280 | P129: =O129*(1+N129) -> 333.2 | R129: =+O129 -> 280 | S129: =+P129 -> 333.2 | T129: Cotización recibida 6-07-2022
A130: TRANSPORTE | B130: ESTUDIO DE COSTOS DBE 2022 | D130: ALIMENTOS PROVERCOL SAS | E130: SI | F130: VE2 | G130: =IF(E130="SI",F130,CONCATENATE(" REGISTRO COTIZACION NO EVALUADA: ",F130)) -> VE2 | H130: Visita de estudiantes: Refrigerio | I130: 1 | J130: Unidad | L130: NA | M130: 1 | O130: 13000 | P130: =O130 -> 13000 | R130: =+O130 -> 13000 | S130: =+P130 -> 13000 | T130: Cotización recibida 6-07-2022
A131: TRANSPORTE | B131: ESTUDIO DE COSTOS DBE 2022 | D131: ALIMENTOS PROVERCOL SAS | E131: SI | F131: VE1 | G131: =IF(E131="SI",F131,CONCATENATE(" REGISTRO COTIZACION NO EVALUADA: ",F131)) -> VE1 | H131: Visita de estudiantes: Kit de Materiales | I131: 1 | J131: Unidad | L131: NA | M131: 1 | O131: 3200 | P131: 3200 | R131: =+O131 -> 3200 | S131: =+P131 -> 3200 | T131: Cotización recibida 6-07-2022
A132: TRANSPORTE | B132: ESTUDIO DE COSTOS DBE 2022 | D132: ALIMENTOS PROVERCOL SAS | E132: SI | F132: VE3 | G132: =IF(E132="SI",F132,CONCATENATE(" REGISTRO COTIZACION NO EVALUADA: ",F132)) -> VE3 | H132: Visita de estudiantes: Transporte | I132: 1 | J132: Vehiculo/Dia | L132: NA | M132: 1 | O132: 154000 | P132: 154000 | R132: =+O132 -> 154000 | S132: =+P132 -> 154000 | T132: Cotización recibida 6-07-2022
A133: BOLSATINA | B133: ESTUDIO DE COSTOS DBE 2022 | D133: INTEFES SAS | E133: SI | F133: B1 | G133: =IF(E133="SI",F133,CONCATENATE(" REGISTRO COTIZACION NO EVALUADA: ",F133)) -> B1 | H133: Bolsatina medidas 60*100 cm | I133: 1 | J133: Unidad | L133: NA | M133: 1 | N133: 0.19 | O133: 180 | P133: =O133*(1+N133) -> 214.2 | R133: =+O133 -> 180 | S133: =+P133 -> 214.2 | T133: Cotización recibida 28-06-2022
A134: BOLSATINA | B134: ESTUDIO DE COSTOS DBE 2022 | D134: INTEFES SAS | E134: SI | F134: B1 | G134: =IF(E134="SI",F134,CONCATENATE(" REGISTRO COTIZACION NO EVALUADA: ",F134)) -> B1 | H134: Bolsatina medidas 60*50 cm | I134: 1 | J134: Unidad | L134: NA | M134: 1 | N134: 0.19 | O134: 100 | P134: =O134*(1+N134) -> 119 | R134: =+O134 -> 100 | S134: =+P134 -> 119 | T134: Cotización recibida 28-06-2022
A135: DOTACIONES | B135: ESTUDIO DE COSTOS DBE 2022 | D135: PRODUCTOS Y SUMINISTROS SAS | E135: SI | F135: D1 | G135: =IF(E135="SI",F135,CONCATENATE(" REGISTRO COTIZACION NO EVALUADA: ",F135)) -> D1 | H135: Camisa - Pantalon Blanco | I135: 1 | J135: Unidad | L135: NA | M135: 1 | N135: 0.19 | O135: NA | P135: NA | R135: =+O135 -> NA | S135: =+P135 -> NA | T135: Cotización recibida 6-07-2022
A136: DOTACIONES | B136: ESTUDIO DE COSTOS DBE 2022 | D136: PRODUCTOS Y SUMINISTROS SAS | E136: SI | F136: D7 | G136: =IF(E136="SI",F136,CONCATENATE(" REGISTRO COTIZACION NO EVALUADA: ",F136)) -> D7 | H136: Bata Blanca | I136: 1 | J136: Unidad | L136: NA | M136: 1 | N136: 0.19 | O136: 4356 | P136: =O136*(1+N136) -> 5183.64 | R136: =+O136 -> 4356 | S136: =+P136 -> 5183.64 | T136: Cotización recibida 6-07-2022
A137: DOTACIONES | B137: ESTUDIO DE COSTOS DBE 2022 | D137: PRODUCTOS Y SUMINISTROS SAS | E137: SI | F137: D9 | G137: =IF(E137="SI",F137,CONCATENATE(" REGISTRO COTIZACION NO EVALUADA: ",F137)) -> D9 | H137: Guantes negros calibre 35 | I137: 1 | J137: Unidad | L137: NA | M137: 1 | N137: 0.19 | O137: 5988 | P137: =O137*(1+N137) -> 7125.72 | R137: =+O137 -> 5988 | S137: =+P137 -> 7125.72 | T137: Cotización recibida 6-07-2022
A138: DOTACIONES | B138: ESTUDIO DE COSTOS DBE 2022 | D138: PRODUCTOS Y SUMINISTROS SAS | E138: SI | F138: D2 | G138: =IF(E138="SI",F138,CONCATENATE(" REGISTRO COTIZACION NO EVALUADA: ",F138)) -> D2 | H138: Gorro de tela | I138: 1 | J138: Unidad | L138: NA | M138: 1 | N138: 0.19 | O138: 179 | P138: =O138*(1+N138) -> 213.01 | R138: =+O138 -> 179 | S138: =+P138 -> 213.01 | T138: Cotización recibida 6-07-2022
A139: DOTACIONES | B139: ESTUDIO DE COSTOS DBE 2022 | D139: PRODUCTOS Y SUMINISTROS SAS | E139: SI | F139: D4 | G139: =IF(E139="SI",F139,CONCATENATE(" REGISTRO COTIZACION NO EVALUADA: ",F139)) -> D4 | H139: Tapabocas desechables | I139: 1 | J139: Unidad | L139: NA | M139: 1 | N139: 0.19 | O139: 155 | P139: =O139*(1+N139) -> 184.45 | R139: =+O139 -> 155 | S139: =+P139 -> 184.45 | T139: Cotización recibida 6-07-2022
A140: DOTACIONES | B140: ESTUDIO DE COSTOS DBE 2022 | D140: PRODUCTOS Y SUMINISTROS SAS | E140: SI | F140: D5 | G140: =IF(E140="SI",F140,CONCATENATE(" REGISTRO COTIZACION NO EVALUADA: ",F140)) -> D5 | H140: Guantes látex no estéril | I140: 1 | J140: Unidad | L140: NA | M140: 1 | N140: 0.19 | O140: 799 | P140: =O140*(1+N140) -> 950.81 | R140: =+O140 -> 799 | S140: =+P140 -> 950.81 | T140: Cotización recibida 6-07-2022
...

Sheet COT_PRECALCULOS
B2: Ir a Índice | P2: PROMEDIO SIMPLE
A3: SECRETARÍA DE EDUCACIÓN DEL DISTRITO | P3: MEDIA GEOMETRICA
A4: DIRECCIÓN DE BIENESTAR ESTUDIANTIL | P4: MEDIANA
A5: PROGRAMA DE ALIMENTACIÓN ESCOLAR | P5: PROMEDIO + DESVIACION
P6: VALOR MAS BAJO
A7: CONSOLIDADO DE COTIZACIONES Y CALCULO DEL VALOR UNITARIO DE LOS DETERMINANTES DE COSTO | P7: VALOR MAS ALTO
B9: NOTAS : Esta hoja de calculo, agrupa las cotizaciones recibidas. Los calculos se realizan con los precios cotizados Iva Incluido
E10: ESTADISTICO SELECCIONADO
A12: TIPO COTIZACIÓN | B12: COD ELEMENTO X TIPO | C12: NOMBRE PRODUCTO Y/O SERVICIO | D12: # COT. | E12: Estadistico Seleccionado | F12: Valor Unitario | G12: Estado Revisión | H12: Unidad de Medida | I12: PROMEDIO SIMPLE | J12: DESVIACION ESTANDAR | K12: MEDIA GEOMETRICA | L12: MEDIANA | M12: PROMEDIO + DESVIACION | N12: VALOR MAS BAJO | O12: VALOR MAS ALTO | P12: Establece el Producto de los Valores Cotizados asosiados al producto de cada fila
A13: ANALISIS DE LABORATORIO | B13: L1 | C13: Ambiente | D13: =COUNTIF(COT_CODIGO_ALIMENTOS,B13) -> 29 | E13: PROMEDIO SIMPLE | F13: =INDEX($I$13:$O$36,,MATCH($E13,$I$12:$O$12,0)) -> 34034 | H13: Unidad | I13: =AVERAGEIF(COT_CODIGO_ALIMENTOS,B13,COT_VALOR_UNITARIO_CONIVA) -> 34034 | J13: {=IFERROR(STDEV(IF(COT_CODIGO_ALIMENTOS=B13,COT_VALOR_UNITARIO_CONIVA,"")),0)} -> 3339.4292 | K13: =POWER(P13,1/D13) -> 33867.403 | L13: {=MEDIAN(IF(COT_CODIGO_ALIMENTOS=B13,COT_VALOR_UNITARIO_CONIVA,""))} -> 35700 | M13: =+I13+J13 -> 37373.429 | N13: {=MIN((IF(COT_CODIGO_ALIMENTOS=B13,COT_VALOR_UNITARIO_CONIVA,"")))} -> 28679 | O13: {=MAX((IF(COT_CODIGO_ALIMENTOS=B13,COT_VALOR_UNITARIO_CONIVA,"")))} -> 37604 | P13: {=PRODUCT((IF(COT_CODIGO_ALIMENTOS=B13,COT_VALOR_UNITARIO_CONIVA,1)))} -> 2.3103342e+131
A14: ANALISIS DE LABORATORIO | B14: L13 | C14: Materias Primas 8 : Agua | D14: =COUNTIF(COT_CODIGO_ALIMENTOS,B14) -> 4 | E14: PROMEDIO SIMPLE | F14: =INDEX($I$13:$O$36,,MATCH($E14,$I$12:$O$12,0)) -> 80830.75 | H14: Unidad | I14: =AVERAGEIF(COT_CODIGO_ALIMENTOS,B14,COT_VALOR_UNITARIO_CONIVA) -> 80830.75 | J14: {=IFERROR(STDEV(IF(COT_CODIGO_ALIMENTOS=B14,COT_VALOR_UNITARIO_CONIVA,"")),0)} -> 11952.393 | K14: =POWER(P14,1/D14) -> 80164.76 | L14: {=MEDIAN(IF(COT_CODIGO_ALIMENTOS=B14,COT_VALOR_UNITARIO_CONIVA,""))} -> 80979.5 | M14: =+I14+J14 -> 92783.143 | N14: {=MIN((IF(COT_CODIGO_ALIMENTOS=B14,COT_VALOR_UNITARIO_CONIVA,"")))} -> 69615 | O14: {=MAX((IF(COT_CODIGO_ALIMENTOS=B14,COT_VALOR_UNITARIO_CONIVA,"")))} -> 91749 | P14: {=PRODUCT((IF(COT_CODIGO_ALIMENTOS=B14,COT_VALOR_UNITARIO_CONIVA,1)))} -> 4.1298473e+19
A15: ANALISIS DE LABORATORIO | B15: L18 | C15: pH y Cloro residual | D15: =COUNTIF(COT_CODIGO_ALIMENTOS,B15) -> 4 | E15: PROMEDIO SIMPLE | F15: =INDEX($I$13:$O$36,,MATCH($E15,$I$12:$O$12,0)) -> 484552.83 | H15: Unidad | I15: =AVERAGEIF(COT_CODIGO_ALIMENTOS,B15,COT_VALOR_UNITARIO_CONIVA) -> 484552.83 | J15: {=IFERROR(STDEV(IF(COT_CODIGO_ALIMENTOS=B15,COT_VALOR_UNITARIO_CONIVA,"")),0)} -> 243599 | K15: =POWER(P15,1/D15) -> 427350.42 | L15: {=MEDIAN(IF(COT_CODIGO_ALIMENTOS=B15,COT_VALOR_UNITARIO_CONIVA,""))} -> 499800 | M15: =+I15+J15 -> 728151.82 | N15: {=MIN((IF(COT_CODIGO_ALIMENTOS=B15,COT_VALOR_UNITARIO_CONIVA,"")))} -> 178500 | O15: {=MAX((IF(COT_CODIGO_ALIMENTOS=B15,COT_VALOR_UNITARIO_CONIVA,"")))} -> 760111.31 | P15: {=PRODUCT((IF(COT_CODIGO_ALIMENTOS=B15,COT_VALOR_UNITARIO_CONIVA,1)))} -> 3.3353126e+22
A16: ANALISIS DE LABORATORIO | B16: L2 | C16: Equipos y Utensilios | D16: =COUNTIF(COT_CODIGO_ALIMENTOS,B16) -> 20 | E16: PROMEDIO SIMPLE | F16: =INDEX($I$13:$O$36,,MATCH($E16,$I$12:$O$12,0)) -> 36622.25 | H16: Unidad | I16: =AVERAGEIF(COT_CODIGO_ALIMENTOS,B16,COT_VALOR_UNITARIO_CONIVA) -> 36622.25 | J16: {=IFERROR(STDEV(IF(COT_CODIGO_ALIMENTOS=B16,COT_VALOR_UNITARIO_CONIVA,"")),0)} -> 6024.9211 | K16: =POWER(P16,1/D16) -> 36150.795 | L16: {=MEDIAN(IF(COT_CODIGO_ALIMENTOS=B16,COT_VALOR_UNITARIO_CONIVA,""))} -> 36295 | M16: =+I16+J16 -> 42647.171 | N16: {=MIN((IF(COT_CODIGO_ALIMENTOS=B16,COT_VALOR_UNITARIO_CONIVA,"")))} -> 28679 | O16: {=MAX((IF(COT_CODIGO_ALIMENTOS=B16,COT_VALOR_UNITARIO_CONIVA,"")))} -> 45220 | P16: {=PRODUCT((IF(COT_CODIGO_ALIMENTOS=B16,COT_VALOR_UNITARIO_CONIVA,1)))} -> 1.4533063e+91
A17: ANALISIS DE LABORATORIO | B17: L3 | C17: Frotis de garganta y KOH para uñas. | D17: =COUNTIF(COT_CODIGO_ALIMENTOS,B17) -> 15 | E17: PROMEDIO SIMPLE | F17: =INDEX($I$13:$O$36,,MATCH($E17,$I$12:$O$12,0)) -> 44625 | H17: Unidad | I17: =AVERAGEIF(COT_CODIGO_ALIMENTOS,B17,COT_VALOR_UNITARIO_CONIVA) -> 44625 | J17: {=IFERROR(STDEV(IF(COT_CODIGO_ALIMENTOS=B17,COT_VALOR_UNITARIO_CONIVA,"")),0)} -> 3135.9253 | K17: =POWER(P17,1/D17) -> 1256.244 | L17: {=MEDIAN(IF(COT_CODIGO_ALIMENTOS=B17,COT_VALOR_UNITARIO_CONIVA,""))} -> 44625 | M17: =+I17+J17 -> 47760.925 | N17: {=MIN((IF(COT_CODIGO_ALIMENTOS=B17,COT_VALOR_UNITARIO_CONIVA,"")))} -> 41650 | O17: {=MAX((IF(COT_CODIGO_ALIMENTOS=B17,COT_VALOR_UNITARIO_CONIVA,"")))} -> 47600 | P17: {=PRODUCT((IF(COT_CODIGO_ALIMENTOS=B17,COT_VALOR_UNITARIO_CONIVA,1)))} -> 3.0627376e+46
A18: ANALISIS DE LABORATORIO | B18: L4 | C18: Frotis de manos limpias y desinfectadas. | D18: =COUNTIF(COT_CODIGO_ALIMENTOS,B18) -> 30 | E18: PROMEDIO SIMPLE | F18: =INDEX($I$13:$O$36,,MATCH($E18,$I$12:$O$12,0)) -> 65172.333 | H18: Unidad | I18: =AVERAGEIF(COT_CODIGO_ALIMENTOS,B18,COT_VALOR_UNITARIO_CONIVA) -> 65172.333 | J18: {=IFERROR(STDEV(IF(COT_CODIGO_ALIMENTOS=B18,COT_VALOR_UNITARIO_CONIVA,"")),0)} -> 58533.656 | K18: =POWER(P18,1/D18) -> 49231.406 | L18: {=MEDIAN(IF(COT_CODIGO_ALIMENTOS=B18,COT_VALOR_UNITARIO_CONIVA,""))} -> 43435 | M18: =+I18+J18 -> 123705.99 | N18: {=MIN((IF(COT_CODIGO_ALIMENTOS=B18,COT_VALOR_UNITARIO_CONIVA,"")))} -> 17850 | O18: {=MAX((IF(COT_CODIGO_ALIMENTOS=B18,COT_VALOR_UNITARIO_CONIVA,"")))} -> 191590 | P18: {=PRODUCT((IF(COT_CODIGO_ALIMENTOS=B18,COT_VALOR_UNITARIO_CONIVA,1)))} -> 5.8515004e+140
A19: DOTACIÓN DE PERSONAL | B19: D1 | C19: Camisa - Pantalon Blanco / Antifluido | D19: =COUNTIF(COT_CODIGO_ALIMENTOS,B19) -> 7 | E19: PROMEDIO SIMPLE | F19: =INDEX($I$13:$O$36,,MATCH($E19,$I$12:$O$12,0)) -> 62264.965 | H19: Unidad | I19: =AVERAGEIF(COT_CODIGO_ALIMENTOS,B19,COT_VALOR_UNITARIO_CONIVA) -> 62264.965 | J19: {=IFERROR(STDEV(IF(COT_CODIGO_ALIMENTOS=B19,COT_VALOR_UNITARIO_CONIVA,"")),0)} -> 12400.769 | K19: =POWER(P19,1/D19) -> 12664.196 | L19: {=MEDIAN(IF(COT_CODIGO_ALIMENTOS=B19,COT_VALOR_UNITARIO_CONIVA,""))} -> 62535.095 | M19: =+I19+J19 -> 74665.734 | N19: {=MIN((IF(COT_CODIGO_ALIMENTOS=B19,COT_VALOR_UNITARIO_CONIVA,"")))} -> 41999.86 | O19: {=MAX((IF(COT_CODIGO_ALIMENTOS=B19,COT_VALOR_UNITARIO_CONIVA,"")))} -> 77999.74 | P19: {=PRODUCT((IF(COT_CODIGO_ALIMENTOS=B19,COT_VALOR_UNITARIO_CONIVA,1)))} -> 5.2244823e+28
A20: DOTACIÓN DE PERSONAL | B20: D10 | C20: Botas de Seguridad | D20: =COUNTIF(COT_CODIGO_ALIMENTOS,B20) -> 8 | E20: PROMEDIO SIMPLE | F20: =INDEX($I$13:$O$36,,MATCH($E20,$I$12:$O$12,0)) -> 90524.83 | H20: Unidad | I20: =AVERAGEIF(COT_CODIGO_ALIMENTOS,B20,COT_VALOR_UNITARIO_CONIVA) -> 90524.83 | J20: {=IFERROR(STDEV(IF(COT_CODIGO_ALIMENTOS=B20,COT_VALOR_UNITARIO_CONIVA,"")),0)} -> 34844.699 | K20: =POWER(P20,1/D20) -> 20735.32 | L20: {=MEDIAN(IF(COT_CODIGO_ALIMENTOS=B20,COT_VALOR_UNITARIO_CONIVA,""))} -> 77350 | M20: =+I20+J20 -> 125369.53 | N20: {=MIN((IF(COT_CODIGO_ALIMENTOS=B20,COT_VALOR_UNITARIO_CONIVA,"")))} -> 59500 | O20: {=MAX((IF(COT_CODIGO_ALIMENTOS=B20,COT_VALOR_UNITARIO_CONIVA,"")))} -> 159802.72 | P20: {=PRODUCT((IF(COT_CODIGO_ALIMENTOS=B20,COT_VALOR_UNITARIO_CONIVA,1)))} -> 3.4173229e+34
A21: DOTACIÓN DE PERSONAL | B21: D2 | C21: Gorro de tela | D21: =COUNTIF(COT_CODIGO_ALIMENTOS,B21) -> 7 | E21: PROMEDIO SIMPLE | F21: =INDEX($I$13:$O$36,,MATCH($E21,$I$12:$O$12,0)) -> 8025.36 | H21: Unidad | I21: =AVERAGEIF(COT_CODIGO_ALIMENTOS,B21,COT_VALOR_UNITARIO_CONIVA) -> 8025.36 | J21: {=IFERROR(STDEV(IF(COT_CODIGO_ALIMENTOS=B21,COT_VALOR_UNITARIO_CONIVA,"")),0)} -> 4804.8354 | K21: =POWER(P21,1/D21) -> 5150.1538 | L21: {=MEDIAN(IF(COT_CODIGO_ALIMENTOS=B21,COT_VALOR_UNITARIO_CONIVA,""))} -> 6999.58 | M21: =+I21+J21 -> 12830.195 | N21: {=MIN((IF(COT_CODIGO_ALIMENTOS=B21,COT_VALOR_UNITARIO_CONIVA,"")))} -> 213.01 | O21: {=MAX((IF(COT_CODIGO_ALIMENTOS=B21,COT_VALOR_UNITARIO_CONIVA,"")))} -> 14999.95 | P21: {=PRODUCT((IF(COT_CODIGO_ALIMENTOS=B21,COT_VALOR_UNITARIO_CONIVA,1)))} -> 9.6103986e+25
A22: DOTACIÓN DE PERSONAL | B22: D3 | C22: Botas de caucho blancas punta acero | D22: =COUNTIF(COT_CODIGO_ALIMENTOS,B22) -> 7 | E22: PROMEDIO SIMPLE | F22: =INDEX($I$13:$O$36,,MATCH($E22,$I$12:$O$12,0)) -> 59249.108 | H22: Unidad | I22: =AVERAGEIF(COT_CODIGO_ALIMENTOS,B22,COT_VALOR_UNITARIO_CONIVA) -> 59249.108 | J22: {=IFERROR(STDEV(IF(COT_CODIGO_ALIMENTOS=B22,COT_VALOR_UNITARIO_CONIVA,"")),0)} -> 20090.767 | K22: =POWER(P22,1/D22) -> 11711.496 | L22: {=MEDIAN(IF(COT_CODIGO_ALIMENTOS=B22,COT_VALOR_UNITARIO_CONIVA,""))} -> 67532.5 | M22: =+I22+J22 -> 79339.875 | N22: {=MIN((IF(COT_CODIGO_ALIMENTOS=B22,COT_VALOR_UNITARIO_CONIVA,"")))} -> 29999.9 | O22: {=MAX((IF(COT_CODIGO_ALIMENTOS=B22,COT_VALOR_UNITARIO_CONIVA,"")))} -> 77350 | P22: {=PRODUCT((IF(COT_CODIGO_ALIMENTOS=B22,COT_VALOR_UNITARIO_CONIVA,1)))} -> 3.0219458e+28
A23: DOTACIÓN DE PERSONAL | B23: D4 | C23: Tapabocas desechables caja x 50 | D23: =COUNTIF(COT_CODIGO_ALIMENTOS,B23) -> 7 | E23: PROMEDIO SIMPLE | F23: =INDEX($I$13:$O$36,,MATCH($E23,$I$12:$O$12,0)) -> 267.58 | H23: Unidad | I23: =AVERAGEIF(COT_CODIGO_ALIMENTOS,B23,COT_VALOR_UNITARIO_CONIVA) -> 267.58 | J23: {=IFERROR(STDEV(IF(COT_CODIGO_ALIMENTOS=B23,COT_VALOR_UNITARIO_CONIVA,"")),0)} -> 118.26874 | K23: =POWER(P23,1/D23) -> 248.99266 | L23: {=MEDIAN(IF(COT_CODIGO_ALIMENTOS=B23,COT_VALOR_UNITARIO_CONIVA,""))} -> 238 | M23: =+I23+J23 -> 385.84874 | N23: {=MIN((IF(COT_CODIGO_ALIMENTOS=B23,COT_VALOR_UNITARIO_CONIVA,"")))} -> 154.7 | O23: {=MAX((IF(COT_CODIGO_ALIMENTOS=B23,COT_VALOR_UNITARIO_CONIVA,"")))} -> 500.99 | P23: {=PRODUCT((IF(COT_CODIGO_ALIMENTOS=B23,COT_VALOR_UNITARIO_CONIVA,1)))} -> 5.9334306e+16
A24: DOTACIÓN DE PERSONAL | B24: D5 | C24: Guantes de Latex desechables caja x 50 | D24: =COUNTIF(COT_CODIGO_ALIMENTOS,B24) -> 7 | E24: PROMEDIO SIMPLE | F24: =INDEX($I$13:$O$36,,MATCH($E24,$I$12:$O$12,0)) -> 1323.28 | H24: Unidad | I24: =AVERAGEIF(COT_CODIGO_ALIMENTOS,B24,COT_VALOR_UNITARIO_CONIVA) -> 1323.28 | J24: {=IFERROR(STDEV(IF(COT_CODIGO_ALIMENTOS=B24,COT_VALOR_UNITARIO_CONIVA,"")),0)} -> 1122.0434 | K24: =POWER(P24,1/D24) -> 1050.9083 | L24: {=MEDIAN(IF(COT_CODIGO_ALIMENTOS=B24,COT_VALOR_UNITARIO_CONIVA,""))} -> 950.81 | M24: =+I24+J24 -> 2445.3234 | N24: {=MIN((IF(COT_CODIGO_ALIMENTOS=B24,COT_VALOR_UNITARIO_CONIVA,"")))} -> 452.2 | O24: {=MAX((IF(COT_CODIGO_ALIMENTOS=B24,COT_VALOR_UNITARIO_CONIVA,"")))} -> 3719.94 | P24: {=PRODUCT((IF(COT_CODIGO_ALIMENTOS=B24,COT_VALOR_UNITARIO_CONIVA,1)))} -> 1.4156434e+21
... A28: DOTACIÓN DE PERSONAL | B28: D9 | C28: Guantes negros calibre 35 | D28: =COUNTIF(COT_CODIGO_ALIMENTOS,B28) -> 7 | E28: PROMEDIO SIMPLE | F28: =INDEX($I$13:$O$36,,MATCH($E28,$I$12:$O$12,0)) -> 8063.78 | H28: Unidad | I28: =AVERAGEIF(COT_CODIGO_ALIMENTOS,B28,COT_VALOR_UNITARIO_CONIVA) -> 8063.78 | J28: {=IFERROR(STDEV(IF(COT_CODIGO_ALIMENTOS=B28,COT_VALOR_UNITARIO_CONIVA,"")),0)} -> 3294.201 | K28: =POWER(P28,1/D28) -> 7540.7689 | L28: {=MEDIAN(IF(COT_CODIGO_ALIMENTOS=B28,COT_VALOR_UNITARIO_CONIVA,""))} -> 7125.72 | M28: =+I28+J28 -> 11357.981 | N28: {=MIN((IF(COT_CODIGO_ALIMENTOS=B28,COT_VALOR_UNITARIO_CONIVA,"")))} -> 4165 | O28: {=MAX((IF(COT_CODIGO_ALIMENTOS=B28,COT_VALOR_UNITARIO_CONIVA,"")))} -> 14280 | P28: {=PRODUCT((IF(COT_CODIGO_ALIMENTOS=B28,COT_VALOR_UNITARIO_CONIVA,1)))} -> 1.3864666e+27
A29: TRANSPORTE | B29: ="T1" -> T1 | C29: Furgón de 1.5 Tons, aislado y refrigerado | D29: =COUNTIF(COT_CODIGO_ALIMENTOS,B29) -> 9 | E29: PROMEDIO SIMPLE | F29: =INDEX($I$13:$O$36,,MATCH($E29,$I$12:$O$12,0)) -> 356844.44 | H29: Vehiculo/Dia | I29: =AVERAGEIF(COT_CODIGO_ALIMENTOS,B29,COT_VALOR_UNITARIO_CONIVA) -> 356844.44 | J29: {=IFERROR(STDEV(IF(COT_CODIGO_ALIMENTOS=B29,COT_VALOR_UNITARIO_CONIVA,"")),0)} -> 58164.811 | K29: =POWER(P29,1/D29) -> 352895.83 | L29: {=MEDIAN(IF(COT_CODIGO_ALIMENTOS=B29,COT_VALOR_UNITARIO_CONIVA,""))} -> 360000 | M29: =+I29+J29 -> 415009.26 | N29: {=MIN((IF(COT_CODIGO_ALIMENTOS=B29,COT_VALOR_UNITARIO_CONIVA,"")))} -> 280000 | O29: {=MAX((IF(COT_CODIGO_ALIMENTOS=B29,COT_VALOR_UNITARIO_CONIVA,"")))} -> 480000 | P29: {=PRODUCT((IF(COT_CODIGO_ALIMENTOS=B29,COT_VALOR_UNITARIO_CONIVA,1)))} -> 8.4882608e+49
A30: BOLSATINAS | B30: B1 | C30: Bolsa para Canastilla o Bolsatina | D30: =COUNTIF(COT_CODIGO_ALIMENTOS,B30) -> 9 | E30: PROMEDIO SIMPLE | F30: =INDEX($I$13:$O$36,,MATCH($E30,$I$12:$O$12,0)) -> 269.45567 | H30: Unidad | I30: =AVERAGEIF(COT_CODIGO_ALIMENTOS,B30,COT_VALOR_UNITARIO_CONIVA) -> 269.45567 | J30: {=IFERROR(STDEV(IF(COT_CODIGO_ALIMENTOS=B30,COT_VALOR_UNITARIO_CONIVA,"")),0)} -> 98.212424 | K30: =POWER(P30,1/D30) -> 253.04678 | L30: {=MEDIAN(IF(COT_CODIGO_ALIMENTOS=B30,COT_VALOR_UNITARIO_CONIVA,""))} -> 234.43 | M30: =+I30+J30 -> 367.66809 | N30: {=MIN((IF(COT_CODIGO_ALIMENTOS=B30,COT_VALOR_UNITARIO_CONIVA,"")))} -> 119 | O30: {=MAX((IF(COT_CODIGO_ALIMENTOS=B30,COT_VALOR_UNITARIO_CONIVA,"")))} -> 452.2 | P30: {=PRODUCT((IF(COT_CODIGO_ALIMENTOS=B30,COT_VALOR_UNITARIO_CONIVA,1)))} -> 4.2540958e+21
A31: IMPRESORA, ETIQUETAS Y TINTA | B31: I1 | C31: Cinta Ribbon Cera | D31: =COUNTIF(COT_CODIGO_ALIMENTOS,B31) -> 5 | E31: PROMEDIO SIMPLE | F31: =INDEX($I$13:$O$36,,MATCH($E31,$I$12:$O$12,0)) -> 16712.836 | H31: Unidad | I31: =AVERAGEIF(COT_CODIGO_ALIMENTOS,B31,COT_VALOR_UNITARIO_CONIVA) -> 16712.836 | J31: {=IFERROR(STDEV(IF(COT_CODIGO_ALIMENTOS=B31,COT_VALOR_UNITARIO_CONIVA,"")),0)} -> 3258.8312 | K31: =POWER(P31,1/D31) -> 16465.229 | L31: {=MEDIAN(IF(COT_CODIGO_ALIMENTOS=B31,COT_VALOR_UNITARIO_CONIVA,""))} -> 17017 | M31: =+I31+J31 -> 19971.667 | N31: {=MIN((IF(COT_CODIGO_ALIMENTOS=B31,COT_VALOR_UNITARIO_CONIVA,"")))} -> 13506.5 | O31: {=MAX((IF(COT_CODIGO_ALIMENTOS=B31,COT_VALOR_UNITARIO_CONIVA,"")))} -> 21420 | P31: {=PRODUCT((IF(COT_CODIGO_ALIMENTOS=B31,COT_VALOR_UNITARIO_CONIVA,1)))} -> 1.2101491e+21
A32: IMPRESORA, ETIQUETAS Y TINTA | B32: I2 | C32: Etiqueta térmica 100 X 50 mm | D32: =COUNTIF(COT_CODIGO_ALIMENTOS,B32) -> 7 | E32: PROMEDIO SIMPLE | F32: =INDEX($I$13:$O$36,,MATCH($E32,$I$12:$O$12,0)) -> 21.2296 | H32: Unidad | I32: =AVERAGEIF(COT_CODIGO_ALIMENTOS,B32,COT_VALOR_UNITARIO_CONIVA) -> 21.2296 | J32: {=IFERROR(STDEV(IF(COT_CODIGO_ALIMENTOS=B32,COT_VALOR_UNITARIO_CONIVA,"")),0)} -> 3.3099617 | K32: =POWER(P32,1/D32) -> 21.0209 | L32: {=MEDIAN(IF(COT_CODIGO_ALIMENTOS=B32,COT_VALOR_UNITARIO_CONIVA,""))} -> 20.825 | M32: =+I32+J32 -> 24.539562 | N32: {=MIN((IF(COT_CODIGO_ALIMENTOS=B32,COT_VALOR_UNITARIO_CONIVA,"")))} -> 17.85 | O32: {=MAX((IF(COT_CODIGO_ALIMENTOS=B32,COT_VALOR_UNITARIO_CONIVA,"")))} -> 27.37 | P32: {=PRODUCT((IF(COT_CODIGO_ALIMENTOS=B32,COT_VALOR_UNITARIO_CONIVA,1)))} -> 1.8136739e+09
A33: IMPRESORA, ETIQUETAS Y TINTA | B33: I3 | C33: Impresora de escritorio referencia Zebra ZD 230 | D33: =COUNTIF(COT_CODIGO_ALIMENTOS,B33) -> 5 | E33: PROMEDIO SIMPLE | F33: =INDEX($I$13:$O$36,,MATCH($E33,$I$12:$O$12,0)) -> 1973020 | H33: Unidad | I33: =AVERAGEIF(COT_CODIGO_ALIMENTOS,B33,COT_VALOR_UNITARIO_CONIVA) -> 1973020 | J33: {=IFERROR(STDEV(IF(COT_CODIGO_ALIMENTOS=B33,COT_VALOR_UNITARIO_CONIVA,"")),0)} -> 484339.5 | K33: =POWER(P33,1/D33) -> 1927838.2 | L33: {=MEDIAN(IF(COT_CODIGO_ALIMENTOS=B33,COT_VALOR_UNITARIO_CONIVA,""))} -> 1749300 | M33: =+I33+J33 -> 2457359.5 | N33: {=MIN((IF(COT_CODIGO_ALIMENTOS=B33,COT_VALOR_UNITARIO_CONIVA,"")))} -> 1470840 | O33: {=MAX((IF(COT_CODIGO_ALIMENTOS=B33,COT_VALOR_UNITARIO_CONIVA,"")))} -> 2677500 | P33: {=PRODUCT((IF(COT_CODIGO_ALIMENTOS=B33,COT_VALOR_UNITARIO_CONIVA,1)))} -> 2.6628882e+31
A34: VISITAS ESTUDIANTES | B34: VE2 | C34: Visita de estudiantes: Refrigerio | D34: =COUNTIF(COT_CODIGO_ALIMENTOS,B34) -> 5 | E34: PROMEDIO SIMPLE | F34: =INDEX($I$13:$O$36,,MATCH($E34,$I$12:$O$12,0)) -> 9700 | H34: Unidad | I34: =AVERAGEIF(COT_CODIGO_ALIMENTOS,B34,COT_VALOR_UNITARIO_CONIVA) -> 9700 | J34: {=IFERROR(STDEV(IF(COT_CODIGO_ALIMENTOS=B34,COT_VALOR_UNITARIO_CONIVA,"")),0)} -> 3154.3621 | K34: =POWER(P34,1/D34) -> 9290.2654 | L34: {=MEDIAN(IF(COT_CODIGO_ALIMENTOS=B34,COT_VALOR_UNITARIO_CONIVA,""))} -> 9000 | M34: =+I34+J34 -> 12854.362 | N34: {=MIN((IF(COT_CODIGO_ALIMENTOS=B34,COT_VALOR_UNITARIO_CONIVA,"")))} -> 6500 | O34: {=MAX((IF(COT_CODIGO_ALIMENTOS=B34,COT_VALOR_UNITARIO_CONIVA,"")))} -> 13000 | P34: {=PRODUCT((IF(COT_CODIGO_ALIMENTOS=B34,COT_VALOR_UNITARIO_CONIVA,1)))} -> 6.92055e+19
A35: VISITAS ESTUDIANTES | B35: VE1 | C35: Visita de estudiantes: Kit de Materiales | D35: =COUNTIF(COT_CODIGO_ALIMENTOS,B35) -> 5 | E35: PROMEDIO SIMPLE | F35: =INDEX($I$13:$O$36,,MATCH($E35,$I$12:$O$12,0)) -> 3430 | H35: Unidad | I35: =AVERAGEIF(COT_CODIGO_ALIMENTOS,B35,COT_VALOR_UNITARIO_CONIVA) -> 3430 | J35: {=IFERROR(STDEV(IF(COT_CODIGO_ALIMENTOS=B35,COT_VALOR_UNITARIO_CONIVA,"")),0)} -> 882.89297 | K35: =POWER(P35,1/D35) -> 3335.7336 | L35: {=MEDIAN(IF(COT_CODIGO_ALIMENTOS=B35,COT_VALOR_UNITARIO_CONIVA,""))} -> 3200 | M35: =+I35+J35 -> 4312.893 | N35: {=MIN((IF(COT_CODIGO_ALIMENTOS=B35,COT_VALOR_UNITARIO_CONIVA,"")))} -> 2300 | O35: {=MAX((IF(COT_CODIGO_ALIMENTOS=B35,COT_VALOR_UNITARIO_CONIVA,"")))} -> 4350 | P35: {=PRODUCT((IF(COT_CODIGO_ALIMENTOS=B35,COT_VALOR_UNITARIO_CONIVA,1)))} -> 4.130064e+17
A36: VISITAS ESTUDIANTES | B36: VE3 | C36: Visita de estudiantes: Transporte | D36: =COUNTIF(COT_CODIGO_ALIMENTOS,B36) -> 5 | E36: PROMEDIO SIMPLE | F36: =INDEX($I$13:$O$36,,MATCH($E36,$I$12:$O$12,0)) -> 172550 | H36: Unidad | I36: =AVERAGEIF(COT_CODIGO_ALIMENTOS,B36,COT_VALOR_UNITARIO_CONIVA) -> 172550 | J36: {=IFERROR(STDEV(IF(COT_CODIGO_ALIMENTOS=B36,COT_VALOR_UNITARIO_CONIVA,"")),0)} -> 108094.35 | K36: =POWER(P36,1/D36) -> 152056.94 | L36: {=MEDIAN(IF(COT_CODIGO_ALIMENTOS=B36,COT_VALOR_UNITARIO_CONIVA,""))} -> 143750 | M36: =+I36+J36 -> 280644.35 | N36: {=MIN((IF(COT_CODIGO_ALIMENTOS=B36,COT_VALOR_UNITARIO_CONIVA,"")))} -> 85000 | O36: {=MAX((IF(COT_CODIGO_ALIMENTOS=B36,COT_VALOR_UNITARIO_CONIVA,"")))} -> 360000 | P36: {=PRODUCT((IF(COT_CODIGO_ALIMENTOS=B36,COT_VALOR_UNITARIO_CONIVA,1)))} -> 8.12889e+25

Sheet TH_RECURSO_HUMANO
C2: Ir a Índice
A3: SECRETARÍA DE EDUCACIÓN DEL DISTRITO
A4: DIRECCIÓN DE BIENESTAR ESTUDIANTIL
A5: PROGRAMA DE ALIMENTACIÓN ESCOLAR
A7: CALCULO RECURSO HUMANO REQUERIDO PARA LA OPERACIÓN DE LA PLANTA
C9: PARAMETROS DE ENTRADA | D9: VALORES
C10: TOTAL ENTREGAS LOGISTICAS VIG. 2023 - 2024 PRIMERA ENTREGA | D10: {=SUM((BS_Tipo_Entrega="PE")*BS_Total_Suministro_Proyectado)} -> 151058325
C11: TOTAL ENTREGAS LOGISTICAS VIG. 2023 - 2024 SEGUNDA ENTREGA | D11: {=SUM(((BS_Tipo_Entrega="SE")+(BS_Tipo_Entrega="SE-D"))*BS_Total_Suministro_Proyectado)} -> 33825009
C12: 'TOTAL ENTREGAS LOGISTICAS VIG. 2023 -2024 | D12: =D10+D11 -> 184883334
C13: MESES DE EJECUCION DEL CONTRATO | D13: 24
C14: COSTO TOTAL ESTIMADO RECURSO HUMANO VIG 2023 - 2024 | D14: =O37 -> 2.5610818e+10
C15: 'COSTO TOTAL ESTIMADO DOTACION RH VIG 2023 - 2024 | D15: =DOT_DOTACION_PERSONAL!F57 -> 6.7830354e+08
C16: COSTO RH + DOTACIÓN RH POR ENTREGA LOGÍSTICA | D16: =(D14+D15)/D12 -> 142.19303
B19: ESTANDAR TH POR PLANTA ( SE PREVEE FUNCIONAMIENTO DE 7 PLANTAS)
B20: AREA | C20: ROL | D20: Personal Por Planta | E20: No Plantas Estimada | F20: Total Personas | G20: Años | H20: Salario | I20: VALOR SALARIO | J20: SUBSIDIO TRANSPORTE | K20: TOTAL CARGA PRESTACIONAL | L20: TOTAL MENSUAL ESTIMADO 2023 / 2024 | M20: MESES DE EJECUCION | N20: Meses de trabajo con 100% dedicación mensual | O20: ESTIMADO VALOR TOTAL TH
B21: 1 ORGANIZACIÓN Y COORDINACIÓN | C21: Coordinador Operativo (uno por Planta) | D21: 1 | E21: 7 | F21: =+D21*E21 -> 7 | G21: 5 años | H21: Directivo G9 | I21: 5494432 | J21: 0 | K21: =$M42 -> 2877448.7 | L21: =I21+J21+K21 -> 8371880.7 | M21: =$D$13 -> 24 | N21: 1 | O21: =L21*M21*F21 -> 1.406476e+09
B22: 2 RECEPCION Y CONTROL DE CALIDAD | C22: Profesional de Logística y/o Despacho (uno por Segmento) | D22: 1 | E22: 10 | F22: =+D22*E22 -> 10 | G22: 3 años | H22: Profesional G11 | I22: 3534752 | J22: 0 | K22: =$M43 -> 1851159 | L22: =I22+J22+K22 -> 5385911 | M22: =$D$13 -> 24 | N22: 1 | O22: =L22*M22*F22 -> 1.2926187e+09
B23: 2 RECEPCION Y CONTROL DE CALIDAD | C23: Profesional componente Pedagógico (dos por Planta) | D23: 2 | E23: 7 | F23: =+D23*E23 -> 14 | G23: 3 años | H23: Profesional G11 | I23: 3534752 | J23: 0 | K23: =$M44 -> 1851159 | L23: =I23+J23+K23 -> 5385911 | M23: =$D$13 -> 24 | N23: 1 | O23: =L23*M23*F23 -> 1.8096661e+09
B24: 2 RECEPCION Y CONTROL DE CALIDAD | C24: Profesional de Calidad por planta (uno por Planta) | D24: 1 | E24: 7 | F24: =+D24*E24 -> 7 | G24: 3 años | H24: Profesional G11 | I24: 3534752 | J24: 0 | K24: =$M45 -> 1851159 | L24: =I24+J24+K24 -> 5385911 | M24: =$D$13 -> 24 | N24: 1 | O24: =L24*M24*F24 -> 9.0483306e+08
B25: 2 RECEPCION Y CONTROL DE CALIDAD | C25: Profesional de Inventarios (uno por Planta) | D25: 1 | E25: 7 | F25: =+D25*E25 -> 7 | G25: 2 años | H25: Profesional G9 | I25: 3280023 | J25: 0 | K25: =$M46 -> 1717756.8 | L25: =I25+J25+K25 -> 4997779.8 | M25: =$D$13 -> 24 | N25: 1 | O25: =L25*M25*F25 -> 8.3962701e+08
B26: 2 RECEPCION Y CONTROL DE CALIDAD | C26: Supervisor de Calidad Recepción y Control (uno por Segmento) | D26: 1 | E26: 10 | F26: =+D26*E26 -> 10 | G26: 1 año | H26: Técnico G16, Profesional G6 | I26: 2798005 | J26: 0 | K26: =$M47 -> 1465322.7 | L26: =I26+J26+K26 -> 4263327.7 | M26: =$D$13 -> 24 | N26: 1 | O26: =L26*M26*F26 -> 1.0231986e+09
B27: 3 ALMACENAMIENTO MP Y PT | C27: Jefe de almacén (uno por Planta) | D27: 1 | E27: 7 | F27: =+D27*E27 -> 7 | G27: 1 año | H27: Técnico G15, Profesional G5 | I27: 2798005 | J27: 0 | K27: =$M48 -> 1465322.7 | L27: =I27+J27+K27 -> 4263327.7 | M27: =$D$13 -> 24 | N27: 2 | O27: =L27*M27*F27 -> 7.1623905e+08
B28: 3 ALMACENAMIENTO MP Y PT | C28: Auxiliar Operativo Almacenamiento (dos por Planta) | D28: 2 | E28: 7 | F28: =+D28*E28 -> 14 | G28: 6 meses | H28: Asistencial G4 | I28: 1028774 | J28: 117172 | K28: =$M49 -> 538771.69 | L28: =I28+J28+K28 -> 1684717.7 | M28: =$D$13 -> 24 | N28: 3 | O28: =L28*M28*F28 -> 5.6606514e+08
B29: 5 LOGISTICA Y DISTRIBUCION | C29: Supervisor de Producción (uno por Planta) | D29: 1 | E29: 7 | F29: =+D29*E29 -> 7 | G29: 2 años | H29: Técnico G16, Profesional G6 | I29: 2467189 | J29: 0 | K29: =$M50 -> 1292073.5 | L29: =I29+J29+K29 -> 3759262.5 | M29: =$D$13 -> 24 | N29: 4 | O29: =L29*M29*F29 -> 6.3155609e+08
B30: 5 LOGISTICA Y DISTRIBUCION | C30: Auxiliares de Ensamble (12 por Segmento) | D30: 12 | E30: 10 | F30: =+D30*E30 -> 120 | G30: 6 meses | H30: Asistencial G8 | I30: 1190237 | J30: 117172 | K30: =$M51 -> 623330.29 | L30: =I30+J30+K30 -> 1930739.3 | M30: =$D$13 -> 24 | N30: 5 | O30: =L30*M30*F30 -> 5.5605292e+09
B31: 5 LOGISTICA Y DISTRIBUCION | C31: Auxiliar Operativo (Despachos) (cuatro por Planta) | D31: 4 | E31: 7 | F31: =+D31*E31 -> 28 | G31: 1 año | H31: Asistencial G8 | I31: 1190237 | J31: 117172 | K31: =$M52 -> 623330.29 | L31: =I31+J31+K31 -> 1930739.3 | M31: =$D$13 -> 24 | N31: 6 | O31: =L31*M31*F31 -> 1.2974568e+09
B32: 5 LOGISTICA Y DISTRIBUCION | C32: Gestor de Novedades (dos por Planta) | D32: 2 | E32: 7 | F32: =+D32*E32 -> 14 | G32: 2 años | H32: Técnico G9 | I32: 1832406 | J32: 117172 | K32: =$M53 -> 959635.91 | L32: =I32+J32+K32 -> 2909213.9 | M32: =$D$13 -> 24 | N32: 7 | O32: =L32*M32*F32 -> 9.7749587e+08
... B35: 5 LOGISTICA Y DISTRIBUCION | C35: Auxiliar Lavado de Canastillas (tres por Planta) | D35: 3 | E35: 7 | F35: =+D35*E35 -> 21 | G35: 6 meses | H35: Asistencial G5 | I35: 1000000 | J35: 117172 | K35: =$M56 -> 523702.67 | L35: =I35+J35+K35 -> 1640874.7 | M35: =$D$13 -> 24 | N35: 10 | O35: =L35*M35*F35 -> 827000832
B36: 5 LOGISTICA Y DISTRIBUCION | C36: Auxiliar Ruta (1 por ruta) | D36: 1 | E36: =+TRANS_TRANSPORTE!$G$34 -> 141 | F36: =+D36*E36 -> 141 | G36: 6 meses | H36: Asistencial G5 | I36: 1000000 | J36: 117172 | K36: =$M57 -> 523702.67 | L36: =I36+J36+K36 -> 1640874.7 | M36: =$D$13 -> 24 | N36: 11 | O36: =L36*M36*F36 -> 5552719872
B37: TOTALES | D37: =SUM(D21:D36) -> 41 | F37: =SUM(F21:F36) -> 463 | I37: =SUM(I21:I36) -> 36683564 | J37: =SUM(J21:J36) -> 937376 | K37: =SUM(K21:K36) -> 19211280 | L37: =SUM(L21:L36) -> 56832220 | O37: =SUM(O21:P36) -> 2.5610818e+10
B38: * Fuente : Tomado del decreto 473 de 2022
D39: CALCULO CARGA PRESTACIONAL
B40: ESTANDAR TH POR PLANTA- Y TOTAL PLANTAS | D40: 0.085 | F40: 0.12 | G40: 0.01044 | H40: 0.0833 | I40: 0.12 | J40: 0.041666667 | K40: 0.0833 | L40: 0.09
B41: AREA | C41: ROL | D41: SALUD 8.50% | F41: PENSION 12.00% | G41: ARL | H41: CESANTIAS | I41: INTERESES CESANTIAS | J41: VACACIONES | K41: PRIMA | L41: PARAFISCALES | M41: TOTAL | N41: Factor Prestacional
B42: 1 ORGANIZACIÓN Y COORDINACIÓN | C42: Coordinador Operativo (uno por Planta) | D42: =$I21*D$40 -> 467026.72 | F42: =$I21*F$40 -> 659331.84 | G42: =$I21*G$40 -> 57361.87 | H42: =$I21*H$40 -> 457686.19 | I42: =$I$40*H42 -> 54922.342 | J42: =$I21*J$40 -> 228934.67 | K42: =$I21*K$40 -> 457686.19 | L42: =$I21*L$40 -> 494498.88 | M42: =SUM(D42:L42) -> 2877448.7 | N42: =M42/I21 -> 0.52370267
B43: 2 RECEPCION Y CONTROL DE CALIDAD | C43: Profesional de Logística y/o Despacho (uno por Segmento) | D43: =$I22*D$40 -> 300453.92 | F43: =$I22*F$40 -> 424170.24 | G43: =$I22*G$40 -> 36902.811 | H43: =$I22*H$40 -> 294444.84 | I43: =$I$40*H43 -> 35333.381 | J43: =$I22*J$40 -> 147281.33 | K43: =$I22*K$40 -> 294444.84 | L43: =$I22*L$40 -> 318127.68 | M43: =SUM(D43:L43) -> 1851159 | N43: =M43/I22 -> 0.52370267
B44: 2 RECEPCION Y CONTROL DE CALIDAD | C44: Profesional componente Pedagógico (dos por Planta) | D44: =$I23*D$40 -> 300453.92 | F44: =$I23*F$40 -> 424170.24 | G44: =$I23*G$40 -> 36902.811 | H44: =$I23*H$40 -> 294444.84 | I44: =$I$40*H44 -> 35333.381 | J44: =$I23*J$40 -> 147281.33 | K44: =$I23*K$40 -> 294444.84 | L44: =$I23*L$40 -> 318127.68 | M44: =SUM(D44:L44) -> 1851159 | N44: =M44/I23 -> 0.52370267
B45: 2 RECEPCION Y CONTROL DE CALIDAD | C45: Profesional de Calidad por planta (uno por Planta) | D45: =$I24*D$40 -> 300453.92 | F45: =$I24*F$40 -> 424170.24 | G45: =$I24*G$40 -> 36902.811 | H45: =$I24*H$40 -> 294444.84 | I45: =$I$40*H45 -> 35333.381 | J45: =$I24*J$40 -> 147281.33 | K45: =$I24*K$40 -> 294444.84 | L45: =$I24*L$40 -> 318127.68 | M45: =SUM(D45:L45) -> 1851159 | N45: =M45/I24 -> 0.52370267
B46: 2 RECEPCION Y CONTROL DE CALIDAD | C46: Profesional de Inventarios (uno por Planta) | D46: =$I25*D$40 -> 278801.96 | F46: =$I25*F$40 -> 393602.76 | G46: =$I25*G$40 -> 34243.44 | H46: =$I25*H$40 -> 273225.92 | I46: =$I$40*H46 -> 32787.11 | J46: =$I25*J$40 -> 136667.63 | K46: =$I25*K$40 -> 273225.92 | L46: =$I25*L$40 -> 295202.07 | M46: =SUM(D46:L46) -> 1717756.8 | N46: =M46/I25 -> 0.52370267
B47: 2 RECEPCION Y CONTROL DE CALIDAD | C47: Supervisor de Calidad Recepción y Control (uno por Segmento) | D47: =$I26*D$40 -> 237830.43 | F47: =$I26*F$40 -> 335760.6 | G47: =$I26*G$40 -> 29211.172 | H47: =$I26*H$40 -> 233073.82 | I47: =$I$40*H47 -> 27968.858 | J47: =$I26*J$40 -> 116583.54 | K47: =$I26*K$40 -> 233073.82 | L47: =$I26*L$40 -> 251820.45 | M47: =SUM(D47:L47) -> 1465322.7 | N47: =M47/I26 -> 0.52370267
B48: 3 ALMACENAMIENTO MP Y PT | C48: Jefe de almacén (uno por Planta) | D48: =$I27*D$40 -> 237830.43 | F48: =$I27*F$40 -> 335760.6 | G48: =$I27*G$40 -> 29211.172 | H48: =$I27*H$40 -> 233073.82 | I48: =$I$40*H48 -> 27968.858 | J48: =$I27*J$40 -> 116583.54 | K48: =$I27*K$40 -> 233073.82 | L48: =$I27*L$40 -> 251820.45 | M48: =SUM(D48:L48) -> 1465322.7 | N48: =M48/I27 -> 0.52370267
B49: 3 ALMACENAMIENTO MP Y PT | C49: Auxiliar Operativo Almacenamiento (dos por Planta) | D49: =$I28*D$40 -> 87445.79 | F49: =$I28*F$40 -> 123452.88 | G49: =$I28*G$40 -> 10740.401 | H49: =$I28*H$40 -> 85696.874 | I49: =$I$40*H49 -> 10283.625 | J49: =$I28*J$40 -> 42865.583 | K49: =$I28*K$40 -> 85696.874 | L49: =$I28*L$40 -> 92589.66 | M49: =SUM(D49:L49) -> 538771.69 | N49: =M49/I28 -> 0.52370267
B50: 5 LOGISTICA Y DISTRIBUCION | C50: Supervisor de Producción (uno por Planta) | D50: =$I29*D$40 -> 209711.07 | F50: =$I29*F$40 -> 296062.68 | G50: =$I29*G$40 -> 25757.453 | H50: =$I29*H$40 -> 205516.84 | I50: =$I$40*H50 -> 24662.021 | J50: =$I29*J$40 -> 102799.54 | K50: =$I29*K$40 -> 205516.84 | L50: =$I29*L$40 -> 222047.01 | M50: =SUM(D50:L50) -> 1292073.5 | N50: =M50/I29 -> 0.52370267
B51: 5 LOGISTICA Y DISTRIBUCION | C51: Auxiliares de Ensamble (12 por Segmento) | D51: =$I30*D$40 -> 101170.15 | F51: =$I30*F$40 -> 142828.44 | G51: =$I30*G$40 -> 12426.074 | H51: =$I30*H$40 -> 99146.742 | I51: =$I$40*H51 -> 11897.609 | J51: =$I30*J$40 -> 49593.208 | K51: =$I30*K$40 -> 99146.742 | L51: =$I30*L$40 -> 107121.33 | M51: =SUM(D51:L51) -> 623330.29 | N51: =M51/I30 -> 0.52370267
B52: 5 LOGISTICA Y DISTRIBUCION | C52: Auxiliar Operativo (Despachos) (cuatro por Planta) | D52: =$I31*D$40 -> 101170.15 | F52: =$I31*F$40 -> 142828.44 | G52: =$I31*G$40 -> 12426.074 | H52: =$I31*H$40 -> 99146.742 | I52: =$I$40*H52 -> 11897.609 | J52: =$I31*J$40 -> 49593.208 | K52: =$I31*K$40 -> 99146.742 | L52: =$I31*L$40 -> 107121.33 | M52: =SUM(D52:L52) -> 623330.29 | N52: =M52/I31 -> 0.52370267
B53: 5 LOGISTICA Y DISTRIBUCION | C53: Gestor de Novedades (dos por Planta) | D53: =$I32*D$40 -> 155754.51 | F53: =$I32*F$40 -> 219888.72 | G53: =$I32*G$40 -> 19130.319 | H53: =$I32*H$40 -> 152639.42 | I53: =$I$40*H53 -> 18316.73 | J53: =$I32*J$40 -> 76350.25 | K53: =$I32*K$40 -> 152639.42 | L53: =$I32*L$40 -> 164916.54 | M53: =SUM(D53:L53) -> 959635.91 | N53: =M53/I32 -> 0.52370267
... B57: 5 LOGISTICA Y DISTRIBUCION | C57: Auxiliar Ruta (1 por ruta) | D57: =$I36*D$40 -> 85000 | F57: =$I36*F$40 -> 120000 | G57: =$I36*G$40 -> 10440 | H57: =$I36*H$40 -> 83300 | I57: =$I$40*H57 -> 9996 | J57: =$I36*J$40 -> 41666.667 | K57: =$I36*K$40 -> 83300 | L57: =$I36*L$40 -> 90000 | M57: =SUM(D57:L57) -> 523702.67 | N57: =M57/I36 -> 0.52370267
B58: TOTALES | D58: =SUM(D42:D57) -> 3118102.9 | F58: =SUM(F42:F57) -> 4402027.7 | G58: =SUM(G42:G57) -> 382976.41 | H58: =SUM(H42:H57) -> 3055740.9 | I58: =SUM(I42:I57) -> 366688.91 | J58: =SUM(J42:J57) -> 1528481.8 | K58: =SUM(K42:K57) -> 3055740.9 | L58: =SUM(L42:L57) -> 3301520.8 | M58: =SUM(M42:M57) -> 19211280 | N58: =M58/I37 -> 0.52370267

Sheet DOT_DOTACION_PERSONAL
C2: Ir a Índice
A3: SECRETARÍA DE EDUCACIÓN DEL DISTRITO
A4: DIRECCIÓN DE BIENESTAR ESTUDIANTIL
A5: PROGRAMA DE ALIMENTACIÓN ESCOLAR
A7: CÁLCULO COSTO DOTACIÓN DE PERSONAL DE PLANTA
C9: PARAMETROS DE ENTRADA | G9: VALORES | I9: Nota: El primer cuadro indica por rol cual es el perfil que requiere de cada uno de los insumos que hacen parte de la dotación.
C10: TOTAL ENTREGAS LOGISTICAS VIG. 2023 - 2024 PRIMERA ENTREGA | G10: {=SUM((BS_Tipo_Entrega="PE")*BS_Total_Suministro_Proyectado)} -> 151058325
C11: TOTAL ENTREGAS LOGISTICAS VIG. 2023 - 2024 SEGUNDA ENTREGA | G11: {=SUM(((BS_Tipo_Entrega="SE")+(BS_Tipo_Entrega="SE-D"))*BS_Total_Suministro_Proyectado)} -> 33825009
C12: TOTAL ENTREGAS LOGISTICAS VIG. 2023 -2024 | G12: =G10+G11 -> 184883334
C13: MESES DE EJECUCION DEL CONTRATO | G13: 24
C14: COSTO TOTAL ESTIMADO DOTACION RH VIG 2023 - 2024 | G14: =F57 -> 6.7830354e+08
C15: COSTO DOTACIÓN RH POR ENTREGA LOGISTICA | G15: =G14/G12 -> 3.6688193
F17: DOTACION TH
B18: ESTANDAR TH POR PLANTA ( SE PREVEE FUNCIONAMIENTO DE 7 PLANTAS) | F18: D1 | G18: D2 | H18: D3 | I18: D4 | J18: D5 | K18: D6 | L18: D7 | M18: D8 | N18: D9 | O18: D10
B19: AREA | C19: ROL | D19: # Personas Por planta | E19: Total Personas | F19: Camisa - Pantalon Blanco | G19: Gorro de tela | H19: Botas de caucho | I19: Tapabocas desechables | J19: Guantes de Latex desechables | K19: Chaqueta térmica | L19: Bata blanca Tela | M19: Casco Protección | N19: Guantes negros de caucho para limpieza calibre 35/semanal | O19: Botas de Seguridad
B20: 1 ORGANIZACIÓN Y COORDINACIÓN | C20: Coordinador Operativo (uno por Planta) | D20: =+TH_RECURSO_HUMANO!$D21 -> 1 | E20: =+TH_RECURSO_HUMANO!F21 -> 7 | F20: 1 | G20: 1 | H20: 0 | I20: 1 | J20: 0 | K20: 0 | L20: 1 | M20: 0 | N20: 0 | O20: 0
B21: 2 RECEPCION Y CONTROL DE CALIDAD | C21: Profesional de Logística y/o Despacho (uno por Segmento) | D21: =+TH_RECURSO_HUMANO!$D22 -> 1 | E21: =+TH_RECURSO_HUMANO!F22 -> 10 | F21: 1 | G21: 1 | H21: 1 | I21: 1 | J21: 0 | K21: 0 | L21: 1 | M21: 0 | N21: 0 | O21: 0
B22: 2 RECEPCION Y CONTROL DE CALIDAD | C22: Profesional componente Pedagógico (dos por Planta) | D22: =+TH_RECURSO_HUMANO!$D23 -> 2 | E22: =+TH_RECURSO_HUMANO!F23 -> 14 | F22: 0 | G22: 0 | H22: 0 | I22: 1 | J22: 0 | K22: 0 | L22: 1 | M22: 0 | N22: 0 | O22: 0
B23: 2 RECEPCION Y CONTROL DE CALIDAD | C23: Profesional de Calidad por planta (uno por Planta) | D23: =+TH_RECURSO_HUMANO!$D24 -> 1 | E23: =+TH_RECURSO_HUMANO!F24 -> 7 | F23: 1 | G23: 1 | H23: 1 | I23: 1 | J23: 0 | K23: 1 | L23: 1 | M23: 1 | N23: 0 | O23: 0
B24: 2 RECEPCION Y CONTROL DE CALIDAD | C24: Profesional de Inventarios (uno por Planta) | D24: =+TH_RECURSO_HUMANO!$D25 -> 1 | E24: =+TH_RECURSO_HUMANO!F25 -> 7 | F24: 1 | G24: 1 | H24: 1 | I24: 1 | J24: 0 | K24: 1 | L24: 1 | M24: 1 | N24: 0 | O24: 0
B25: 2 RECEPCION Y CONTROL DE CALIDAD | C25: Supervisor de Calidad Recepción y Control (uno por Segmento) | D25: =+TH_RECURSO_HUMANO!$D26 -> 1 | E25: =+TH_RECURSO_HUMANO!F26 -> 10 | F25: 1 | G25: 1 | H25: 1 | I25: 1 | J25: 0 | K25: 0 | L25: 1 | M25: 1 | N25: 0 | O25: 0
B26: 3 ALMACENAMIENTO MP Y PT | C26: Jefe de almacén (uno por Planta) | D26: =+TH_RECURSO_HUMANO!$D27 -> 1 | E26: =+TH_RECURSO_HUMANO!F27 -> 7 | F26: 1 | G26: 1 | H26: 1 | I26: 1 | J26: 0 | K26: 1 | L26: 0 | M26: 1 | N26: 0 | O26: 0
B27: 3 ALMACENAMIENTO MP Y PT | C27: Auxiliar Operativo Almacenamiento (dos por Planta) | D27: =+TH_RECURSO_HUMANO!$D28 -> 2 | E27: =+TH_RECURSO_HUMANO!F28 -> 14 | F27: 1 | G27: 1 | H27: 1 | I27: 1 | J27: 0 | K27: 1 | L27: 0 | M27: 1 | N27: 0 | O27: 0
B28: 5 LOGISTICA Y DISTRIBUCION | C28: Supervisor de Producción (uno por Planta) | D28: =+TH_RECURSO_HUMANO!$D29 -> 1 | E28: =+TH_RECURSO_HUMANO!F29 -> 7 | F28: 1 | G28: 1 | H28: 1 | I28: 1 | J28: 0 | K28: 1 | L28: 0 | M28: 1 | N28: 0 | O28: 0
B29: 5 LOGISTICA Y DISTRIBUCION | C29: Auxiliares de Ensamble (12 por Segmento) | D29: =+TH_RECURSO_HUMANO!$D30 -> 12 | E29: =+TH_RECURSO_HUMANO!F30 -> 120 | F29: 1 | G29: 1 | H29: 1 | I29: 1 | J29: 1 | K29: 0 | L29: 0 | M29: 0 | N29: 0 | O29: 0
B30: 5 LOGISTICA Y DISTRIBUCION | C30: Auxiliar Operativo (Despachos) (cuatro por Planta) | D30: =+TH_RECURSO_HUMANO!$D31 -> 4 | E30: =+TH_RECURSO_HUMANO!F31 -> 28 | F30: 1 | G30: 1 | H30: 1 | I30: 1 | J30: 0 | K30: 0 | L30: 0 | M30: 1 | N30: 0 | O30: 1
B31: 5 LOGISTICA Y DISTRIBUCION | C31: Gestor de Novedades (dos por Planta) | D31: =+TH_RECURSO_HUMANO!$D32 -> 2 | E31: =+TH_RECURSO_HUMANO!F32 -> 14 | F31: 1 | G31: 1 | H31: 1 | I31: 1 | J31: 0 | K31: 0 | L31: 0 | M31: 1 | N31: 0 | O31: 0
... B35: 5 LOGISTICA Y DISTRIBUCION | C35: Auxiliar Ruta (1 por ruta) | D35: =+TH_RECURSO_HUMANO!$D36 -> 1 | E35: =+TH_RECURSO_HUMANO!F36 -> 141 | F35: 1 | G35: 1 | H35: 1 | I35: 1 | J35: 0 | K35: 0 | L35: 0 | M35: 0 | N35: 0 | O35: 1
B37: TOTALES | D37: =SUM(D20:D35) -> 41 | E37: =SUM(E20:E35) -> 463
B38: # DOTACIONES DURANTE MESES DE EJECUCION | F38: 4 | G38: 4 | H38: 4 | I38: =(380+89+20)*2 -> 978 | J38: =(380+89+20)*2 -> 978 | K38: 4 | L38: 4 | M38: 4 | N38: =40*2 -> 80 | O38: =2*2 -> 4
B39: VALOR UNITARIO ELEMENTOS DE DOTACIÓN | F39: =VLOOKUP(F18,COT_VR_UNITARIO,5,FALSE) -> 62264.965 | G39: =VLOOKUP(G18,COT_VR_UNITARIO,5,FALSE) -> 8025.36 | H39: =VLOOKUP(H18,COT_VR_UNITARIO,5,FALSE) -> 59249.108 | I39: =VLOOKUP(I18,COT_VR_UNITARIO,5,FALSE) -> 267.58 | J39: =VLOOKUP(J18,COT_VR_UNITARIO,5,FALSE) -> 1323.28 | K39: =VLOOKUP(K18,COT_VR_UNITARIO,5,FALSE) -> 108504.99 | L39: =VLOOKUP(L18,COT_VR_UNITARIO,5,FALSE) -> 35190.51 | M39: =VLOOKUP(M18,COT_VR_UNITARIO,5,FALSE) -> 23107.59 | ... O39: =VLOOKUP(O18,COT_VR_UNITARIO,5,FALSE) -> 90524.83
C40: =+C20 -> Coordinador Operativo (uno por Planta) | D40: =+D20 -> 1 | E40: =+E20 -> 7 | F40: =$E40*F20*F$38*F$39 -> 1743419 | G40: =$E40*G20*G$38*G$39 -> 224710.08 | H40: =$E40*H20*H$38*H$39 -> 0 | I40: =$E40*I20*I$38*I$39 -> 1831852.7 | J40: =$E40*J20*J$38*J$39 -> 0 | K40: =$E40*K20*K$38*K$39 -> 0 | L40: =$E40*L20*L$38*L$39 -> 985334.28 | M40: =$E40*M20*M$38*M$39 -> 0 | ... O40: =$E40*O20*O$38*O$39 -> 0
C41: =+C21 -> Profesional de Logística y/o Despacho (uno por Segmento) | D41: =+D21 -> 1 | E41: =+E21 -> 10 | F41: =$E41*F21*F$38*F$39 -> 2490598.6 | G41: =$E41*G21*G$38*G$39 -> 321014.4 | H41: =$E41*H21*H$38*H$39 -> 2369964.3 | I41: =$E41*I21*I$38*I$39 -> 2616932.4 | J41: =$E41*J21*J$38*J$39 -> 0 | K41: =$E41*K21*K$38*K$39 -> 0 | L41: =$E41*L21*L$38*L$39 -> 1407620.4 | M41: =$E41*M21*M$38*M$39 -> 0 | ... O41: =$E41*O21*O$38*O$39 -> 0
C42: =+C22 -> Profesional componente Pedagógico (dos por Planta) | D42: =+D22 -> 2 | E42: =+E22 -> 14 | F42: =$E42*F22*F$38*F$39 -> 0 | G42: =$E42*G22*G$38*G$39 -> 0 | H42: =$E42*H22*H$38*H$39 -> 0 | I42: =$E42*I22*I$38*I$39 -> 3663705.4 | J42: =$E42*J22*J$38*J$39 -> 0 | K42: =$E42*K22*K$38*K$39 -> 0 | L42: =$E42*L22*L$38*L$39 -> 1970668.6 | M42: =$E42*M22*M$38*M$39 -> 0 | ... O42: =$E42*O22*O$38*O$39 -> 0
C43: =+C23 -> Profesional de Calidad por planta (uno por Planta) | D43: =+D23 -> 1 | E43: =+E23 -> 7 | F43: =$E43*F23*F$38*F$39 -> 1743419 | G43: =$E43*G23*G$38*G$39 -> 224710.08 | H43: =$E43*H23*H$38*H$39 -> 1658975 | I43: =$E43*I23*I$38*I$39 -> 1831852.7 | J43: =$E43*J23*J$38*J$39 -> 0 | K43: =$E43*K23*K$38*K$39 -> 3038139.8 | L43: =$E43*L23*L$38*L$39 -> 985334.28 | M43: =$E43*M23*M$38*M$39 -> 647012.52 | ... O43: =$E43*O23*O$38*O$39 -> 0
C44: =+C24 -> Profesional de Inventarios (uno por Planta) | D44: =+D24 -> 1 | E44: =+E24 -> 7 | F44: =$E44*F24*F$38*F$39 -> 1743419 | G44: =$E44*G24*G$38*G$39 -> 224710.08 | H44: =$E44*H24*H$38*H$39 -> 1658975 | I44: =$E44*I24*I$38*I$39 -> 1831852.7 | J44: =$E44*J24*J$38*J$39 -> 0 | K44: =$E44*K24*K$38*K$39 -> 3038139.8 | L44: =$E44*L24*L$38*L$39 -> 985334.28 | M44: =$E44*M24*M$38*M$39 -> 647012.52 | ... O44: =$E44*O24*O$38*O$39 -> 0
C45: =+C25 -> Supervisor de Calidad Recepción y Control (uno por Segmento) | D45: =+D25 -> 1 | E45: =+E25 -> 10 | F45: =$E45*F25*F$38*F$39 -> 2490598.6 | G45: =$E45*G25*G$38*G$39 -> 321014.4 | H45: =$E45*H25*H$38*H$39 -> 2369964.3 | I45: =$E45*I25*I$38*I$39 -> 2616932.4 | J45: =$E45*J25*J$38*J$39 -> 0 | K45: =$E45*K25*K$38*K$39 -> 0 | L45: =$E45*L25*L$38*L$39 -> 1407620.4 | M45: =$E45*M25*M$38*M$39 -> 924303.6 | ... O45: =$E45*O25*O$38*O$39 -> 0
C46: =+C26 -> Jefe de almacén (uno por Planta) | D46: =+D26 -> 1 | E46: =+E26 -> 7 | F46: =$E46*F26*F$38*F$39 -> 1743419 | G46: =$E46*G26*G$38*G$39 -> 224710.08 | H46: =$E46*H26*H$38*H$39 -> 1658975 | I46: =$E46*I26*I$38*I$39 -> 1831852.7 | J46: =$E46*J26*J$38*J$39 -> 0 | K46: =$E46*K26*K$38*K$39 -> 3038139.8 | L46: =$E46*L26*L$38*L$39 -> 0 | M46: =$E46*M26*M$38*M$39 -> 647012.52 | ... O46: =$E46*O26*O$38*O$39 -> 0
C47: =+C27 -> Auxiliar Operativo Almacenamiento (dos por Planta) | D47: =+D27 -> 2 | E47: =+E27 -> 14 | F47: =$E47*F27*F$38*F$39 -> 3486838 | G47: =$E47*G27*G$38*G$39 -> 449420.16 | H47: =$E47*H27*H$38*H$39 -> 3317950.1 | I47: =$E47*I27*I$38*I$39 -> 3663705.4 | J47: =$E47*J27*J$38*J$39 -> 0 | K47: =$E47*K27*K$38*K$39 -> 6076279.6 | L47: =$E47*L27*L$38*L$39 -> 0 | M47: =$E47*M27*M$38*M$39 -> 1294025 | ... O47: =$E47*O27*O$38*O$39 -> 0
C48: =+C28 -> Supervisor de Producción (uno por Planta) | D48: =+D28 -> 1 | E48: =+E28 -> 7 | F48: =$E48*F28*F$38*F$39 -> 1743419 | G48: =$E48*G28*G$38*G$39 -> 224710.08 | H48: =$E48*H28*H$38*H$39 -> 1658975 | I48: =$E48*I28*I$38*I$39 -> 1831852.7 | J48: =$E48*J28*J$38*J$39 -> 0 | K48: =$E48*K28*K$38*K$39 -> 3038139.8 | L48: =$E48*L28*L$38*L$39 -> 0 | M48: =$E48*M28*M$38*M$39 -> 647012.52 | ... O48: =$E48*O28*O$38*O$39 -> 0
C49: =+C29 -> Auxiliares de Ensamble (12 por Segmento) | D49: =+D29 -> 12 | E49: =+E29 -> 120 | F49: =$E49*F29*F$38*F$39 -> 29887183 | G49: =$E49*G29*G$38*G$39 -> 3852172.8 | H49: =$E49*H29*H$38*H$39 -> 28439572 | I49: =$E49*I29*I$38*I$39 -> 31403189 | J49: =$E49*J29*J$38*J$39 -> 1.5530014e+08 | K49: =$E49*K29*K$38*K$39 -> 0 | L49: =$E49*L29*L$38*L$39 -> 0 | M49: =$E49*M29*M$38*M$39 -> 0 | ... O49: =$E49*O29*O$38*O$39 -> 0
C50: =+C30 -> Auxiliar Operativo (Despachos) (cuatro por Planta) | D50: =+D30 -> 4 | E50: =+E30 -> 28 | F50: =$E50*F30*F$38*F$39 -> 6973676.1 | G50: =$E50*G30*G$38*G$39 -> 898840.32 | H50: =$E50*H30*H$38*H$39 -> 6635900.1 | I50: =$E50*I30*I$38*I$39 -> 7327410.7 | J50: =$E50*J30*J$38*J$39 -> 0 | K50: =$E50*K30*K$38*K$39 -> 0 | L50: =$E50*L30*L$38*L$39 -> 0 | M50: =$E50*M30*M$38*M$39 -> 2588050.1 | ... O50: =$E50*O30*O$38*O$39 -> 10138781
C51: =+C31 -> Gestor de Novedades (dos por Planta) | D51: =+D31 -> 2 | E51: =+E31 -> 14 | F51: =$E51*F31*F$38*F$39 -> 3486838 | G51: =$E51*G31*G$38*G$39 -> 449420.16 | H51: =$E51*H31*H$38*H$39 -> 3317950.1 | I51: =$E51*I31*I$38*I$39 -> 3663705.4 | J51: =$E51*J31*J$38*J$39 -> 0 | K51: =$E51*K31*K$38*K$39 -> 0 | L51: =$E51*L31*L$38*L$39 -> 0 | M51: =$E51*M31*M$38*M$39 -> 1294025 | ... O51: =$E51*O31*O$38*O$39 -> 0
... C55: =+C35 -> Auxiliar Ruta (1 por ruta) | D55: =+D35 -> 1 | E55: =+E35 -> 141 | F55: =$E55*F35*F$38*F$39 -> 35117440 | G55: =$E55*G35*G$38*G$39 -> 4526303 | H55: =$E55*H35*H$38*H$39 -> 33416497 | I55: =$E55*I35*I$38*I$39 -> 36898747 | J55: =$E55*J35*J$38*J$39 -> 0 | K55: =$E55*K35*K$38*K$39 -> 0 | L55: =$E55*L35*L$38*L$39 -> 0 | M55: =$E55*M35*M$38*M$39 -> 0 | ... O55: =$E55*O35*O$38*O$39 -> 51056004
C56: SUBTOTAL POR ITEM DE DOTACION | F56: =SUM(F40:F55) -> 1.1182788e+08 | G56: =SUM(G40:G55) -> 14413547 | H56: =SUM(H40:H55) -> 1.0475242e+08 | I56: =SUM(I40:I55) -> 1.2116397e+08 | J56: =SUM(J40:J55) -> 2.0059602e+08 | K56: =SUM(K40:K55) -> 18228839 | L56: =SUM(L40:L55) -> 7741912.2 | M56: =SUM(M40:M55) -> 15805592 | ... O56: =SUM(O40:O55) -> 61194785
C57: COSTO TOTAL DOTACION | F57: =SUM(F56:O56) -> 6.7830354e+08
C58: COSTO TOTAL DOTACION X PERSONA | F58: =F57/E37 -> 1465018.5

Sheet TRANS_TRANSPORTE
B2: Ir a Índice
A3: SECRETARÍA DE EDUCACIÓN DEL DISTRITO
A4: DIRECCIÓN DE BIENESTAR ESTUDIANTIL
A5: PROGRAMA DE ALIMENTACIÓN ESCOLAR
A7: CÁLCULO COSTO ASOCIADO AL TRANSPORTE DE ENTREGAS EN COLEGIOS DISTRITALES
C9: Fecha Prevista Inicio de Operación | G9: 44948
C11: PARAMETROS DE ENTRADA | G11: VALORES
C12: TOTAL ENTREGAS LOGISTICAS VIG. 2023 - 2024 PRIMERA ENTREGA | G12: {=SUM((BS_Tipo_Entrega="PE")*BS_Total_Suministro_Proyectado)} -> 151058325
C13: TOTAL ENTREGAS LOGISTICAS VIG. 2023 - 2024 SEGUNDA ENTREGA | G13: {=SUM(((BS_Tipo_Entrega="SE")+(BS_Tipo_Entrega="SE-D"))*BS_Total_Suministro_Proyectado)} -> 33825009
C14: TOTAL ENTREGAS LOGISTICAS VIG. 2023 -2024 | G14: =(G12+G13) -> 184883334
C15: CAPACIDAD CANASTILLAS POR VEHÍCULO DE 2,5 TONELADAS | G15: 180
C16: TOTAL CANASTILLAS PRODUCTO TERMINADO FRIO Y SECO- MENU CRITICO | G16: =+EMP_EMPAQUES!D27+EMP_EMPAQUES!E27 -> 17961
C17: TOTAL CANASTILLAS PRODUCTO TERMINADO FRUTA - MENU CRITICO | G17: =+EMP_EMPAQUES!F27 -> 6534
C18: TOTAL DIAS DE SUMINISTRO | G18: {=SUM(IF((CAL_DIAS_SUMINISTRO="SI")*(CAL_FECHA_SUMINISTRO>=$H$8),1,0))} -> 380
C19: COSTO TOTAL ESTIMADO TRANSPORTE VIG 2023 - 2024 | G19: =+K34 -> 1.9119725e+10
C20: COSTO TRANSPORTE POR ENTREGA LOGISTICA | G20: =(+G19)/G14 -> 103.41508
B23: Segmento | C23: Entregas Diarias Estimadas x Segmento | D23: Canastillas Requeridas x Dia (Según Menu Critico) | E23: Canastillas Requeridas x Dia Fruta (Según Menu Critico) | F23: Total Canastillas Requeridas x Dia (Según Menu Critico) | G23: Numero de Vehiculos Requeridos x Segmento | H23: Valor Unitario / Dia x Vehiculo | I23: Valor Estimado Flota Dia | J23: Numero de Dias de Suministro | K23: Costo Total Transporte
B24: 1 | C24: {=SUM((BS_Segmento_Logistico=B24)*BS_Total_Suministro)} -> 70972 | D24: =ROUNDUP((C24/$C$34)*$G$16,0) -> 1952 | E24: =ROUNDUP((C24/$C$34)*$G$17,0) -> 710 | F24: =+D24+E24 -> 2662 | G24: =ROUNDUP(+F24/$G$15,0) -> 15 | H24: =VLOOKUP("T1",COT_VR_UNITARIO,5,FALSE) -> 356844.44 | I24: =+H24*G24 -> 5352666.7 | J24: =+$G$18 -> 380 | K24: =+J24*I24 -> 2.0340133e+09
B25: 2 | C25: {=SUM((BS_Segmento_Logistico=B25)*BS_Total_Suministro)} -> 72913 | D25: =ROUNDUP((C25/$C$34)*$G$16,0) -> 2005 | E25: =ROUNDUP((C25/$C$34)*$G$17,0) -> 730 | F25: =+D25+E25 -> 2735 | G25: =ROUNDUP(+F25/$G$15,0) -> 16 | H25: =VLOOKUP("T1",COT_VR_UNITARIO,5,FALSE) -> 356844.44 | I25: =+H25*G25 -> 5709511.1 | J25: =+$G$18 -> 380 | K25: =+J25*I25 -> 2.1696142e+09
B26: 3 | C26: {=SUM((BS_Segmento_Logistico=B26)*BS_Total_Suministro)} -> 61790 | D26: =ROUNDUP((C26/$C$34)*$G$16,0) -> 1699 | E26: =ROUNDUP((C26/$C$34)*$G$17,0) -> 618 | F26: =+D26+E26 -> 2317 | G26: =ROUNDUP(+F26/$G$15,0) -> 13 | H26: =VLOOKUP("T1",COT_VR_UNITARIO,5,FALSE) -> 356844.44 | I26: =+H26*G26 -> 4638977.8 | J26: =+$G$18 -> 380 | K26: =+J26*I26 -> 1.7628116e+09
B27: 4 | C27: {=SUM((BS_Segmento_Logistico=B27)*BS_Total_Suministro)} -> 59993 | D27: =ROUNDUP((C27/$C$34)*$G$16,0) -> 1650 | E27: =ROUNDUP((C27/$C$34)*$G$17,0) -> 601 | F27: =+D27+E27 -> 2251 | G27: =ROUNDUP(+F27/$G$15,0) -> 13 | H27: =VLOOKUP("T1",COT_VR_UNITARIO,5,FALSE) -> 356844.44 | I27: =+H27*G27 -> 4638977.8 | J27: =+$G$18 -> 380 | K27: =+J27*I27 -> 1.7628116e+09
B28: 5 | C28: {=SUM((BS_Segmento_Logistico=B28)*BS_Total_Suministro)} -> 67667 | D28: =ROUNDUP((C28/$C$34)*$G$16,0) -> 1861 | E28: =ROUNDUP((C28/$C$34)*$G$17,0) -> 677 | F28: =+D28+E28 -> 2538 | G28: =ROUNDUP(+F28/$G$15,0) -> 15 | H28: =VLOOKUP("T1",COT_VR_UNITARIO,5,FALSE) -> 356844.44 | I28: =+H28*G28 -> 5352666.7 | J28: =+$G$18 -> 380 | K28: =+J28*I28 -> 2.0340133e+09
B29: 6 | C29: {=SUM((BS_Segmento_Logistico=B29)*BS_Total_Suministro)} -> 71858 | D29: =ROUNDUP((C29/$C$34)*$G$16,0) -> 1976 | E29: =ROUNDUP((C29/$C$34)*$G$17,0) -> 719 | F29: =+D29+E29 -> 2695 | G29: =ROUNDUP(+F29/$G$15,0) -> 15 | H29: =VLOOKUP("T1",COT_VR_UNITARIO,5,FALSE) -> 356844.44 | I29: =+H29*G29 -> 5352666.7 | J29: =+$G$18 -> 380 | K29: =+J29*I29 -> 2.0340133e+09
B30: 7 | C30: {=SUM((BS_Segmento_Logistico=B30)*BS_Total_Suministro)} -> 69479 | D30: =ROUNDUP((C30/$C$34)*$G$16,0) -> 1911 | E30: =ROUNDUP((C30/$C$34)*$G$17,0) -> 695 | F30: =+D30+E30 -> 2606 | G30: =ROUNDUP(+F30/$G$15,0) -> 15 | H30: =VLOOKUP("T1",COT_VR_UNITARIO,5,FALSE) -> 356844.44 | I30: =+H30*G30 -> 5352666.7 | J30: =+$G$18 -> 380 | K30: =+J30*I30 -> 2.0340133e+09
B31: 8 | C31: {=SUM((BS_Segmento_Logistico=B31)*BS_Total_Suministro)} -> 50503 | D31: =ROUNDUP((C31/$C$34)*$G$16,0) -> 1389 | E31: =ROUNDUP((C31/$C$34)*$G$17,0) -> 506 | F31: =+D31+E31 -> 1895 | G31: =ROUNDUP(+F31/$G$15,0)+1 -> 12 | H31: =VLOOKUP("T1",COT_VR_UNITARIO,5,FALSE) -> 356844.44 | I31: =+H31*G31 -> 4282133.3 | J31: =+$G$18 -> 380 | K31: =+J31*I31 -> 1.6272107e+09
B32: 9 | C32: {=SUM((BS_Segmento_Logistico=B32)*BS_Total_Suministro)} -> 61860 | D32: =ROUNDUP((C32/$C$34)*$G$16,0) -> 1701 | E32: =ROUNDUP((C32/$C$34)*$G$17,0) -> 619 | F32: =+D32+E32 -> 2320 | G32: =ROUNDUP(+F32/$G$15,0) -> 13 | H32: =VLOOKUP("T1",COT_VR_UNITARIO,5,FALSE) -> 356844.44 | I32: =+H32*G32 -> 4638977.8 | J32: =+$G$18 -> 380 | K32: =+J32*I32 -> 1.7628116e+09
B33: 10 | C33: {=SUM((BS_Segmento_Logistico=B33)*BS_Total_Suministro)} -> 66263 | D33: =ROUNDUP((C33/$C$34)*$G$16,0) -> 1822 | E33: =ROUNDUP((C33/$C$34)*$G$17,0) -> 663 | F33: =+D33+E33 -> 2485 | G33: =ROUNDUP(+F33/$G$15,0) -> 14 | H33: =VLOOKUP("T1",COT_VR_UNITARIO,5,FALSE) -> 356844.44 | I33: =+H33*G33 -> 4995822.2 | J33: =+$G$18 -> 380 | K33: =+J33*I33 -> 1.8984124e+09
B34: TOTAL | C34: =SUM(C24:C33) -> 653298 | D34: =SUM(D24:D33) -> 17966 | E34: =SUM(E24:E33) -> 6538 | F34: =SUM(F24:F33) -> 24504 | G34: =SUM(G24:G33) -> 141 | I34: =SUM(I24:I33) -> 50315067 | K34: =SUM(K24:K33) -> 1.9119725e+10

Sheet VIST_VISITAS_ESTUDIANTES
C2: Ir a Índice
A3: SECRETARÍA DE EDUCACIÓN DEL DISTRITO
A4: DIRECCIÓN DE BIENESTAR ESTUDIANTIL
A5: PROGRAMA DE ALIMENTACIÓN ESCOLAR
A7: CÁLCULO COSTOS ASOCIADO A LAS VISITAS DE ESTUDIANTES A PLANTA LOGISTICA
C9: PARAMETROS DE ENTRADA | G9: VALORES | H9: VE1 | I9: Valor Promedio Kit de Estudiantes | L9: =VLOOKUP(H9,COT_VR_UNITARIO,5,FALSE) -> 3430 | M9: VE3 | N9: Valor Promedio dia de Transporte | Q9: =VLOOKUP(M9,COT_VR_UNITARIO,5,FALSE) -> 172550
C10: ENTREGAS LOGISTICAS DIARIAS VIG. 2023 - 2024 PRIMERA ENTREGA | G10: {=SUM((BS_Tipo_Entrega="PE")*BS_Total_Suministro)} -> 533775 | I10: Estimado del Numero de Kits | L10: =1*20*10*10 -> 2000 | N10: Numero Estimado Viajes | Q10: =10*20 -> 200
C11: ENTREGAS LOGISTICAS DIARIAS VIG. 2023 - 2024 SEGUNDA ENTREGA | G11: {=SUM(((BS_Tipo_Entrega="SE")+(BS_Tipo_Entrega="SE-D"))*BS_Total_Suministro)} -> 119523 | I11: Costo Total Kits | L11: =L9*L10 -> 6860000 | N11: Costo Total Transporte | Q11: =Q9*Q10 -> 34510000
C12: TOTAL ENTREGAS LOGISTICAS VIG. 2023 - 2024 PRIMERA ENTREGA | G12: {=SUM((BS_Tipo_Entrega="PE")*BS_Total_Suministro_Proyectado)} -> 151058325
C13: TOTAL ENTREGAS LOGISTICAS VIG. 2023 - 2024 SEGUNDA ENTREGA | G13: {=SUM(((BS_Tipo_Entrega="SE")+(BS_Tipo_Entrega="SE-D"))*BS_Total_Suministro_Proyectado)} -> 33825009 | H13: VE2 | I13: Valor Promedio Refrigerio | L13: =VLOOKUP(H13,COT_VR_UNITARIO,5,FALSE) -> 9700
C14: TOTAL ENTREGAS LOGISTICAS VIG. 2023 -2024 | G14: =G12+G13 -> 184883334 | I14: Estimado del Numero Refrigerios | L14: =10*20*10 -> 2000
C15: NUMERO DE PLANTAS | G15: 10 | I15: Costo Total Refrigerios | L15: =L13*L14 -> 19400000
C16: COSTO TOTAL ESTIMADO VISITAS VIG 2023 - 2024 | G16: =+L11+L15+Q11 -> 60770000
C17: COSTO VISITAS POR ENTREGA LOGISTICA | G17: =G16/G14 -> 0.32869377

Sheet EMP_EMPAQUES
C2: Ir a Índice
A3: SECRETARÍA DE EDUCACIÓN DEL DISTRITO
A4: DIRECCIÓN DE BIENESTAR ESTUDIANTIL
A5: PROGRAMA DE ALIMENTACIÓN ESCOLAR
A7: CÁLCULO COSTOS ASOCIADO BOLSATINAS Y ETIQUETAS PARA EL ENSAMBLE DE LOS REFRIGERIOS
C9: PARAMETROS DE ENTRADA | G9: VALORES | H9: B1 | I9: Valor Promedio / Bolsatina | L9: =VLOOKUP(H9,COT_VR_UNITARIO,5,FALSE) -> 269.45567 | M9: I1 | N9: Valor Promedio / Cinta Ribbon Cera | Q9: =VLOOKUP(M9,COT_VR_UNITARIO,5,FALSE) -> 16712.836
C10: ENTREGAS LOGISTICAS DIARIAS VIG. 2023 - 2024 PRIMERA ENTREGA | G10: {=SUM((BS_Tipo_Entrega="PE")*BS_Total_Suministro)} -> 533775 | I10: Estimado del Numero Total Bolsatinas | L10: =+L44 -> 10631320 | N10: Estimado de Cintas | Q10: =+L14/3900 -> 2725.9795
C11: ENTREGAS LOGISTICAS DIARIAS VIG. 2023 - 2024 SEGUNDA ENTREGA | G11: {=SUM(((BS_Tipo_Entrega="SE")+(BS_Tipo_Entrega="SE-D"))*BS_Total_Suministro)} -> 119523 | I11: Costo Total Bolsatina | L11: =L9*L10 -> 2.8646694e+09 | N11: Costo Total Cintas | Q11: =Q9*Q10 -> 45558848
C12: TOTAL ENTREGAS LOGISTICAS VIG. 2023 - 2024 PRIMERA ENTREGA | G12: {=SUM((BS_Tipo_Entrega="PE")*BS_Total_Suministro_Proyectado)} -> 151058325
C13: TOTAL ENTREGAS LOGISTICAS VIG. 2023 - 2024 SEGUNDA ENTREGA | G13: {=SUM(((BS_Tipo_Entrega="SE")+(BS_Tipo_Entrega="SE-D"))*BS_Total_Suministro_Proyectado)} -> 33825009 | H13: I2 | I13: Valor Promedio / Etiqueta Térmica | L13: =VLOOKUP(H13,COT_VR_UNITARIO,5,FALSE) -> 21.2296 | M13: I3 | N13: Valor Promedio / Impresora de Escritorio | Q13: =VLOOKUP(M13,COT_VR_UNITARIO,5,FALSE) -> 1973020
C14: TOTAL ENTREGAS LOGISTICAS VIG. 2023 -2024 | G14: =G12+G13 -> 184883334 | I14: Estimado del Numero Total Etiquetas | L14: =+L44 -> 10631320 | N14: Numero estimado de Impresoras | Q14: 10
C15: COSTO TOTAL ESTIMADO BOLSATINAS Y ETIQUETAS VIG 2023 - 2024 | G15: =+L11+L15+Q11+Q15 -> 3.1556571e+09 | I15: Costo Total Etiquetas | L15: =L13*L14 -> 2.2569867e+08 | N15: Costo Total Impresoras | Q15: =Q13*Q14 -> 19730200
C16: COSTO BOLSATINAS Y ETIQUETAS POR ENTREGA LOGISTICA | G16: =G15/G14 -> 17.06837
C19: Menú | D19: Cantidad Canastillas Producto Terminado Frio | E19: Cantidad Canastillas Producto Terminado Seco | F19: Cantidad Canastillas Fruta | G19: Total Canastillas Requeridas x Ciclo | H19: Cantidad Bolsatinas Producto Terminado Frio | I19: Cantidad Bolsatinas Producto Terminado Seco | J19: Total Bolsatinas Requeridas x Ciclo | K19: Frecuencia Menu | L19: Total Bolsatinas Proyectadas
C20: MENÚ 1 | D20: {=SUM((Ensamble_Categoria<>"fruta")*($C20=Ensamble_Menu)*Ensamble_Canastillas_Frio)} -> 540 | E20: {=SUM((Ensamble_Categoria<>"fruta")*($C20=Ensamble_Menu)*Ensamble_Canastillas_Seco)} -> 16558 | F20: {=SUM((Ensamble_Categoria="Fruta")*($C20=Ensamble_Menu)*Ensamble_Canastillas_Seco)} -> 1196 | G20: =+D20+E20+F20 -> 18294 | H20: {=SUM((C20=Ensamble_Menu)*Ensamble_Bolsatinas_Frio)} -> 540 | I20: {=SUM((C20=Ensamble_Menu)*Ensamble_Bolsatinas_Seco)} -> 26653 | J20: =+H20+I20 -> 27193 | K20: 20 | L20: =+J20*K20 -> 543860
C21: MENÚ 2 | D21: {=SUM((Ensamble_Categoria<>"fruta")*($C21=Ensamble_Menu)*Ensamble_Canastillas_Frio)} -> 7337 | E21: {=SUM((Ensamble_Categoria<>"fruta")*($C21=Ensamble_Menu)*Ensamble_Canastillas_Seco)} -> 8944 | F21: {=SUM((Ensamble_Categoria="Fruta")*($C21=Ensamble_Menu)*Ensamble_Canastillas_Seco)} -> 1196 | G21: =+D21+E21+F21 -> 17477 | H21: {=SUM((C21=Ensamble_Menu)*Ensamble_Bolsatinas_Frio)} -> 7337 | I21: {=SUM((C21=Ensamble_Menu)*Ensamble_Bolsatinas_Seco)} -> 11095 | J21: =+H21+I21 -> 18432 | K21: 20 | L21: =+J21*K21 -> 368640
C22: MENÚ 3 | D22: {=SUM((Ensamble_Categoria<>"fruta")*($C22=Ensamble_Menu)*Ensamble_Canastillas_Frio)} -> 11200 | E22: {=SUM((Ensamble_Categoria<>"fruta")*($C22=Ensamble_Menu)*Ensamble_Canastillas_Seco)} -> 6260 | F22: {=SUM((Ensamble_Categoria="Fruta")*($C22=Ensamble_Menu)*Ensamble_Canastillas_Seco)} -> 5770 | G22: =+D22+E22+F22 -> 23230 | H22: {=SUM((C22=Ensamble_Menu)*Ensamble_Bolsatinas_Frio)} -> 12155 | I22: {=SUM((C22=Ensamble_Menu)*Ensamble_Bolsatinas_Seco)} -> 12030 | J22: =+H22+I22 -> 24185 | K22: 20 | L22: =+J22*K22 -> 483700
C23: MENÚ 4 | D23: {=SUM((Ensamble_Categoria<>"fruta")*($C23=Ensamble_Menu)*Ensamble_Canastillas_Frio)} -> 108 | E23: {=SUM((Ensamble_Categoria<>"fruta")*($C23=Ensamble_Menu)*Ensamble_Canastillas_Seco)} -> 12961 | F23: {=SUM((Ensamble_Categoria="Fruta")*($C23=Ensamble_Menu)*Ensamble_Canastillas_Seco)} -> 6534 | G23: =+D23+E23+F23 -> 19603 | H23: {=SUM((C23=Ensamble_Menu)*Ensamble_Bolsatinas_Frio)} -> 108 | I23: {=SUM((C23=Ensamble_Menu)*Ensamble_Bolsatinas_Seco)} -> 40847 | J23: =+H23+I23 -> 40955 | K23: 20 | L23: =+J23*K23 -> 819100
C24: MENÚ 5 | D24: {=SUM((Ensamble_Categoria<>"fruta")*($C24=Ensamble_Menu)*Ensamble_Canastillas_Frio)} -> 7213 | E24: {=SUM((Ensamble_Categoria<>"fruta")*($C24=Ensamble_Menu)*Ensamble_Canastillas_Seco)} -> 7819 | F24: {=SUM((Ensamble_Categoria="Fruta")*($C24=Ensamble_Menu)*Ensamble_Canastillas_Seco)} -> 6534 | G24: =+D24+E24+F24 -> 21566 | H24: {=SUM((C24=Ensamble_Menu)*Ensamble_Bolsatinas_Frio)} -> 13886 | I24: {=SUM((C24=Ensamble_Menu)*Ensamble_Bolsatinas_Seco)} -> 15626 | J24: =+H24+I24 -> 29512 | K24: 20 | L24: =+J24*K24 -> 590240
C25: MENÚ 6 | D25: {=SUM((Ensamble_Categoria<>"fruta")*($C25=Ensamble_Menu)*Ensamble_Canastillas_Frio)} -> 978 | E25: {=SUM((Ensamble_Categoria<>"fruta")*($C25=Ensamble_Menu)*Ensamble_Canastillas_Seco)} -> 13004 | F25: {=SUM((Ensamble_Categoria="Fruta")*($C25=Ensamble_Menu)*Ensamble_Canastillas_Seco)} -> 432 | G25: =+D25+E25+F25 -> 14414 | H25: {=SUM((C25=Ensamble_Menu)*Ensamble_Bolsatinas_Frio)} -> 978 | I25: {=SUM((C25=Ensamble_Menu)*Ensamble_Bolsatinas_Seco)} -> 25387 | J25: =+H25+I25 -> 26365 | K25: 20 | L25: =+J25*K25 -> 527300
C26: MENÚ 7 | D26: {=SUM((Ensamble_Categoria<>"fruta")*($C26=Ensamble_Menu)*Ensamble_Canastillas_Frio)} -> 2132 | E26: {=SUM((Ensamble_Categoria<>"fruta")*($C26=Ensamble_Menu)*Ensamble_Canastillas_Seco)} -> 9448 | F26: {=SUM((Ensamble_Categoria="Fruta")*($C26=Ensamble_Menu)*Ensamble_Canastillas_Seco)} -> 6534 | G26: =+D26+E26+F26 -> 18114 | H26: {=SUM((C26=Ensamble_Menu)*Ensamble_Bolsatinas_Frio)} -> 2132 | I26: {=SUM((C26=Ensamble_Menu)*Ensamble_Bolsatinas_Seco)} -> 23608 | J26: =+H26+I26 -> 25740 | K26: 20 | L26: =+J26*K26 -> 514800
C27: MENÚ 8 | D27: {=SUM((Ensamble_Categoria<>"fruta")*($C27=Ensamble_Menu)*Ensamble_Canastillas_Frio)} -> 10882 | E27: {=SUM((Ensamble_Categoria<>"fruta")*($C27=Ensamble_Menu)*Ensamble_Canastillas_Seco)} -> 7079 | F27: {=SUM((Ensamble_Categoria="Fruta")*($C27=Ensamble_Menu)*Ensamble_Canastillas_Seco)} -> 6534 | G27: =+D27+E27+F27 -> 24495 | H27: {=SUM((C27=Ensamble_Menu)*Ensamble_Bolsatinas_Frio)} -> 10882 | I27: {=SUM((C27=Ensamble_Menu)*Ensamble_Bolsatinas_Seco)} -> 14886 | J27: =+H27+I27 -> 25768 | K27: 20 | L27: =+J27*K27 -> 515360
C28: MENÚ 9 | D28: {=SUM((Ensamble_Categoria<>"fruta")*($C28=Ensamble_Menu)*Ensamble_Canastillas_Frio)} -> 10624 | E28: {=SUM((Ensamble_Categoria<>"fruta")*($C28=Ensamble_Menu)*Ensamble_Canastillas_Seco)} -> 6203 | F28: {=SUM((Ensamble_Categoria="Fruta")*($C28=Ensamble_Menu)*Ensamble_Canastillas_Seco)} -> 1196 | G28: =+D28+E28+F28 -> 18023 | H28: {=SUM((C28=Ensamble_Menu)*Ensamble_Bolsatinas_Frio)} -> 10624 | I28: {=SUM((C28=Ensamble_Menu)*Ensamble_Bolsatinas_Seco)} -> 8354 | J28: =+H28+I28 -> 18978 | K28: 20 | L28: =+J28*K28 -> 379560
C29: MENÚ 10 | D29: {=SUM((Ensamble_Categoria<>"fruta")*($C29=Ensamble_Menu)*Ensamble_Canastillas_Frio)} -> 5555 | E29: {=SUM((Ensamble_Categoria<>"fruta")*($C29=Ensamble_Menu)*Ensamble_Canastillas_Seco)} -> 9578 | F29: {=SUM((Ensamble_Categoria="Fruta")*($C29=Ensamble_Menu)*Ensamble_Canastillas_Seco)} -> 5770 | G29: =+D29+E29+F29 -> 20903 | H29: {=SUM((C29=Ensamble_Menu)*Ensamble_Bolsatinas_Frio)} -> 5555 | I29: {=SUM((C29=Ensamble_Menu)*Ensamble_Bolsatinas_Seco)} -> 24247 | J29: =+H29+I29 -> 29802 | K29: 20 | L29: =+J29*K29 -> 596040
C30: MENÚ 11 | D30: {=SUM((Ensamble_Categoria<>"fruta")*($C30=Ensamble_Menu)*Ensamble_Canastillas_Frio)} -> 2723 | E30: {=SUM((Ensamble_Categoria<>"fruta")*($C30=Ensamble_Menu)*Ensamble_Canastillas_Seco)} -> 12703 | F30: {=SUM((Ensamble_Categoria="Fruta")*($C30=Ensamble_Menu)*Ensamble_Canastillas_Seco)} -> 764 | G30: =+D30+E30+F30 -> 16190 | H30: {=SUM((C30=Ensamble_Menu)*Ensamble_Bolsatinas_Frio)} -> 2723 | I30: {=SUM((C30=Ensamble_Menu)*Ensamble_Bolsatinas_Seco)} -> 13467 | J30: =+H30+I30 -> 16190 | K30: 20 | L30: =+J30*K30 -> 323800
C31: MENÚ 12 | D31: {=SUM((Ensamble_Categoria<>"fruta")*($C31=Ensamble_Menu)*Ensamble_Canastillas_Frio)} -> 0 | E31: {=SUM((Ensamble_Categoria<>"fruta")*($C31=Ensamble_Menu)*Ensamble_Canastillas_Seco)} -> 10616 | F31: {=SUM((Ensamble_Categoria="Fruta")*($C31=Ensamble_Menu)*Ensamble_Canastillas_Seco)} -> 5338 | G31: =+D31+E31+F31 -> 15954 | H31: {=SUM((C31=Ensamble_Menu)*Ensamble_Bolsatinas_Frio)} -> 0 | I31: {=SUM((C31=Ensamble_Menu)*Ensamble_Bolsatinas_Seco)} -> 25806 | J31: =+H31+I31 -> 25806 | K31: 20 | L31: =+J31*K31 -> 516120
... C42: CONTINGENCIA 4 | D42: {=SUM((Ensamble_Categoria<>"fruta")*($C42=Ensamble_Menu)*Ensamble_Canastillas_Frio)} -> 0 | E42: {=SUM((Ensamble_Categoria<>"fruta")*($C42=Ensamble_Menu)*Ensamble_Canastillas_Seco)} -> 9769 | F42: {=SUM((Ensamble_Categoria="Fruta")*($C42=Ensamble_Menu)*Ensamble_Canastillas_Seco)} -> 5338 | G42: =+D42+E42+F42 -> 15107 | H42: {=SUM((C42=Ensamble_Menu)*Ensamble_Bolsatinas_Frio)} -> 0 | I42: {=SUM((C42=Ensamble_Menu)*Ensamble_Bolsatinas_Seco)} -> 15107 | J42: =+H42+I42 -> 15107 | K42: 20 | L42: =+J42*K42 -> 302140
C44: Total | E44: =SUM(D20:D42) -> 89277 | F44: =SUM(E20:E42) -> 237544 | G44: =SUM(F20:F42) -> 101188 | H44: =SUM(G20:G42) -> 428009 | I44: =SUM(I20:I43) -> 433134 | J44: =SUM(J20:J43) -> 531566 | L44: =SUM(L20:L42) -> 10631320

Sheet Ensamble ProductoT
C2: Ir a Índice
A3: SECRETARÍA DE EDUCACIÓN DEL DISTRITO
A4: DIRECCIÓN DE BIENESTAR ESTUDIANTIL
A5: PROGRAMA DE ALIMENTACIÓN ESCOLAR
A7: ENSAMBLE DE LOS MENUS DISEÑADOS PARA LA OPERACIÓN 2023 - 2024
G11: ENSAMBLE | M11: ALMACENAMIENTO EN PLANTA | O11: ALISTAMIENTO O ENSAMBLE
A12: Descripcion Tipo Entrega | B12: Id_Tipo | C12: Menú | D12: Categoria Alimento | E12: Alimento | F12: EMPAQUE | G12: Bolsa Tina T° ambiente | H12: Bolsa Tina T° de refrigeración | I12: Granel | J12: Ensamble | K12: Observación | L12: Cantidad Alimento_Proveedores a Planta | M12: Cantidades máximas por canastilla de materia prima en frío. | N12: Cantidades máximas por canastilla de materia prima en seco o fruta | O12: Cantidades máximas por canastilla de Producto terminado en frío. | P12: Cantidades máximas por canastilla de Producto terminado en seco o fruta | Q12: Total Suministros Diarios | R12: Cantidad Canastillas Producto Terminado Frio | S12: Cantidad Canastillas Producto Terminado Seco | T12: Cantidad Bolsatinas Producto Terminado Frio | U12: Cantidad Bolsatinas Producto Terminado Seco
A13: Primera Entrega | B13: PE | C13: MENÚ 1 | D13: CEREAL EMPACADO | E13: 156 : Avena con leche entera ultra alta temperatura UAT (UHT) en empaque rigido. | F13: MULTICAPAS RÍGIDO | G13: X | I13: X | K13: Se ensambla en una canastilla los alimentos: Achira + Maní bajo en sal | L13: 122 | N13: 122 | P13: 122 | Q13: {=SUM((BS_Tipo_Entrega=B13)*BS_Total_Suministro)} -> 533775 | R13: =IFERROR(ROUNDUP($Q13/$O13,0),0) -> 0 | S13: =IFERROR(ROUNDUP($Q13/$P13,0),0) -> 4376 | T13: =IFERROR(ROUNDUP($Q13/$O13,0),0) -> 0 | U13: =IFERROR(ROUNDUP($Q13/$P13,0),0) -> 4376
A14: Primera Entrega | B14: PE | C14: MENÚ 1 | D14: CEREAL EMPACADO | E14: 1 : Achiras. | F14: FLEXIBLE | G14: X | J14: X | L14: 150 | N14: 150 | P14: 70 | Q14: {=SUM((BS_Tipo_Entrega=B14)*BS_Total_Suministro)} -> 533775 | R14: =IFERROR(ROUNDUP(+Q14/O14,0),0) -> 0 | S14: =IFERROR(ROUNDUP(+Q14/P14,0),0) -> 7626 | T14: =IFERROR(ROUNDUP($Q14/$O14,0),0) -> 0 | U14: =IFERROR(ROUNDUP($Q14/$P14,0),0) -> 7626
A15: Primera Entrega | B15: PE | C15: MENÚ 1 | D15: NECTAR Y CONCENTRADO DE FRUTA | E15: 136 : Concentrado Fruver. | F15: DOY PACK CON VÁLVULA | G15: X | I15: X | L15: 240 | N15: 240 | P15: 240 | Q15: {=SUM((BS_Tipo_Entrega=B15)*BS_Total_Suministro)} -> 533775 | R15: =IFERROR(ROUNDUP(+Q15/O15,0),0) -> 0 | S15: =IFERROR(ROUNDUP(+Q15/P15,0),0) -> 2225 | T15: =IFERROR(ROUNDUP($Q15/$O15,0),0) -> 0 | U15: =IFERROR(ROUNDUP($Q15/$P15,0),0) -> 2225
A16: Primera Entrega | B16: PE | C16: MENÚ 1 | D16: FRUTOS SECOS | E16: 60 : Maní bajo en sal o bajo en sodio. | F16: FLEXIBLE | G16: X | J16: X | L16: 600 (3 bolsas de 200 unidades cada una) | N16: 600 | P16: 70 | Q16: {=SUM((BS_Tipo_Entrega=B16)*BS_Total_Suministro)} -> 533775 | R16: =IFERROR(ROUNDUP(+Q16/O16,0),0) -> 0 | S16: 0 | T16: =IFERROR(ROUNDUP($Q16/$O16,0),0) -> 0 | U16: =IFERROR(ROUNDUP($Q16/$P16,0),0) -> 7626
A17: Primera Entrega | B17: PE | C17: MENÚ 2 | D17: NECTAR Y CONCENTRADO DE FRUTA | E17: 52 : Néctar de Fruta ultrapasteurizado (UHT) de diferentes variedades. | F17: FLEXIBLE | G17: X | I17: X | K17: N/A | L17: 120 | N17: 120 | P17: 120 | Q17: {=SUM((BS_Tipo_Entrega=B17)*BS_Total_Suministro)} -> 533775 | R17: =IFERROR(ROUNDUP(+Q17/O17,0),0) -> 0 | S17: =IFERROR(ROUNDUP(+Q17/P17,0),0) -> 4449 | T17: =IFERROR(ROUNDUP($Q17/$O17,0),0) -> 0 | U17: =IFERROR(ROUNDUP($Q17/$P17,0),0) -> 4449
A18: Primera Entrega | B18: PE | C18: MENÚ 2 | D18: PREPARACIONES COMBINADAS | E18: 141 : Sanduche de pernil de cerdo y queso en pan blandito. | F18: FLEXIBLE | H18: X | I18: X | L18: 80 | M18: 80 | O18: 80 | Q18: {=SUM((BS_Tipo_Entrega=B18)*BS_Total_Suministro)} -> 533775 | R18: =IFERROR(ROUNDUP(+Q18/O18,0),0) -> 6673 | S18: =IFERROR(ROUNDUP(+Q18/P18,0),0) -> 0 | T18: =IFERROR(ROUNDUP($Q18/$O18,0),0) -> 6673 | U18: =IFERROR(ROUNDUP($Q18/$P18,0),0) -> 0
A19: Primera Entrega | B19: PE | C19: MENÚ 2 | D19: POSTRES | E19: 63 : Alimento lácteo fermentado tipo postre. | F19: DOY PACK CON VÁLVULA | G19: X | I19: X | L19: 240 | N19: 240 | P19: 240 | Q19: {=SUM((BS_Tipo_Entrega=B19)*BS_Total_Suministro)} -> 533775 | R19: =IFERROR(ROUNDUP(+Q19/O19,0),0) -> 0 | S19: =IFERROR(ROUNDUP(+Q19/P19,0),0) -> 2225 | T19: =IFERROR(ROUNDUP($Q19/$O19,0),0) -> 0 | U19: =IFERROR(ROUNDUP($Q19/$P19,0),0) -> 2225
A20: Primera Entrega | B20: PE | C20: MENÚ 3 | D20: BEBIDAS LÁCTEAS | E20: 157 : Kumis con granola. | F20: RIGIDO | H20: X | I20: X | K20: N/A | L20: 55 | M20: 55 | O20: 55 | Q20: {=SUM((BS_Tipo_Entrega=B20)*BS_Total_Suministro)} -> 533775 | R20: =IFERROR(ROUNDUP(+Q20/O20,0),0) -> 9705 | S20: =IFERROR(ROUNDUP(+Q20/P20,0),0) -> 0 | T20: =IFERROR(ROUNDUP($Q20/$O20,0),0) -> 9705 | U20: =IFERROR(ROUNDUP($Q20/$P20,0),0) -> 0
A21: Primera Entrega | B21: PE | C21: MENÚ 3 | D21: PREPARACIONES COMBINADAS | E21: 19 : Croissant De/Con Queso | F21: FLEXIBLE | G21: X | I21: X | L21: 100 | N21: 100 | P21: 100 | Q21: {=SUM((BS_Tipo_Entrega=B21)*BS_Total_Suministro)} -> 533775 | R21: =IFERROR(ROUNDUP(+Q21/O21,0),0) -> 0 | S21: =IFERROR(ROUNDUP(+Q21/P21,0),0) -> 5338 | T21: =IFERROR(ROUNDUP($Q21/$O21,0),0) -> 0 | U21: =IFERROR(ROUNDUP($Q21/$P21,0),0) -> 5338
A22: Primera Entrega | B22: PE | C22: MENÚ 3 | D22: FRUTA | E22: 58 : Pera. | F22: N/A | G22: X | I22: X | L22: 100 | N22: 100 | P22: 100 | Q22: {=SUM((BS_Tipo_Entrega=B22)*BS_Total_Suministro)} -> 533775 | R22: =IFERROR(ROUNDUP(+Q22/O22,0),0) -> 0 | S22: =IFERROR(ROUNDUP(+Q22/P22,0),0) -> 5338 | T22: =IFERROR(ROUNDUP($Q22/$O22,0),0) -> 0 | U22: =IFERROR(ROUNDUP($Q22/$P22,0),0) -> 5338
A23: Primera Entrega | B23: PE | C23: MENÚ 4 | D23: BEBIDAS LÁCTEAS | E23: 39 : Leche Entera de vaca ultra alta temperatura UAT (UHT). | F23: FLEXIBLE | G23: X | J23: X | K23: Se ensambla en una canastilla los alimentos: Leche UHT + Galleta Multicereal + Gelatina de Pata | L23: 120 | N23: 120 | P23: 50 | Q23: {=SUM((BS_Tipo_Entrega=B23)*BS_Total_Suministro)} -> 533775 | R23: =IFERROR(ROUNDUP(+Q23/O23,0),0) -> 0 | S23: =IFERROR(ROUNDUP(+Q23/P23,0),0) -> 10676 | T23: =IFERROR(ROUNDUP($Q23/$O23,0),0) -> 0 | U23: =IFERROR(ROUNDUP($Q23/$P23,0),0) -> 10676
A24: Primera Entrega | B24: PE | C24: MENÚ 4 | D24: CEREAL EMPACADO | E24: 90 : Galleta multicereal. | F24: FLEXIBLE | G24: X | J24: X | L24: 200 | N24: 200 | P24: 50 | Q24: {=SUM((BS_Tipo_Entrega=B24)*BS_Total_Suministro)} -> 533775 | R24: =IFERROR(ROUNDUP(+Q24/O24,0),0) -> 0 | S24: 0 | T24: =IFERROR(ROUNDUP($Q24/$O24,0),0) -> 0 | U24: =IFERROR(ROUNDUP($Q24/$P24,0),0) -> 10676
A25: Primera Entrega | B25: PE | C25: MENÚ 4 | D25: FRUTA | E25: 70 : Uva variedad negra o verde. | F25: FLEXIBLE | G25: X | I25: X | L25: 100 | N25: 100 | P25: 100 | Q25: {=SUM((BS_Tipo_Entrega=B25)*BS_Total_Suministro)} -> 533775 | R25: =IFERROR(ROUNDUP(+Q25/O25,0),0) -> 0 | S25: =IFERROR(ROUNDUP(+Q25/P25,0),0) -> 5338 | T25: =IFERROR(ROUNDUP($Q25/$O25,0),0) -> 0 | U25: =IFERROR(ROUNDUP($Q25/$P25,0),0) -> 5338
A26: Primera Entrega | B26: PE | C26: MENÚ 4 | D26: POSTRES | E26: 31 : Gelatina de Pata. | F26: FLEXIBLE | G26: X | J26: X | L26: 500 (4 bolsas de 125 unidades cada una) | N26: 500 | P26: 50 | Q26: {=SUM((BS_Tipo_Entrega=B26)*BS_Total_Suministro)} -> 533775 | R26: =IFERROR(ROUNDUP(+Q26/O26,0),0) -> 0 | S26: 0 | T26: =IFERROR(ROUNDUP($Q26/$O26,0),0) -> 0 | U26: =IFERROR(ROUNDUP($Q26/$P26,0),0) -> 10676
A27: Primera Entrega | B27: PE | C27: MENÚ 5 | D27: BEBIDAS LÁCTEAS | E27: 75 : Yogur entero con dulce, con adición de frutas naturales o mermeladas o concentrados de frutas, pasteurizado de diferentes sabores. | F27: FLEXIBLE | H27: X | J27: X | K27: Se ensambla en una canastilla los alimentos: Yogurt + Queso doble crema | L27: 120 | M27: 120 | O27: 80 | Q27: {=SUM((BS_Tipo_Entrega=B27)*BS_Total_Suministro)} -> 533775 | R27: =IFERROR(ROUNDUP(+Q27/O27,0),0) -> 6673 | S27: =IFERROR(ROUNDUP(+Q27/P27,0),0) -> 0 | T27: =IFERROR(ROUNDUP($Q27/$O27,0),0) -> 6673 | U27: =IFERROR(ROUNDUP($Q27/$P27,0),0) -> 0
A28: Primera Entrega | B28: PE | C28: MENÚ 5 | D28: CEREAL EMPACADO | E28: 93 : Torta de zanahoria. | F28: FLEXIBLE | G28: X | I28: X | L28: 100 | N28: 100 | P28: 100 | Q28: {=SUM((BS_Tipo_Entrega=B28)*BS_Total_Suministro)} -> 533775 | R28: =IFERROR(ROUNDUP(+Q28/O28,0),0) -> 0 | S28: =IFERROR(ROUNDUP(+Q28/P28,0),0) -> 5338 | T28: =IFERROR(ROUNDUP($Q28/$O28,0),0) -> 0 | U28: =IFERROR(ROUNDUP($Q28/$P28,0),0) -> 5338
A29: Primera Entrega | B29: PE | C29: MENÚ 5 | D29: FRUTA | E29: 33 : Granadilla Unidad. | F29: N/A | G29: X | I29: X | L29: 100 | N29: 100 | P29: 100 | Q29: {=SUM((BS_Tipo_Entrega=B29)*BS_Total_Suministro)} -> 533775 | R29: =IFERROR(ROUNDUP(+Q29/O29,0),0) -> 0 | S29: =IFERROR(ROUNDUP(+Q29/P29,0),0) -> 5338 | T29: =IFERROR(ROUNDUP($Q29/$O29,0),0) -> 0 | U29: =IFERROR(ROUNDUP($Q29/$P29,0),0) -> 5338
A30: Primera Entrega | B30: PE | C30: MENÚ 5 | D30: QUESOS | E30: 64 : Queso doble crema semigraso semiblando (Porción) | F30: FLEXIBLE | H30: X | J30: X | L30: 800 (4 bolsas de 200 unidades cada una) | M30: 800 | O30: 80 | Q30: {=SUM((BS_Tipo_Entrega=B30)*BS_Total_Suministro)} -> 533775 | R30: 0 | S30: =IFERROR(ROUNDUP(+Q30/P30,0),0) -> 0 | T30: =IFERROR(ROUNDUP($Q30/$O30,0),0) -> 6673 | U30: =IFERROR(ROUNDUP($Q30/$P30,0),0) -> 0
A31: Primera Entrega | B31: PE | C31: MENÚ 6 | D31: BEBIDAS LÁCTEAS | E31: 39 : Leche Entera de vaca ultra alta temperatura UAT (UHT). | F31: FLEXIBLE | G31: X | J31: X | K31: Se ensambla en una canastilla los alimentos: Leche UHT + Roscón con bocadillo | L31: 120 | N31: 120 | P31: 60 | Q31: {=SUM((BS_Tipo_Entrega=B31)*BS_Total_Suministro)} -> 533775 | R31: =IFERROR(ROUNDUP(+Q31/O31,0),0) -> 0 | S31: =IFERROR(ROUNDUP(+Q31/P31,0),0) -> 8897 | T31: =IFERROR(ROUNDUP($Q31/$O31,0),0) -> 0 | U31: =IFERROR(ROUNDUP($Q31/$P31,0),0) -> 8897
A32: Primera Entrega | B32: PE | C32: MENÚ 6 | D32: CEREAL EMPACADO | E32: 152 : Roscón. | F32: FLEXIBLE | G32: X | J32: X | L32: 100 | N32: 100 | P32: 60 | Q32: {=SUM((BS_Tipo_Entrega=B32)*BS_Total_Suministro)} -> 533775 | R32: =IFERROR(ROUNDUP(+Q32/O32,0),0) -> 0 | S32: 0 | T32: =IFERROR(ROUNDUP($Q32/$O32,0),0) -> 0 | U32: =IFERROR(ROUNDUP($Q32/$P32,0),0) -> 8897
A33: Primera Entrega | B33: PE | C33: MENÚ 6 | D33: NECTAR Y CONCENTRADO DE FRUTA | E33: 126 : Concentrado de Fruta. | F33: DOY PACK CON VÁLVULA | G33: X | I33: X | L33: 240 | N33: 240 | P33: 240 | Q33: {=SUM((BS_Tipo_Entrega=B33)*BS_Total_Suministro)} -> 533775 | R33: =IFERROR(ROUNDUP(+Q33/O33,0),0) -> 0 | S33: =IFERROR(ROUNDUP(+Q33/P33,0),0) -> 2225 | T33: =IFERROR(ROUNDUP($Q33/$O33,0),0) -> 0 | U33: =IFERROR(ROUNDUP($Q33/$P33,0),0) -> 2225
A34: Primera Entrega | B34: PE | C34: MENÚ 7 | D34: BEBIDAS LÁCTEAS | E34: 117 : Bebida láctea (UHT) ultra alta temperatura, larga vida a base de yogurt semidescremado con dulce sabores fresa, melocotón, mora, maracuyá, mango bebida láctea larga vida a base de yogurt. | F34: FLEXIBLE | G34: X | J34: X | K34: Se ensambla en una canastilla los alimentos: Bebida láctea UHT + galleta quinua | L34: 120 | N34: 120 | P34: 70 | Q34: {=SUM((BS_Tipo_Entrega=B34)*BS_Total_Suministro)} -> 533775 | R34: =IFERROR(ROUNDUP(+Q34/O34,0),0) -> 0 | S34: =IFERROR(ROUNDUP(+Q34/P34,0),0) -> 7626 | T34: =IFERROR(ROUNDUP($Q34/$O34,0),0) -> 0 | U34: =IFERROR(ROUNDUP($Q34/$P34,0),0) -> 7626
A35: Primera Entrega | B35: PE | C35: MENÚ 7 | D35: CEREAL EMPACADO | E35: 88 : Galleta de quinua. | F35: FLEXIBLE | G35: X | J35: X | L35: 200 | N35: 200 | P35: 70 | Q35: {=SUM((BS_Tipo_Entrega=B35)*BS_Total_Suministro)} -> 533775 | R35: =IFERROR(ROUNDUP(+Q35/O35,0),0) -> 0 | S35: 0 | T35: =IFERROR(ROUNDUP($Q35/$O35,0),0) -> 0 | U35: =IFERROR(ROUNDUP($Q35/$P35,0),0) -> 7626
A36: Primera Entrega | B36: PE | C36: MENÚ 7 | D36: FRUTA | E36: 119 : Manzana nacional. | F36: N/A | G36: X | I36: X | L36: 100 | N36: 100 | P36: 100 | Q36: {=SUM((BS_Tipo_Entrega=B36)*BS_Total_Suministro)} -> 533775 | R36: =IFERROR(ROUNDUP(+Q36/O36,0),0) -> 0 | S36: =IFERROR(ROUNDUP(+Q36/P36,0),0) -> 5338 | T36: =IFERROR(ROUNDUP($Q36/$O36,0),0) -> 0 | U36: =IFERROR(ROUNDUP($Q36/$P36,0),0) -> 5338
A37: Primera Entrega | B37: PE | C37: MENÚ 7 | D37: QUESOS | E37: 84 : Queso con bocadillo. | F37: FLEXIBLE | H37: X | I37: X | L37: 350 (2 bolsas de 175 unidades cada una) | M37: 350 | O37: 350 | Q37: {=SUM((BS_Tipo_Entrega=B37)*BS_Total_Suministro)} -> 533775 | R37: =IFERROR(ROUNDUP(+Q37/O37,0),0) -> 1526 | S37: =IFERROR(ROUNDUP(+Q37/P37,0),0) -> 0 | T37: =IFERROR(ROUNDUP($Q37/$O37,0),0) -> 1526 | U37: =IFERROR(ROUNDUP($Q37/$P37,0),0) -> 0
A38: Primera Entrega | B38: PE | C38: MENÚ 8 | D38: BEBIDAS LÁCTEAS | E38: 147 : Yogurt con granola. | F38: RIGIDO | H38: X | I38: X | K38: N/A | L38: 55 | M38: 55 | O38: 55 | Q38: {=SUM((BS_Tipo_Entrega=B38)*BS_Total_Suministro)} -> 533775 | R38: =IFERROR(ROUNDUP(+Q38/O38,0),0) -> 9705 | S38: =IFERROR(ROUNDUP(+Q38/P38,0),0) -> 0 | T38: =IFERROR(ROUNDUP($Q38/$O38,0),0) -> 9705 | U38: =IFERROR(ROUNDUP($Q38/$P38,0),0) -> 0
A39: Primera Entrega | B39: PE | C39: MENÚ 8 | D39: CEREAL EMPACADO | E39: 45 : Mantecada. | F39: FLEXIBLE | G39: X | I39: X | L39: 100 | N39: 100 | P39: 100 | Q39: {=SUM((BS_Tipo_Entrega=B39)*BS_Total_Suministro)} -> 533775 | R39: =IFERROR(ROUNDUP(+Q39/O39,0),0) -> 0 | S39: =IFERROR(ROUNDUP(+Q39/P39,0),0) -> 5338 | T39: =IFERROR(ROUNDUP($Q39/$O39,0),0) -> 0 | U39: =IFERROR(ROUNDUP($Q39/$P39,0),0) -> 5338
A40: Primera Entrega | B40: PE | C40: MENÚ 8 | D40: FRUTA | E40: 17 : Ciruela Calentana. | F40: N/A | G40: X | I40: X | L40: 100 | N40: 100 | P40: 100 | Q40: {=SUM((BS_Tipo_Entrega=B40)*BS_Total_Suministro)} -> 533775 | R40: =IFERROR(ROUNDUP(+Q40/O40,0),0) -> 0 | S40: =IFERROR(ROUNDUP(+Q40/P40,0),0) -> 5338 | T40: =IFERROR(ROUNDUP($Q40/$O40,0),0) -> 0 | U40: =IFERROR(ROUNDUP($Q40/$P40,0),0) -> 5338
A41: Primera Entrega | B41: PE | C41: MENÚ 9 | D41: NECTAR Y CONCENTRADO DE FRUTA | E41: 135 : Bebida Fruver. | F41: MULTICAPAS RÍGIDO | G41: X | I41: X | K41: N/A | L41: 122 | N41: 122 | P41: 122 | Q41: {=SUM((BS_Tipo_Entrega=B41)*BS_Total_Suministro)} -> 533775 | R41: =IFERROR(ROUNDUP(+Q41/O41,0),0) -> 0 | S41: =IFERROR(ROUNDUP(+Q41/P41,0),0) -> 4376 | T41: =IFERROR(ROUNDUP($Q41/$O41,0),0) -> 0 | U41: =IFERROR(ROUNDUP($Q41/$P41,0),0) -> 4376
A42: Primera Entrega | B42: PE | C42: MENÚ 9 | D42: PREPARACIONES COMBINADAS | E42: 121 : Sánduche en pan integral con queso. | F42: FLEXIBLE | H42: X | I42: X | L42: 80 | M42: 80 | O42: 80 | Q42: {=SUM((BS_Tipo_Entrega=B42)*BS_Total_Suministro)} -> 533775 | R42: =IFERROR(ROUNDUP(+Q42/O42,0),0) -> 6673 | S42: =IFERROR(ROUNDUP(+Q42/P42,0),0) -> 0 | T42: =IFERROR(ROUNDUP($Q42/$O42,0),0) -> 6673 | U42: =IFERROR(ROUNDUP($Q42/$P42,0),0) -> 0
A43: Primera Entrega | B43: PE | C43: MENÚ 9 | D43: POSTRES | E43: 32 : Gelatina Preparada Sabor A Frutas. | F43: RIGIDO | H43: X | I43: X | L43: 175 | M43: 175 | O43: 175 | Q43: {=SUM((BS_Tipo_Entrega=B43)*BS_Total_Suministro)} -> 533775 | R43: =IFERROR(ROUNDUP(+Q43/O43,0),0) -> 3051 | S43: =IFERROR(ROUNDUP(+Q43/P43,0),0) -> 0 | T43: =IFERROR(ROUNDUP($Q43/$O43,0),0) -> 3051 | U43: =IFERROR(ROUNDUP($Q43/$P43,0),0) -> 0
A44: Primera Entrega | B44: PE | C44: MENÚ 10 | D44: BEBIDAS LÁCTEAS | E44: 82 : Kumis entero con dulce, pasteurizado. | F44: RIGIDO | H44: X | I44: X | K44: Se ensambla en una canastilla los alimentos: Pan o Bizcocho de cuajada + Barra de cereal con frutas | L44: 108 | M44: 108 | O44: 108 | Q44: {=SUM((BS_Tipo_Entrega=B44)*BS_Total_Suministro)} -> 533775 | R44: =IFERROR(ROUNDUP(+Q44/O44,0),0) -> 4943 | S44: =IFERROR(ROUNDUP(+Q44/P44,0),0) -> 0 | T44: =IFERROR(ROUNDUP($Q44/$O44,0),0) -> 4943 | U44: =IFERROR(ROUNDUP($Q44/$P44,0),0) -> 0
A45: Primera Entrega | B45: PE | C45: MENÚ 10 | D45: CEREAL EMPACADO | E45: 129 : Bizcocho cuajada. | F45: FLEXIBLE | G45: X | J45: X | L45: 150 | N45: 150 | P45: 70 | Q45: {=SUM((BS_Tipo_Entrega=B45)*BS_Total_Suministro)} -> 533775 | R45: =IFERROR(ROUNDUP(+Q45/O45,0),0) -> 0 | S45: =IFERROR(ROUNDUP(+Q45/P45,0),0) -> 7626 | T45: =IFERROR(ROUNDUP($Q45/$O45,0),0) -> 0 | U45: =IFERROR(ROUNDUP($Q45/$P45,0),0) -> 7626
A46: Primera Entrega | B46: PE | C46: MENÚ 10 | D46: FRUTA | E46: 42 : Mandarina Variedad Arrayana. | F46: N/A | G46: X | I46: X | L46: 100 | N46: 100 | P46: 100 | Q46: {=SUM((BS_Tipo_Entrega=B46)*BS_Total_Suministro)} -> 533775 | R46: =IFERROR(ROUNDUP(+Q46/O46,0),0) -> 0 | S46: =IFERROR(ROUNDUP(+Q46/P46,0),0) -> 5338 | T46: =IFERROR(ROUNDUP($Q46/$O46,0),0) -> 0 | U46: =IFERROR(ROUNDUP($Q46/$P46,0),0) -> 5338
A47: Primera Entrega | B47: PE | C47: MENÚ 10 | D47: FRUTOS SECOS | E47: 9 : Barra de Cereal con Frutas (fresa o mora o naranja o arándanos, entre otras). | F47: FLEXIBLE | G47: X | J47: X | L47: 400 (2 bolsas de 200 unidades cada una) | N47: 400 | P47: 70 | Q47: {=SUM((BS_Tipo_Entrega=B47)*BS_Total_Suministro)} -> 533775 | R47: =IFERROR(ROUNDUP(+Q47/O47,0),0) -> 0 | S47: 0 | T47: =IFERROR(ROUNDUP($Q47/$O47,0),0) -> 0 | U47: =IFERROR(ROUNDUP($Q47/$P47,0),0) -> 7626
A48: Primera Entrega | B48: PE | C48: MENÚ 11 | D48: CEREAL EMPACADO | E48: 156 : Avena con leche entera ultra alta temperatura UAT (UHT) en empaque rigido. | F48: MULTICAPAS RÍGIDO | G48: X | I48: X | K48: N/A | L48: 122 | N48: 122 | P48: 122 | Q48: {=SUM((BS_Tipo_Entrega=B48)*BS_Total_Suministro)} -> 533775 | R48: =IFERROR(ROUNDUP(+Q48/O48,0),0) -> 0 | S48: =IFERROR(ROUNDUP(+Q48/P48,0),0) -> 4376 | T48: =IFERROR(ROUNDUP($Q48/$O48,0),0) -> 0 | U48: =IFERROR(ROUNDUP($Q48/$P48,0),0) -> 4376
A49: Primera Entrega | B49: PE | C49: MENÚ 11 | D49: CEREAL EMPACADO | E49: 124 : Mogolla multicereal. | F49: FLEXIBLE | G49: X | I49: X | L49: 100 | N49: 100 | P49: 100 | Q49: {=SUM((BS_Tipo_Entrega=B49)*BS_Total_Suministro)} -> 533775 | R49: =IFERROR(ROUNDUP(+Q49/O49,0),0) -> 0 | S49: =IFERROR(ROUNDUP(+Q49/P49,0),0) -> 5338 | T49: =IFERROR(ROUNDUP($Q49/$O49,0),0) -> 0 | U49: =IFERROR(ROUNDUP($Q49/$P49,0),0) -> 5338
A50: Primera Entrega | B50: PE | C50: MENÚ 11 | D50: NECTAR Y CONCENTRADO DE FRUTA | E50: 136 : Concentrado Fruver. | F50: DOY PACK CON VÁLVULA | G50: X | I50: X | L50: 240 | N50: 240 | P50: 240 | Q50: {=SUM((BS_Tipo_Entrega=B50)*BS_Total_Suministro)} -> 533775 | R50: =IFERROR(ROUNDUP(+Q50/O50,0),0) -> 0 | S50: =IFERROR(ROUNDUP(+Q50/P50,0),0) -> 2225 | T50: =IFERROR(ROUNDUP($Q50/$O50,0),0) -> 0 | U50: =IFERROR(ROUNDUP($Q50/$P50,0),0) -> 2225
A51: Primera Entrega | B51: PE | C51: MENÚ 11 | D51: QUESOS | E51: 86 : Queso Pera semigraso. | F51: FLEXIBLE | H51: X | I51: X | L51: 400 (2 bolsas de 200 unidades cada una) | M51: 400 | O51: 400 | Q51: {=SUM((BS_Tipo_Entrega=B51)*BS_Total_Suministro)} -> 533775 | R51: =IFERROR(ROUNDUP(+Q51/O51,0),0) -> 1335 | S51: =IFERROR(ROUNDUP(+Q51/P51,0),0) -> 0 | T51: =IFERROR(ROUNDUP($Q51/$O51,0),0) -> 1335 | U51: =IFERROR(ROUNDUP($Q51/$P51,0),0) -> 0
